Workbook
Name \0: #N/A
Name \A: #REF!
Name \A: #REF!
Name \A: #REF!
Name \A: #REF!
Name \B: #REF!
Name \B: #REF!
Name \B: #REF!
Name \C: #REF!
Name \C: #REF!
Name \C: #REF!
Name \e: #N/A
Name \I: #REF!
Name \I: #REF!
Name \I: #REF!
Name \J: #REF!
Name \O: #REF!
Name \P: #REF!
Name _\0: #N/A
Name _\b: [1]SID_NI_5!#REF!
Name _\c: [1]SID_NI_5!#REF!
Name _\e: #N/A
Name _\fagf: #REF!
Name _\I: #REF!
Name _\p: [1]SID_NI_5!#REF!
Name _\S: #REF!
Name __\i: #REF!
Name __\l: #REF!
Name __\s: #REF!
Name __\t: #REF!
Name _________________ta105: #REF!
Name _________________ta157: #REF!
Name ________________ta105: #REF!
Name ________________ta157: #REF!
Name _______________Ext2: '[2]P A T O 99 B'!#REF!
Name _______________ta105: #REF!
Name _______________ta157: #REF!
Name ______________Ext2: '[2]P A T O 99 B'!#REF!
Name ______________ta105: #REF!
Name ______________ta157: #REF!
Name _____________Ext2: '[3]P A T O 99 B'!#REF!
Name _____________PL1: #REF!
Name _____________ta105: #REF!
Name _____________ta157: #REF!
Name ____________Ext2: '[4]P A T O 99 B'!#REF!
Name ____________ki5: #REF!
Name ____________PL1: #REF!
Name ____________ta105: #REF!
Name ____________ta157: #REF!
Name ___________Ext2: '[2]P A T O 99 B'!#REF!
Name ___________ki5: #REF!
Name ___________PL1: #REF!
Name ___________ta105: #REF!
Name ___________ta157: #REF!
Name __________Ext2: '[4]P A T O 99 B'!#REF!
Name __________Fev1: #N/A
Name __________Jan1: #N/A
Name __________ki5: #REF!
Name __________Mar1: #N/A
Name __________PL1: #REF!

Sheet PLANILHA ORÇAMENTARIA
A1: PREFEITURA MUNICIPAL DE RIO LARGO/AL
A2: SECRETARIA MUNICIPAL DE INFRAESTRUTURA SEINFRA - RIO LARGO / AL
A3: PLANILHA ORÇAMENTÁRIA
A4: MACRODRENAGEM NO BAIRRO BRASIL NOVO, EM RIO LARGO/AL.
A5: ITEM | B5: CÓDIGO | C5: FONTE | D5: DISCRIMINAÇÃO DOS SERVIÇOS | E5: UND | F5: QUANT. | G5: CUSTO UNITÁRIO (R$) | H5: VALOR BDI (R$) | I5: CUSTO COM BDI (R$) | J5: CUSTO TOTAL (R$)
A7: 1 | D7: SERVIÇOS PRELIMINARES | J7: =SUM(J8:J10) -> 20274.85
A8: 1.1 | B8: CP-01 | C8: PRÓPRIA | D8: MOBILIZAÇÃO DE EQUIPAMENTOS | E8: un | F8: 1 | G8: 4527.95 | H8: =ROUND(G8*0.2684,2) -> 1215.3 | I8: =G8+H8 -> 5743.25 | J8: =F8*I8 -> 5743.25
A9: 1.2 | B9: CP-02 | C9: PRÓPRIA | D9: DESMOBILIZAÇÃO DE EQUIPAMENTOS | E9: un | F9: 1 | G9: 4527.95 | H9: =ROUND(G9*0.2684,2) -> 1215.3 | I9: =G9+H9 -> 5743.25 | J9: =F9*I9 -> 5743.25
A10: 1.3 | B10: 103689 | C10: SINAPI | D10: PLACAS DA OBRA EM CHAPA GALVANIZADA | E10: m² | F10: 15 | G10: 461.91 | H10: =ROUND(G10*0.2684,2) -> 123.98 | I10: =G10+H10 -> 585.89 | J10: =F10*I10 -> 8788.35
A12: 2 | D12: ADMINISTRAÇÃO DA OBRA | J12: =SUM(J13) -> 726095.88
A13: 2.1 | B13: CP-03 | C13: PRÓPRIA | D13: ADMINISTRAÇÃO LOCAL | E13: mês | F13: 4 | G13: 143112.56 | H13: =ROUND(G13*0.2684,2) -> 38411.41 | I13: =ROUND(G13+H13,2) -> 181523.97 | J13: =F13*I13 -> 726095.88
A15: 3 | D15: CANTEIRO DE OBRAS | J15: =SUM(J16:J24) -> 142087.51
A16: 3.1 | B16: 10321 | C16: ORSE | D16: =UPPER("Fossa séptica em alvenaria bloco de cimento e concreto armado, dimensões internas 2,10 x 4,20 x 1,50 m") -> FOSSA SÉPTICA EM ALVENARIA BLOCO DE CIMENTO E CONCRETO ARMADO, DIMENSÕES INTERNAS 2,10 X 4,20 X 1,50 M | E16: und | F16: 1 | G16: 26736.45 | H16: =G16*0.2684 -> 7176.0632 | I16: =G16+H16 -> 33912.513 | J16: =F16*I16 -> 33912.513
A17: 3.2 | B17: 9416 | C17: ORSE | D17: INSTALAÇÃO PROVISÓRIA DE ENERGIA ELÉTRICA AÉREA, EXCLUSIVE FORNECIMENTO DE MEDIDOR | E17: und | F17: 1 | G17: 1749 | H17: =G17*0.2684 -> 469.4316 | I17: =G17+H17 -> 2218.4316 | J17: =F17*I17 -> 2218.4316
A18: 3.3 | B18: 6096 | C18: ORSE | D18: Ligação Predial de Água em Mureta de Concreto, Provisória ou Definitiva, com Fornecimento de Material, inclusive Mureta e Hidrômetro, Rede DN 50mm | E18: und | F18: 1 | G18: 592.82 | H18: =G18*0.2684 -> 159.11289 | I18: =G18+H18 -> 751.93289 | J18: =F18*I18 -> 751.93289
A19: 3.4 | B19: 10184 | C19: ORSE | D19: Barracão para banheiro e vestiário de obra, s=35,10m², capacidade 20 operários com materiais novos | E19: und | F19: 1 | G19: 19042.12 | H19: =G19*0.2684 -> 5110.905 | I19: =G19+H19 -> 24153.025 | J19: =F19*I19 -> 24153.025
A20: 3.5 | B20: 4784 | C20: ORSE | D20: Barracão para escritório de obra porte médio s=43,56m2, c/ 2 salas e 2 banheiros com materiais novos | E20: und | F20: 1 | G20: 22630.85 | H20: =G20*0.2684 -> 6074.1201 | I20: =G20+H20 -> 28704.97 | J20: =F20*I20 -> 28704.97
A21: 3.6 | B21: 4656 | C21: ORSE | D21: Locação de container - Banheiro com chuveiros e vasos - 4,30 x 2,30m | E21: mês | F21: 4 | G21: 962.26 | H21: =G21*0.2684 -> 258.27058 | I21: =G21+H21 -> 1220.5306 | J21: =F21*I21 -> 4882.1223
A22: 3.7 | B22: 62 | C22: ORSE | D22: Barracão fechado porte pequeno para depósito de cimento e almoxarifado (s=38,72 m2) com materiais novos | E22: un | F22: 1 | G22: 12805.45 | H22: =G22*0.2684 -> 3436.9828 | I22: =G22+H22 -> 16242.433 | J22: =F22*I22 -> 16242.433
A23: 3.8 | B23: 4659 | C23: ORSE | D23: Locação de container - Refeitório sem banheiro - 6,00 x 2,40m - Rev 02_x001F__02/2022 | E23: mês | F23: 4 | G23: 1800 | H23: =G23*0.2684 -> 483.12 | I23: =G23+H23 -> 2283.12 | J23: =F23*I23 -> 9132.48
A24: 3.9 | B24: CP-04 | C24: PRÓPRIA | D24: TAPUME DE CHAPA DE MADEIRA COMPENSADA, E= 6MM, COM PINTURA A CAL E REAPROVEITAMENTO DE 2X | E24: m² | F24: 240 | G24: 72.56 | H24: =ROUNDUP(G24*0.2684,2) -> 19.48 | I24: =G24+H24 -> 92.04 | J24: =F24*I24 -> 22089.6
A26: 4 | D26: DRENAGEM DE ÁGUAS PLUVIAIS | J26: =ROUNDUP(J27+J29+J32,2) -> 7783937.5
A27: 4.1 | D27: ISOLAMENTO DE OBRA | J27: =SUM(J28) -> 44949.829
A28: 4.1.1 | B28: CP-05 | C28: PRÓPRIA | D28: ISOLAMENTO DE OBRA COM TELA PLASTICA COM MALHA DE 5MM E ESTRUTURA DE MADEIRA PONTALETEADA COM REAPROVEITAMENTO 2X | E28: m² | F28: 2686.78 | G28: 13.19 | H28: =ROUNDDOWN(G28*0.2684,2) -> 3.54 | I28: =G28+H28 -> 16.73 | J28: =F28*I28 -> 44949.829
A29: 4.2 | D29: DEMOLIÇÃO PAVIMENTAÇÃO ASFÁLTICA | J29: =SUM(J30:J31) -> 7219.3713
A30: 4.2.1 | B30: CP-06 | C30: PRÓPRIA | D30: DEMOLIÇÃO DE PAVIMENTAÇÃO ASFÁLTICA COM UTILIZAÇÃO DE MARTELO PERFURADOR, ESPESSURA ATÉ 15 CM, EXCLUSIVE CARGA E TRANSPORTE | E30: m² | F30: 233.41 | G30: 12.24 | H30: =ROUND(G30*0.2684,2) -> 3.29 | I30: =G30+H30 -> 15.53 | J30: =F30*I30 -> 3624.8573
A31: 4.2.2 | B31: 95875 | C31: SINAPI | D31: TRANSPORTE COM CAMINHÃO BASCULANTE DE 10 M³, EM VIA URBANA PAVIMENTADA, DMT ATÉ 30 KM. AF_12/2016 (BOTA-FORA) | E31: m³.km | F31: 1167.05 | G31: 2.43 | H31: =ROUND(G31*0.2684,2) -> 0.65 | I31: =G31+H31 -> 3.08 | J31: =F31*I31 -> 3594.514
A32: 4.3 | D32: IMPLANTAÇÃO DE REDE DE DRENAGEM | J32: =SUM(J33:J52) -> 7731768.3
A33: 4.3.1 | B33: 93358 | C33: SINAPI | D33: ESCAVAÇÃO MANUAL DE VALA COM PROFUNDIDADE MENOR OU IGUAL A 1,30 M. AF_03/2016 | E33: m³ | F33: 425.4 | G33: 78 | H33: =ROUND(G33*0.2684,2) -> 20.94 | I33: =G33+H33 -> 98.94 | J33: =F33*I33 -> 42089.076
A34: 4.3.2 | B34: 90091 | C34: SINAPI | D34: ESCAVAÇÃO MECANIZADA DE VALA COM PROF. ATÉ 1,5 M(MÉDIA ENTRE MONTANTE E JUSANTE/UMA COMPOSIÇÃO POR TRECHO), COM ESCAVADEIRA HIDRÁULICA (0,8 M3), LARG. DE 1,5M A 2,5 M, EM SOLO DE 1A CATEGORIA, LOCAIS COM BAIXO NÍVEL DE INTERFERÊNCIA. AF_01/2015 | E34: m³ | F34: 5955.63 | G34: 5.71 | H34: =ROUND(G34*0.2684,2) -> 1.53 | I34: =G34+H34 -> 7.24 | J34: =F34*I34 -> 43118.761
A35: 4.3.3 | B35: 90092 | C35: SINAPI | D35: ESCAVAÇÃO MECANIZADA DE VALA COM PROF. MAIOR QUE 1,5 M E ATÉ 3,0 M(MÉDIA ENTRE MONTANTE E JUSANTE/UMA COMPOSIÇÃO POR TRECHO), COM ESCAVADEIRA HIDRÁULICA (0,8 M3/111 HP), LARG. MENOR QUE 1,5 M, EM SOLO DE 1A CATEGORIA, LOCAIS COM BAIXO NÍVEL DE INTERFERÊNCIA. AF_01/2015 | E35: m³ | F35: 5565.03 | G35: 5.53 | H35: 1.480756 | I35: =G35+H35 -> 7.010756 | J35: =F35*I35 -> 39015.067
A36: 4.3.4 | B36: 90094 | C36: SINAPI | D36: ESCAVAÇÃO MECANIZADA DE VALA COM PROF. MAIOR QUE 3,0 M ATÉ 4,5 M (MÉDIA ENTRE MONTANTE E JUSANTE/UMA COMPOSIÇÃO POR TRECHO), COM ESCAVADEIRA HIDRÁULICA (0,8 M3/111 HP), LARG. MENOR QUE 1,5 M, EM SOLO DE 1A CATEGORIA, LOCAIS COM BAIXO NÍVEL DE INTERFERÊNCIA. AF_01/2015 | E36: m³ | F36: 4801.64 | G36: 5.24 | H36: =ROUNDUP(G36*0.2684,2) -> 1.41 | I36: =G36+H36 -> 6.65 | J36: =F36*I36 -> 31930.906
A37: 4.3.5 | B37: 90098 | C37: SINAPI | D37: ESCAVAÇÃO MECANIZADA DE VALA COM PROF. MAIOR QUE 4,5 M ATÉ 6,0 M (MÉDIA MONTANTE E JUSANTE/UMA COMPOSIÇÃO POR TRECHO), ESCAVADEIRA (1,2 M3), LARG. DE 1,5 M A 2,5 M, EM SOLO DE 1A CATEGORIA, LOCAIS COM BAIXO NÍVEL DE INTERFERÊNCIA. AF_02/2021 | E37: m³ | F37: 1737.06 | G37: 5.08 | H37: =ROUND(G37*0.2684,2) -> 1.36 | I37: =G37+H37 -> 6.44 | J37: =F37*I37 -> 11186.666
A38: 4.3.6 | B38: 7134 | C38: ORSE | D38: ESCORAMENTO METÁLICO P/ VALAS, 2,50M<=H<=4.00 M, COM PRANCHAS METÁLICAS DE 4,7 MM X 30 CM E LONGARINAS E TRANSVERSINAS EM PERFIS DE AÇO, REAPROVEITAMENTO : 60 VEZES | E38: m² | F38: 1482.28 | G38: 68.1 | H38: =ROUND(G38*0.2684,2) -> 18.28 | I38: =G38+H38 -> 86.38 | J38: =F38*I38 -> 128039.35
A39: 4.3.7 | B39: 7135 | C39: ORSE | D39: ESCORAMENTO METÁLICO P/ VALAS, 4,00M<=H<=6,00 M, COM PRANCHAS METÁLICAS DE 4,7 MM X 30 CM E LONGARINAS E TRANSVERSINAS EM PERFIS METÁLICOS, REAPROVEITAMENTO : 60 VEZES | E39: m² | F39: 11775.36 | G39: 79.04 | H39: =ROUND(G39*0.2684,2) -> 21.21 | I39: =G39+H39 -> 100.25 | J39: =F39*I39 -> 1180479.8
A40: 4.3.8 | B40: 101617 | C40: SINAPI | D40: PREPARO DE FUNDO DE VALA COM LARGURA MAIOR OU IGUAL A 1,5 M E MENOR QUE 2,5 M, COM CAMADA DE AREIA, LANÇAMENTO MECANIZADO. AF_08/2020 | E40: m² | F40: 4254.01 | G40: 2.79 | H40: =ROUND(G40*0.2684,2) -> 0.75 | I40: =G40+H40 -> 3.54 | J40: =F40*I40 -> 15059.195
A41: 4.3.9 | B41: 10048 | C41: ORSE | D41: Fornecimento e assentamento de tubo corrugado parede dupla PEAD, d= 375mm (15"), p/sistemas drenagem, Tigre-ADS N-12 ou similar | E41: m | F41: 150 | G41: 284.93 | H41: =ROUND(G41*0.2684,2) -> 76.48 | I41: =G41+H41 -> 361.41 | J41: =F41*I41 -> 54211.5
A42: 4.3.10 | B42: 10055 | C42: ORSE | D42: Fornecimento e assentamento de tubo corrugado parede dupla PEAD, d=1500mm (60"), p/sistemas drenagem, Tigre-ADS N-12 ou similar | E42: m | F42: 1343.39 | G42: 2215.65 | H42: =ROUND(G42*0.2684,2) -> 594.68 | I42: =G42+H42 -> 2810.33 | J42: =F42*I42 -> 3775369.2
A43: 4.3.11 | B43: CP-35 | C43: PRÓPRIA | D43: BASE PARA POÇO DE VISITA RETANGULAR PARA DRENAGEM, EM ALVENARIA COM BLOCOS DE CONCRETO, DIMENSÕES INTERNAS = 2,5X2,5 M, PROFUNDIDADE = 2,20 M, EXCLUINDO TAMPÃO. AF_12/2020 | E43: UN | F43: 2 | G43: =COMPOSIÇÕES!I153 -> 6639.2507 | H43: =ROUND(G43*0.2684,2) -> 1781.97 | I43: =G43+H43 -> 8421.2207 | J43: =F43*I43 -> 16842.441
A44: 4.3.12 | B44: CP-36 | C44: PRÓPRIA | D44: BASE PARA POÇO DE VISITA RETANGULAR PARA DRENAGEM, EM ALVENARIA COM BLOCOS DE CONCRETO, DIMENSÕES INTERNAS = 1,5X2,5 M, PROFUNDIDADE = 2,20 M, EXCLUINDO TAMPÃO. AF_12/2020 | E44: UN | F44: 18 | G44: =COMPOSIÇÕES!I173 -> 9347.0988 | H44: =G44*0.2684 -> 2508.7613 | I44: =G44+H44 -> 11855.86 | J44: =F44*I44 -> 213405.48
A45: 4.3.13 | B45: CP-08 | C45: PROPRIA | D45: Chaminé dos poços de visita - CPV 01 - areia e brita comerciais | E45: un | F45: 67.01 | G45: 866.11 | H45: =ROUND(G45*0.2684,2) -> 232.46 | I45: =G45+H45 -> 1098.57 | J45: =F45*I45 -> 73615.176
A46: 4.3.14 | B46: CP--09 | C46: PROPRIA | D46: Fornecimento e assentamento de tampão de ferro fundido TDA-600mm, 300kg/cm², para poço de visita e caixas de passagem | E46: un | F46: 20 | G46: 839.83 | H46: =ROUND(G46*0.2684,2) -> 225.41 | I46: =G46+H46 -> 1065.24 | J46: =F46*I46 -> 21304.8
A47: 4.3.15 | B47: CP-10 | C47: PROPRIA | D47: CARGA E DESCARGA MECANIZADAS DE ENTULHO EM CAMINHÃO BASCULANTE 6 M³ (BOTA FORA) | E47: m³ | F47: 7444.51 | G47: 4.63 | H47: =ROUND(G47*0.2684,2) -> 1.24 | I47: =G47+H47 -> 5.87 | J47: =F47*I47 -> 43699.274
A48: 4.3.16 | B48: 95875 | C48: SINAPI | D48: TRANSPORTE COM CAMINHÃO BASCULANTE DE 10 M³, EM VIA URBANA PAVIMENTADA, DMT ATÉ 30 KM. AF_12/2016 | E48: m³.km | F48: 37222.55 | G48: 2.43 | H48: =ROUND(G48*0.2684,2) -> 0.65 | I48: =G48+H48 -> 3.08 | J48: =F48*I48 -> 114645.45
A49: 4.3.17 | B49: CP-34 | C49: SINAPI | D49: REATERRO MECANIZADO DE VALA COM ESCAVADEIRA HIDRÁULICA (CAPACIDADE DA CAÇAMBA: 0,8 M³ / POTÊNCIA: 111 HP), LARGURA DE 1,5 A 2,5 M, PROFUNDIDADE DE 3,0 A 4,5 M, COM SOLO (SEM SUBSTITUIÇÃO) DE 1ª CATEGORIA EM LOCAIS COM BAIXO NÍVEL DE INTERFERÊNCIA. AF_04/2016 | E49: m³ | F49: 11040.25 | G49: 123.22 | H49: =ROUND(G49*0.2684,2) -> 33.07 | I49: =G49+H49 -> 156.29 | J49: =F49*I49 -> 1725480.7
A50: 4.3.18 | B50: 95875 | C50: SINAPI | D50: TRANSPORTE COM CAMINHÃO BASCULANTE DE 10 M³, EM VIA URBANA PAVIMENTADA, DMT ATÉ 30 KM. AF_12/2016 | E50: m³.km | F50: 55201.25 | G50: 2.43 | H50: =ROUND(G50*0.2684,2) -> 0.65 | I50: =G50+H50 -> 3.08 | J50: =F50*I50 -> 170019.85
A51: 4.3.19 | B51: 102742 | C51: SINAPI | D51: BOCA PARA BUEIRO SIMPLES TUBULAR D = 150 CM EM CONCRETO, ALAS COM ESCONSIDADE DE 0°, INCLUINDO FÔRMAS E MATERIAIS. AF_07/2021 | E51: un | F51: 1 | G51: 14653.53 | H51: =ROUND(G51*0.2684,2) -> 3933.01 | I51: =G51+H51 -> 18586.54 | J51: =F51*I51 -> 18586.54
A52: 4.3.20 | B52: 103800 | C52: SINAPI | D52: ESCADA HIDRÁULICA - PEDRA ARGAMASSADA COM CIMENTO E AREIA 1:3, 40% DE ARGAMASSA EM VOLUME - AREIA E PEDRA DE MÃO COMERCIAIS - FORNECIMENTO E ASSENTAMENTO. AF_08/2022 | E52: m³ | F52: 21.96 | G52: 490.74 | H52: =ROUND(G52*0.2684,2) -> 131.71 | I52: =G52+H52 -> 622.45 | J52: =F52*I52 -> 13669.002
A54: 5 | D54: REPOSIÇÃO ASFÁLTICA | J54: =J55+J62+J66 -> 40186.361
A55: 5.1 | D55: REVESTIMENTO ASFÁLTICO | J55: =SUM(J56:J61) -> 29672.72
A56: 5.1.1 | B56: CP-11 | C56: PRÓPRIA | D56: EXECUÇÃO DE IMPRIMAÇÃO COM ASFALTO DILUÍDO CM-30. AF_09/2017 | E56: m² | F56: 233.41 | G56: 6.53 | H56: =ROUND(G56*0.2684,2) -> 1.75 | I56: =G56+H56 -> 8.28 | J56: =F56*I56 -> 1932.6348
A57: 5.1.2 | B57: CP-12 | C57: PRÓPRIA | D57: CONSTRUÇÃO DE PAVIMENTO COM APLICAÇÃO DE CONCRETO BETUMINOSO USINADO A QUENTE (CBUQ), CAMADA DE ROLAMENTO, COM ESPESSURA DE 3,0 CM - EXCLUSIVE TRANSPORTE. AF_03/2017 | E57: m³ | F57: 9.34 | G57: 1564.57 | H57: =ROUND(G57*0.2684,2) -> 419.93 | I57: =G57+H57 -> 1984.5 | J57: =F57*I57 -> 18535.23
A58: 5.1.3 | B58: CP-13 | C58: PRÓPRIA | D58: Carga, manobra e descarga de mistura betuminosa a quente em caminhão basculante de 6 m³ - carga em usina de asfalto 100/140 t/h e descarga em vibroacabadora | E58: t | F58: 23.85 | G58: 7.58 | H58: =ROUND(G58*0.2684,2) -> 2.03 | I58: =G58+H58 -> 9.61 | J58: =F58*I58 -> 229.1985
A59: 5.1.4 | B59: 95878 | C59: SINAPI | D59: TRANSPORTE COM CAMINHÃO BASCULANTE DE 10 M³, EM VIA URBANA PAVIMENTADA, DMT ATÉ 30 KM (UNIDADE: TXKM). AF_07/2020 | E59: t.km | F59: 715.58 | G59: 1.64 | H59: =ROUND(G59*0.2684,2) -> 0.44 | I59: =G59+H59 -> 2.08 | J59: =F59*I59 -> 1488.4064
A60: 5.1.5 | B60: CP-14 | C60: PRÓPRIA | D60: EXECUÇÃO DE PINTURA DE LIGAÇÃO SEM EMULSÃO ASFÁLTICA RR-1C. AF_11/2019 | E60: m² | F60: 233.41 | G60: 0.95 | H60: =ROUND(G60*0.2684,2) -> 0.25 | I60: =G60+H60 -> 1.2 | J60: =F60*I60 -> 280.092
A61: 5.1.6 | B61: 96396 | C61: SINAPI | D61: EXECUÇÃO E COMPACTAÇÃO DE BASE E OU SUB BASE PARA PAVIMENTAÇÃO DE BRITA GRADUADA SIMPLES - EXCLUSIVE CARGA E TRANSPORTE. AF_11/2019 | E61: m³ | F61: 35.01 | G61: 162.3 | H61: =ROUND(G61*0.2684,2) -> 43.56 | I61: =G61+H61 -> 205.86 | J61: =F61*I61 -> 7207.1586
A62: 5.2 | D62: AQUISIÇÃO DO MATERIAL BETUMINOSO | J62: =SUM(J63:J65) -> 9543.446
A63: 5.2.1 | B63: CP-15 | C63: ANP | D63: Aquisição de material asfáltico - CM-30 | E63: t | F63: 0.28 | G63: 5514.76 | H63: =ROUND(G63*0.2684,2) -> 1480.16 | I63: =G63+H63 -> 6994.92 | J63: =F63*I63 -> 1958.5776
A64: 5.2.2 | B64: CP-16 | C64: ANP | D64: Aquisição de material asfáltico - RR 1C | E64: t | F64: 0.11 | G64: 3775.96 | H64: =ROUND(G64*0.2684,2) -> 1013.47 | I64: =G64+H64 -> 4789.43 | J64: =F64*I64 -> 526.8373
A65: 5.2.3 | B65: CP-17 | C65: ANP | D65: Aquisição de material asfáltico - CAP-50/70 | E65: t | F65: 1.31 | G65: 4247.72 | H65: =ROUND(G65*0.2684,2) -> 1140.09 | I65: =G65+H65 -> 5387.81 | J65: =F65*I65 -> 7058.0311
A66: 5.3 | D66: TRANSPORTE DO MATERIAL BETUMINOSO | J66: =SUM(J67:J69) -> 970.1951
A67: 5.3.1 | B67: CP-18 | C67: COMPOSIÇÃO | D67: Transporte de material asfáltico - CM 30 | E67: t | F67: =F63 -> 0.28 | G67: 449.94 | H67: =ROUND(G67*0.2684,2) -> 120.76 | I67: =G67+H67 -> 570.7 | J67: =F67*I67 -> 159.796
A68: 5.3.2 | B68: CP-19 | C68: COMPOSIÇÃO | D68: Transporte de material asfáltico - RR 1C | E68: t | F68: =F64 -> 0.11 | G68: =G67 -> 449.94 | H68: =ROUND(G68*0.2684,2) -> 120.76 | I68: =G68+H68 -> 570.7 | J68: =F68*I68 -> 62.777
A69: 5.3.3 | B69: CP-20 | C69: COMPOSIÇÃO | D69: Transporte de material asfáltico - CAP 50/70 | E69: t | F69: =F65 -> 1.31 | G69: =G67 -> 449.94 | H69: =G69*0.2684 -> 120.7639 | I69: =G69+H69 -> 570.7039 | J69: =F69*I69 -> 747.6221
A71: 6 | D71: LAGOA DE DETENÇÃO | J71: =J72+J75+J80+J83 -> 9034765.9
A72: 6.1 | D72: SERVIÇOS TÉCNICOS | J72: =SUM(J73:J74) -> 151536
A73: 6.1.1 | B73: 98525 | C73: SINAPI | D73: LIMPEZA MECANIZADA DE CAMADA VEGETAL, VEGETAÇÃO E PEQUENAS ÁRVORES (DIÂMETRO DE TRONCO MENOR QUE 0,20 M), COM TRATOR DE ESTEIRAS.AF_05/2018 | E73: m² | F73: ='MC 6-LAGOA'!K7 -> 61600 | G73: 0.61 | H73: =ROUND(G73*0.2684,2) -> 0.16 | I73: =G73+H73 -> 0.77 | J73: =F73*I73 -> 47432
A74: 6.1.2 | B74: 2548 | C74: ORSE | D74: LOCAÇÃO DE SERVIÇOS DE TERRAPLENAGEM DE OBRAS CIVIS | E74: m² | F74: ='MC 6-LAGOA'!K10 -> 61600 | G74: 1.33 | H74: =ROUND(G74*0.2684,2) -> 0.36 | I74: =G74+H74 -> 1.69 | J74: =F74*I74 -> 104104
A75: 6.2 | D75: MOVIMENTO DE TERRA | G75: , | J75: =SUM(J76:J79) -> 7853535.4
A76: 6.2.1 | B76: CP-21 | C76: PROPRIA | D76: ESCAVACAO MECANICA DE MATERIAL 1A. CATEGORIA, PROVENIENTE DE CORTE DE SUBLEITO (C/TRATOR ESTEIRAS 160HP) | E76: m³ | F76: 490144 | G76: 2.24 | H76: =ROUND(G76*0.2684,2) -> 0.6 | I76: =G76+H76 -> 2.84 | J76: =F76*I76 -> 1392009
A77: 6.2.2 | B77: 100575 | C77: SINAPI | D77: REGULARIZACAO DE SUPERFICIES EM TERRA COM MOTONIVELADORA | E77: m² | F77: ='MC 6-LAGOA'!K20 -> 53856 | G77: 0.55 | H77: =ROUND(G77*0.2684,2) -> 0.15 | I77: =G77+H77 -> 0.7 | J77: =F77*I77 -> 37699.2
A78: 6.2.3 | B78: CP-23 | C78: SINAPI | D78: CARGA E DESCARGA MECANICA DE SOLO UTILIZANDO CAMINHAO BASCULANTE 6,0M3/16T E PA CARREGADEIRA SOBRE PNEUS 128 HP, CAPACIDADE DA CAÇAMBA 1,7 A 2,8 M3 | E78: m³ | F78: 637187.2 | G78: 2.03 | H78: =ROUND(G78*0.2684,2) -> 0.54 | I78: =G78+H78 -> 2.57 | J78: =F78*I78 -> 1637571.1
A79: 6.2.4 | B79: 95880 | C79: SINAPI | D79: TRANSPORTE COM CAMINHÃO BASCULANTE DE 18 M3, EM VIA URBANA PAVIMENTADA DMT ATÉ 30 KM (UNIDADE: TXKM). | E79: t.km | F79: ='MC 6-LAGOA'!K29 -> 3087907.2 | G79: 1.22 | H79: =ROUND(G79*0.2684,2) -> 0.33 | I79: =G79+H79 -> 1.55 | J79: =F79*I79 -> 4786256.2
A80: 6.3 | D80: REVESTIMENTO TALUDE | J80: =SUM(J81:J82) -> 797073.66
A81: 6.3.1 | B81: 94969 | C81: SINAPI | D81: CONCRETO FCK = 15MPA, TRAÇO 1:3,4:3,5 (CIMENTO/ AREIA MÉDIA/ BRITA 1) - PREPARO MECÂNICO COM BETONEIRA 600 L. AF_07/2016 (TALUDE) | E81: m³ | F81: ='MC 6-LAGOA'!K33 -> 696.96 | G81: 425.19 | H81: =ROUND(G81*0.2684,2) -> 114.12 | I81: =G81+H81 -> 539.31 | J81: =F81*I81 -> 375877.5
A82: 6.3.2 | B82: 7156 | C82: SINAPI | D82: TELA DE ACO SOLDADA NERVURADA, CA-60, Q-196, (3,11 KG/M2), DIAMETRO DO FIO = 5,0 MM, LARGURA = 2,45 M, ESPACAMENTO DA MALHA = 10 X 10 CM | E82: m² | F82: ='MC 6-LAGOA'!K37 -> 11616 | G82: 28.59 | H82: =ROUND(G82*0.2684,2) -> 7.67 | I82: =G82+H82 -> 36.26 | J82: =F82*I82 -> 421196.16
A83: 6.4 | D83: URBANIZAÇÃO | J83: =SUM(J84:J86) -> 232620.84
A84: 6.4.1 | B84: 98504 | C84: SINAPI | D84: PLANTIO DE GRAMA EM PLACAS. AF_05/2018 (ENTORNO DA LAGOA) | E84: m² | F84: 5100 | G84: 15.43 | H84: =ROUND(G84*0.2684,2) -> 4.14 | I84: =G84+H84 -> 19.57 | J84: =F84*I84 -> 99807
A85: 6.4.2 | B85: 101199 | C85: SINAPI | D85: CERCA COM MOURÕES DE CONCRETO, SEÇÃO "T" PONTA INCLINADA, 10X10CM, ESPAÇAMENTO DE 2,5M, CRAVADOS 0,5M, COM 11 FIOS DE ARAME MISTO - FORNECIMENTO E INSTALAÇÃO. AF_05/2020 | E85: m | F85: ='MC 6-LAGOA'!K46 -> 1040 | G85: 97.51 | H85: =ROUND(G85*0.2684,2) -> 26.17 | I85: =G85+H85 -> 123.68 | J85: =F85*I85 -> 128627.2
A86: 6.4.3 | B86: CP-30 | C86: PROPRIA | D86: PORTAO DE FERRO EM CHAPA GALVANIZADA PLANA 14 GSG | E86: m² | F86: 8 | G86: 412.59 | H86: =ROUND(G86*0.2684,2) -> 110.74 | I86: =G86+H86 -> 523.33 | J86: =F86*I86 -> 4186.64
I88: TOTAL GERAL (R$) | J88: =ROUNDUP(SUM(J7,J12,J15,J26,J54,J71),2) -> 17747348

Sheet CRONOGRAMA-FÍSICO-FINANCEIRO
A2: PREFEITURA MUNICIPAL DE RIO LARGO - AL
A3: SECRETARIA MUNICIPAL DE INFRAESTRUTURA
A4: CRONOGRAMA FÍSICO-FINANCEIRO
A5: PROJETO DE MACRODRENAGEM DO COMPLEXO BRASIL NOVO
A6: CONTRATADO | D6: EVOLUÇÃO DO CONTRATO ATÉ 14ª MEDIÇÃO
A7: ITEM | B7: DESCRIÇÃO | C7: PERCENTUAL/VALOR | D7: MÊS 1 | E7: MÊS 2 | F7: MÊS 3 | G7: MÊS 4 | H7: MÊS 5 | I7: MÊS 6 | J7: MÊS 7 | K7: MÊS 8 | L7: MÊS 9 | M7: MÊS 10 | N7: MÊS 11 | O7: MÊS 12
D8: 1ª MEDIÇÃO | E8: 2ª MEDIÇÃO | F8: 3ª MEDIÇÃO | G8: 4ª MEDIÇÃO | H8: 5ª MEDIÇÃO | I8: 6ª MEDIÇÃO | J8: 7ª MEDIÇÃO | K8: 8ª MEDIÇÃO | L8: 9ª MEDIÇÃO | M8: 10ª MEDIÇÃO | N8: 11ª MEDIÇÃO | O8: 12ª MEDIÇÃO
A9: ='PLANILHA ORÇAMENTARIA'!A7 -> 1 | B9: ='PLANILHA ORÇAMENTARIA'!D7 -> SERVIÇOS PRELIMINARES | C9: =C11/C$30 -> 0.0011424158 | D9: =IF(D11/$C$11<>0,D11/$C$11,"") -> 1 | E9: =IF(E11/$C$11<>0,E11/$C$11,"") | F9: =IF(F11/$C$11<>0,F11/$C$11,"") | G9: =IF(G11/$C$11<>0,G11/$C$11,"") | H9: =IF(H11/$C$23<>0,H11/$C$23,"") | I9: =IF(I11/$C$23<>0,I11/$C$23,"") | J9: =IF(J11/$C$23<>0,J11/$C$23,"") | K9: =IF(K11/$C$11<>0,K11/$C$11,"") | L9: =IF(L11/$C$11<>0,L11/$C$11,"") | M9: =IF(M11/$C$11<>0,M11/$C$11,"") | N9: =IF(N11/$C$11<>0,N11/$C$11,"") | O9: =IF(O11/$C$23<>0,O11/$C$23,"")
C10: =IF(C9="","",0) -> 0 | D10: =IF(D9="","",0) -> 0 | E10: =IF(E9="","",0) | F10: =IF(F9="","",0) | G10: =IF(G9="","",0) | H10: =IF(H9="","",0) | I10: =IF(I9="","",0) | J10: =IF(J9="","",0) | ... O10: =IF(O9="","",0)
C11: ='PLANILHA ORÇAMENTARIA'!J7 -> 20274.85 | D11: 20274.85
A12: ='PLANILHA ORÇAMENTARIA'!A12 -> 2 | B12: ='PLANILHA ORÇAMENTARIA'!D12 -> ADMINISTRAÇÃO DA OBRA | C12: =C14/C$30 -> 0.040912923 | D12: =IF(D14/$C$14<>0,D14/$C$14,"") -> 0.083333333 | E12: =IF(E14/$C$14<>0,E14/$C$14,"") -> 0.083333333 | F12: =IF(F14/$C$14<>0,F14/$C$14,"") -> 0.083333333 | G12: =IF(G14/$C$14<>0,G14/$C$14,"") -> 0.083333333 | H12: =IF(H14/$C$14<>0,H14/$C$14,"") -> 0.083333333 | I12: =IF(I14/$C$14<>0,I14/$C$14,"") -> 0.083333333 | J12: =IF(J14/$C$14<>0,J14/$C$14,"") -> 0.083333333 | K12: =IF(K14/$C$14<>0,K14/$C$14,"") -> 0.083333333 | ... O12: =IF(O14/$C$14<>0,O14/$C$14,"") -> 0.083333333
C13: =IF(C12="","",0) -> 0 | D13: =IF(D12="","",0) -> 0 | E13: =IF(E12="","",0) -> 0 | F13: =IF(F12="","",0) -> 0 | G13: =IF(G12="","",0) -> 0 | H13: =IF(H12="","",0) -> 0 | I13: =IF(I12="","",0) -> 0 | J13: =IF(J12="","",0) -> 0 | ... O13: =IF(O12="","",0) -> 0
C14: ='PLANILHA ORÇAMENTARIA'!J12 -> 726095.88 | D14: 60507.99 | E14: 60507.99 | F14: 60507.99 | G14: 60507.99 | H14: 60507.99 | I14: 60507.99 | J14: 60507.99 | K14: 60507.99 | L14: 60507.99 | M14: 60507.99 | N14: 60507.99 | O14: 60507.99
A15: ='PLANILHA ORÇAMENTARIA'!A15 -> 3 | B15: ='PLANILHA ORÇAMENTARIA'!D15 -> CANTEIRO DE OBRAS | C15: =C17/C$30 -> 0.0080061262 | D15: =IF(D17/$C$17<>0,D17/$C$17,"") -> 0.8 | E15: =IF(E17/$C$17<>0,E17/$C$17,"") | F15: =IF(F17/$C$17<>0,F17/$C$17,"") | G15: =IF(G17/$C$17<>0,G17/$C$17,"") | H15: =IF(H17/$C$23<>0,H17/$C$23,"") | I15: =IF(I17/$C$23<>0,I17/$C$23,"") | J15: =IF(J17/$C$23<>0,J17/$C$23,"") | K15: =IF(K17/$C$17<>0,K17/$C$17,"") | L15: =IF(L17/$C$17<>0,L17/$C$17,"") | M15: =IF(M17/$C$17<>0,M17/$C$17,"") | N15: =IF(N17/$C$17<>0,N17/$C$17,"") | O15: =IF(O17/$C$17<>0,O17/$C$17,"") -> 0.2
C16: =IF(C15="","",0) -> 0 | D16: =IF(D15="","",0) -> 0 | E16: =IF(E15="","",0) | F16: =IF(F15="","",0) | G16: =IF(G15="","",0) | H16: =IF(H15="","",0) | I16: =IF(I15="","",0) | J16: =IF(J15="","",0) | ... O16: =IF(O15="","",0) -> 0
C17: ='PLANILHA ORÇAMENTARIA'!J15 -> 142087.51 | D17: =C17*0.8 -> 113670.01 | O17: =C17*0.2 -> 28417.502
A18: ='PLANILHA ORÇAMENTARIA'!A26 -> 4 | B18: ='PLANILHA ORÇAMENTARIA'!D26 -> DRENAGEM DE ÁGUAS PLUVIAIS | C18: =C20/C$30 -> 0.43859722 | D18: =IF(D20/$C$20<>0,D20/$C$20,"") -> 0.05 | E18: =IF(E20/$C$20<>0,E20/$C$20,"") -> 0.05 | F18: =IF(F20/$C$20<>0,F20/$C$20,"") -> 0.05 | G18: =IF(G20/$C$20<>0,G20/$C$20,"") -> 0.05 | H18: =IF(H20/$C$20<>0,H20/$C$20,"") -> 0.1 | I18: =IF(I20/$C$20<>0,I20/$C$20,"") -> 0.1 | J18: =IF(J20/$C$20<>0,J20/$C$20,"") -> 0.1 | K18: =IF(K20/$C$20<>0,K20/$C$20,"") -> 0.1 | ... O18: =IF(O20/$C$20<>0,O20/$C$20,"") -> 0.1
C19: =IF(C18="","",0) -> 0 | D19: =IF(D18="","",0) -> 0 | E19: =IF(E18="","",0) -> 0 | F19: =IF(F18="","",0) -> 0 | G19: =IF(G18="","",0) -> 0 | H19: =IF(H18="","",0) -> 0 | I19: =IF(I18="","",0) -> 0 | J19: =IF(J18="","",0) -> 0 | ... O19: =IF(O18="","",0) -> 0
C20: ='PLANILHA ORÇAMENTARIA'!J26 -> 7783937.5 | D20: 389196.87 | E20: 389196.87 | F20: 389196.87 | G20: 389196.87 | H20: 778393.75 | I20: 778393.75 | J20: 778393.75 | K20: 778393.75 | L20: 778393.75 | M20: 778393.75 | N20: 778393.75 | O20: 778393.75
A21: ='PLANILHA ORÇAMENTARIA'!A54 -> 5 | B21: ='PLANILHA ORÇAMENTARIA'!D54 -> REPOSIÇÃO ASFÁLTICA | C21: =C23/C$30 -> 0.0022643587 | D21: =IF(D23/$C$23<>0,D23/$C$23,"") | E21: =IF(E23/$C$23<>0,E23/$C$23,"") | F21: =IF(F23/$C$23<>0,F23/$C$23,"") -> 0.1 | G21: =IF(G23/$C$23<>0,G23/$C$23,"") -> 0.1 | H21: =IF(H23/$C$23<>0,H23/$C$23,"") -> 0.1 | I21: =IF(I23/$C$23<>0,I23/$C$23,"") -> 0.1 | J21: =IF(J23/$C$23<>0,J23/$C$23,"") -> 0.1 | K21: =IF(K23/$C$23<>0,K23/$C$23,"") -> 0.1 | ... O21: =IF(O23/$C$23<>0,O23/$C$23,"") -> 0.1
C22: =IF(C21="","",0) -> 0 | D22: =IF(D21="","",0) | E22: =IF(E21="","",0) | F22: =IF(F21="","",0) -> 0 | G22: =IF(G21="","",0) -> 0 | H22: =IF(H21="","",0) -> 0 | I22: =IF(I21="","",0) -> 0 | J22: =IF(J21="","",0) -> 0 | ... O22: =IF(O21="","",0) -> 0
C23: ='PLANILHA ORÇAMENTARIA'!J54 -> 40186.361 | F23: 4018.6361 | G23: 4018.6361 | H23: 4018.6361 | I23: 4018.6361 | J23: 4018.6361 | K23: 4018.6361 | L23: 4018.6361 | M23: 4018.6361 | N23: 4018.6361 | O23: 4018.6361
A24: ='PLANILHA ORÇAMENTARIA'!A71 -> 6 | B24: ='[128]PLANILHA ORÇAMENTARIA'!D69 -> LAGOA DE DETENÇÃO | C24: =C26/C$30 -> 0.50907696 | D24: =IF(D26/$C$26<>0,D26/$C$26,"") | E24: =IF(E26/$C$26<>0,E26/$C$26,"") | F24: =IF(F26/$C$26<>0,F26/$C$26,"") -> 0.1 | G24: =IF(G26/$C$26<>0,G26/$C$26,"") -> 0.1 | H24: =IF(H26/$C$26<>0,H26/$C$26,"") -> 0.1 | I24: =IF(I26/$C$26<>0,I26/$C$26,"") -> 0.1 | J24: =IF(J26/$C$26<>0,J26/$C$26,"") -> 0.1 | K24: =IF(K26/$C$26<>0,K26/$C$26,"") -> 0.1 | ... O24: =IF(O26/$C$26<>0,O26/$C$26,"") -> 0.1
C25: =IF(C24="","",0) -> 0 | D25: =IF(D24="","",0) | E25: =IF(E24="","",0) | F25: =IF(F24="","",0) -> 0 | G25: =IF(G24="","",0) -> 0 | H25: =IF(H24="","",0) -> 0 | I25: =IF(I24="","",0) -> 0 | J25: =IF(J24="","",0) -> 0 | ... O25: =IF(O24="","",0) -> 0
C26: ='PLANILHA ORÇAMENTARIA'!J71 -> 9034765.9 | F26: 903476.59 | G26: 903476.59 | H26: 903476.59 | I26: 903476.59 | J26: 903476.59 | K26: 903476.59 | L26: 903476.59 | M26: 903476.59 | N26: 903476.59 | O26: 903476.59
A27: PERCENTUAL MENSAL TOTAL | D27: =D28/$C$30 -> 0.032886588 | E27: =E28/$C$30 -> 0.025339271 | F27: =F28/$C$30 -> 0.076473403 | G27: =G28/$C$30 -> 0.076473403 | H27: =H28/$C$30 -> 0.098403264 | I27: =I28/$C$30 -> 0.098403264 | J27: =J28/$C$30 -> 0.098403264 | K27: =K28/$C$30 -> 0.098403264 | ... O27: =O28/$C$30 -> 0.10000449
A28: VALOR MENSAL TOTAL | D28: =SUM(D11+D14+D17+D20+D23+D26) -> 583649.72 | E28: =SUM(E11+E14+E17+E20+E23+E26) -> 449704.86 | F28: =SUM(F11+F14+F17+F20+F23+F26) -> 1357200.1 | G28: =SUM(G11+G14+G17+G20+G23+G26) -> 1357200.1 | H28: =SUM(H11+H14+H17+H20+H23+H26) -> 1746397 | I28: =SUM(I11+I14+I17+I20+I23+I26) -> 1746397 | J28: =SUM(J11+J14+J17+J20+J23+J26) -> 1746397 | K28: =SUM(K11+K14+K17+K20+K23+K26) -> 1746397 | ... O28: =SUM(O11+O14+O17+O20+O23+O26) -> 1774814.5
A29: PERCENTUAL ACUM. TOTAL | C29: =SUM(C24+C21+C18+C15+C12+C9) -> 1 | D29: =D30/$C$30 -> 0.032886588 | E29: =E30/$C$30 -> 0.058225859 | F29: =F30/$C$30 -> 0.13469926 | G29: =G30/$C$30 -> 0.21117266 | H29: =H30/$C$30 -> 0.30957593 | I29: =I30/$C$30 -> 0.40797919 | J29: =J30/$C$30 -> 0.50638246 | K29: =K30/$C$30 -> 0.60478572 | ... O29: =O30/$C$30 -> 1
A30: VALOR ACUMULADO TOTAL | C30: =ROUNDUP(SUM(C26+C23+C20+C17+C14+C11),2) -> 17747348 | D30: =D28 -> 583649.72 | E30: =D30+E28 -> 1033354.6 | F30: =E30+F28 -> 2390554.7 | G30: =F30+G28 -> 3747754.8 | H30: =G30+H28 -> 5494151.7 | I30: =H30+I28 -> 7240548.7 | J30: =I30+J28 -> 8986945.7 | K30: =J30+K28 -> 10733343 | L30: =K30+L28 -> 12479740 | ... N30: =M30+N28 -> 15972534 | O30: =ROUNDUP(N30+O28,2) -> 17747348

Sheet CURVA ABC
A1: PREFEITURA MUNICIPAL DE RIO LARGO/AL
A2: SECRETARIA MUNICIPAL DE INFRAESTRUTURA SEINFRA - RIO LARGO / AL
A3: CURVA ABC
A4: MACRODRENAGEM NO BAIRRO BRASIL NOVO, EM RIO LARGO/AL.
A5: ITEM | B5: CÓDIGO | C5: FONTE | D5: DISCRIMINAÇÃO DOS SERVIÇOS | E5: UND | F5: QUANT. | G5: CUSTO UNITÁRIO (R$) | H5: VALOR BDI (R$) | I5: CUSTO COM BDI (R$) | J5: CUSTO TOTAL (R$) | K5: PESO (%) | L5: PESO ACUMULADO (%) | M5: CLASSE
A6: 6.2.4 | B6: 95880 | C6: SINAPI | D6: TRANSPORTE COM CAMINHÃO BASCULANTE DE 18 M3, EM VIA URBANA PAVIMENTADA DMT ATÉ 30 KM (UNIDADE: TXKM). | E6: t.km | F6: 3087907.2 | G6: 1.22 | H6: 0.33 | I6: 1.55 | J6: 4786256.2 | K6: =J6/$J$66 -> 0.26968853 | L6: =K6 -> 0.26968853 | M6: A
A7: 4.3.10 | B7: 10055 | C7: ORSE | D7: Fornecimento e assentamento de tubo corrugado parede dupla PEAD, d=1500mm (60"), p/sistemas drenagem, Tigre-ADS N-12 ou similar | E7: m | F7: 1343.39 | G7: 2215.65 | H7: 594.68 | I7: 2810.33 | J7: 3775369.2 | K7: =J7/$J$66 -> 0.21272864 | L7: =K7+L6 -> 0.48241717 | M7: A
A8: 4.3.17 | B8: CP-34 | C8: SINAPI | D8: REATERRO MECANIZADO DE VALA COM ESCAVADEIRA HIDRÁULICA (CAPACIDADE DA CAÇAMBA: 0,8 M³ / POTÊNCIA: 111 HP), LARGURA DE 1,5 A 2,5 M, PROFUNDIDADE DE 3,0 A 4,5 M, COM SOLO (SEM SUBSTITUIÇÃO) DE 1ª CATEGORIA EM LOCAIS COM BAIXO NÍVEL DE INTERFERÊNCIA. AF_04/2016 | E8: m³ | F8: 11040.25 | G8: 123.22 | H8: 33.07 | I8: 156.29 | J8: 1725480.7 | K8: =J8/$J$66 -> 0.097224705 | L8: =K8+L7 -> 0.57964187 | M8: A
A9: 6.2.3 | B9: CP-23 | C9: SINAPI | D9: CARGA E DESCARGA MECANICA DE SOLO UTILIZANDO CAMINHAO BASCULANTE 6,0M3/16T E PA CARREGADEIRA SOBRE PNEUS 128 HP, CAPACIDADE DA CAÇAMBA 1,7 A 2,8 M3 | E9: m³ | F9: 637187.2 | G9: 2.03 | H9: 0.54 | I9: 2.57 | J9: 1637571.1 | K9: =J9/$J$66 -> 0.092271313 | L9: =K9+L8 -> 0.67191319 | M9: A
A10: 6.2.1 | B10: CP-21 | C10: PROPRIA | D10: ESCAVACAO MECANICA DE MATERIAL 1A. CATEGORIA, PROVENIENTE DE CORTE DE SUBLEITO (C/TRATOR ESTEIRAS 160HP) | E10: m³ | F10: 490144 | G10: 2.24 | H10: 0.6 | I10: 2.84 | J10: 1392009 | K10: =J10/$J$66 -> 0.078434759 | L10: =K10+L9 -> 0.75034795 | M10: A
A11: 4.3.7 | B11: 7135 | C11: ORSE | D11: ESCORAMENTO METÁLICO P/ VALAS, 4,00M<=H<=6,00 M, COM PRANCHAS METÁLICAS DE 4,7 MM X 30 CM E LONGARINAS E TRANSVERSINAS EM PERFIS METÁLICOS, REAPROVEITAMENTO : 60 VEZES | E11: m² | F11: 11775.36 | G11: 79.04 | H11: 21.21 | I11: 100.25 | J11: 1180479.8 | K11: =J11/$J$66 -> 0.066515845 | L11: =K11+L10 -> 0.81686379 | M11: A
A12: 2.1 | B12: CP-03 | C12: PRÓPRIA | D12: ADMINISTRAÇÃO LOCAL | E12: mês | F12: 4 | G12: 143112.56 | H12: 38411.41 | I12: 181523.97 | J12: 726095.88 | K12: =J12/$J$66 -> 0.040912923 | L12: =K12+L11 -> 0.85777671 | M12: B
A13: 6.3.2 | B13: 7156 | C13: SINAPI | D13: TELA DE ACO SOLDADA NERVURADA, CA-60, Q-196, (3,11 KG/M2), DIAMETRO DO FIO = 5,0 MM, LARGURA = 2,45 M, ESPACAMENTO DA MALHA = 10 X 10 CM | E13: m² | F13: 11616 | G13: 28.59 | H13: 7.67 | I13: 36.26 | J13: 421196.16 | K13: =J13/$J$66 -> 0.023732907 | L13: =K13+L12 -> 0.88150962 | M13: B
A14: 6.3.1 | B14: 94969 | C14: SINAPI | D14: CONCRETO FCK = 15MPA, TRAÇO 1:3,4:3,5 (CIMENTO/ AREIA MÉDIA/ BRITA 1) - PREPARO MECÂNICO COM BETONEIRA 600 L. AF_07/2016 (TALUDE) | E14: m³ | F14: 696.96 | G14: 425.19 | H14: 114.12 | I14: 539.31 | J14: 375877.5 | K14: =J14/$J$66 -> 0.021179361 | L14: =K14+L13 -> 0.90268898 | M14: B
A15: 4.3.12 | B15: CP-36 | C15: PRÓPRIA | D15: BASE PARA POÇO DE VISITA RETANGULAR PARA DRENAGEM, EM ALVENARIA COM BLOCOS DE CONCRETO, DIMENSÕES INTERNAS = 1,5X2,5 M, PROFUNDIDADE = 2,20 M, EXCLUINDO TAMPÃO. AF_12/2020 | E15: UN | F15: 18 | G15: 9347.0988 | H15: 2508.76 | I15: 11855.859 | J15: 213405.48 | K15: =J15/$J$66 -> 0.012024641 | L15: =K15+L14 -> 0.91471362 | M15: B
A16: 4.3.18 | B16: 95875 | C16: SINAPI | D16: TRANSPORTE COM CAMINHÃO BASCULANTE DE 10 M³, EM VIA URBANA PAVIMENTADA, DMT ATÉ 30 KM. AF_12/2016 | E16: m³.km | F16: 55201.25 | G16: 2.43 | H16: 0.65 | I16: 3.08 | J16: 170019.85 | K16: =J16/$J$66 -> 0.0095800144 | L16: =K16+L15 -> 0.92429364 | M16: B
A17: 6.4.2 | B17: 101199 | C17: SINAPI | D17: CERCA COM MOURÕES DE CONCRETO, SEÇÃO "T" PONTA INCLINADA, 10X10CM, ESPAÇAMENTO DE 2,5M, CRAVADOS 0,5M, COM 11 FIOS DE ARAME MISTO - FORNECIMENTO E INSTALAÇÃO. AF_05/2020 | E17: m | F17: 1040 | G17: 97.51 | H17: 26.17 | I17: 123.68 | J17: 128627.2 | K17: =J17/$J$66 -> 0.0072476857 | L17: =K17+L16 -> 0.93154132 | M17: B
A18: 4.3.6 | B18: 7134 | C18: ORSE | D18: ESCORAMENTO METÁLICO P/ VALAS, 2,50M<=H<=4.00 M, COM PRANCHAS METÁLICAS DE 4,7 MM X 30 CM E LONGARINAS E TRANSVERSINAS EM PERFIS DE AÇO, REAPROVEITAMENTO : 60 VEZES | E18: m² | F18: 1482.28 | G18: 68.1 | H18: 18.28 | I18: 86.38 | J18: 128039.35 | K18: =J18/$J$66 -> 0.0072145622 | L18: =K18+L17 -> 0.93875588 | M18: B
A19: 4.3.15 | B19: 95875 | C19: SINAPI | D19: TRANSPORTE COM CAMINHÃO BASCULANTE DE 10 M³, EM VIA URBANA PAVIMENTADA, DMT ATÉ 30 KM. AF_12/2016 | E19: m³.km | F19: 37222.55 | G19: 2.43 | H19: 0.65 | I19: 3.08 | J19: 114645.45 | K19: =J19/$J$66 -> 0.006459864 | L19: =K19+L18 -> 0.94521575 | M19: B
A20: 6.1.2 | B20: 2548 | C20: ORSE | D20: LOCAÇÃO DE SERVIÇOS DE TERRAPLENAGEM DE OBRAS CIVIS | E20: m² | F20: 61600 | G20: 1.33 | H20: 0.36 | I20: 1.69 | J20: 104104 | K20: =J20/$J$66 -> 0.0058658905 | L20: =K20+L19 -> 0.95108164 | M20: B
A21: 6.4.1 | B21: 98504 | C21: SINAPI | D21: PLANTIO DE GRAMA EM PLACAS. AF_05/2018 (ENTORNO DA LAGOA) | E21: m² | F21: 5100 | G21: 15.43 | H21: 4.14 | I21: 19.57 | J21: 99807 | K21: =J21/$J$66 -> 0.0056237698 | L21: =K21+L20 -> 0.95670541 | M21: B
A22: 4.3.13 | B22: CP-08 | C22: PROPRIA | D22: Chaminé dos poços de visita - CPV 01 - areia e brita comerciais | E22: un | F22: 67.01 | G22: 866.11 | H22: 232.46 | I22: 1098.57 | J22: 73615.176 | K22: =J22/$J$66 -> 0.0041479536 | L22: =K22+L21 -> 0.96085336 | M22: C
A23: 4.3.9 | B23: 10048 | C23: ORSE | D23: Fornecimento e assentamento de tubo corrugado parede dupla PEAD, d= 375mm (15"), p/sistemas drenagem, Tigre-ADS N-12 ou similar | E23: m | F23: 150 | G23: 284.93 | H23: 76.48 | I23: 361.41 | J23: 54211.5 | K23: =J23/$J$66 -> 0.0030546254 | L23: =K23+L22 -> 0.96390799 | M23: C
A24: 6.1.1 | B24: 98525 | C24: SINAPI | D24: LIMPEZA MECANIZADA DE CAMADA VEGETAL, VEGETAÇÃO E PEQUENAS ÁRVORES (DIÂMETRO DE TRONCO MENOR QUE 0,20 M), COM TRATOR DE ESTEIRAS.AF_05/2018 | E24: m² | F24: 61600 | G24: 0.61 | H24: 0.16 | I24: 0.77 | J24: 47432 | K24: =J24/$J$66 -> 0.0026726247 | L24: =K24+L23 -> 0.96658061 | M24: C
A25: 4.1.1 | B25: CP-05 | C25: PRÓPRIA | D25: ISOLAMENTO DE OBRA COM TELA PLASTICA COM MALHA DE 5MM E ESTRUTURA DE MADEIRA PONTALETEADA COM REAPROVEITAMENTO 2X | E25: m² | F25: 2686.78 | G25: 13.19 | H25: 3.54 | I25: 16.73 | J25: 44949.829 | K25: =J25/$J$66 -> 0.0025327632 | L25: =K25+L24 -> 0.96911338 | M25: C
A26: 4.3.15 | B26: CP-10 | C26: PROPRIA | D26: CARGA E DESCARGA MECANIZADAS DE ENTULHO EM CAMINHÃO BASCULANTE 6 M³ (BOTA FORA) | E26: m³ | F26: 7444.51 | G26: 4.63 | H26: 1.24 | I26: 5.87 | J26: 43699.274 | K26: =J26/$J$66 -> 0.0024622988 | L26: =K26+L25 -> 0.97157567 | M26: C
A27: 4.3.2 | B27: 90091 | C27: SINAPI | D27: ESCAVAÇÃO MECANIZADA DE VALA COM PROF. ATÉ 1,5 M(MÉDIA ENTRE MONTANTE E JUSANTE/UMA COMPOSIÇÃO POR TRECHO), COM ESCAVADEIRA HIDRÁULICA (0,8 M3), LARG. DE 1,5M A 2,5 M, EM SOLO DE 1A CATEGORIA, LOCAIS COM BAIXO NÍVEL DE INTERFERÊNCIA. AF_01/2015 | E27: m³ | F27: 5955.63 | G27: 5.71 | H27: 1.53 | I27: 7.24 | J27: 43118.761 | K27: =J27/$J$66 -> 0.002429589 | L27: =K27+L26 -> 0.97400526 | M27: C
A28: 4.3.1 | B28: 93358 | C28: SINAPI | D28: ESCAVAÇÃO MANUAL DE VALA COM PROFUNDIDADE MENOR OU IGUAL A 1,30 M. AF_03/2016 | E28: m³ | F28: 425.4 | G28: 78 | H28: 20.94 | I28: 98.94 | J28: 42089.076 | K28: =J28/$J$66 -> 0.0023715699 | L28: =K28+L27 -> 0.97637683 | M28: C
A29: 4.3.3 | B29: 90092 | C29: SINAPI | D29: ESCAVAÇÃO MECANIZADA DE VALA COM PROF. MAIOR QUE 1,5 M E ATÉ 3,0 M(MÉDIA ENTRE MONTANTE E JUSANTE/UMA COMPOSIÇÃO POR TRECHO), COM ESCAVADEIRA HIDRÁULICA (0,8 M3/111 HP), LARG. MENOR QUE 1,5 M, EM SOLO DE 1A CATEGORIA, LOCAIS COM BAIXO NÍVEL DE INTERFERÊNCIA. AF_01/2015 | E29: m³ | F29: 5565.03 | G29: 5.53 | H29: 1.480756 | I29: 7.010756 | J29: 39015.067 | K29: =J29/$J$66 -> 0.0021983604 | L29: =K29+L28 -> 0.97857519 | M29: C
A30: 6.2.2 | B30: 100575 | C30: SINAPI | D30: REGULARIZACAO DE SUPERFICIES EM TERRA COM MOTONIVELADORA | E30: m² | F30: 53856 | G30: 0.55 | H30: 0.15 | I30: 0.7 | J30: 37699.2 | K30: =J30/$J$66 -> 0.002124216 | L30: =K30+L29 -> 0.98069941 | M30: C
A31: 3.1 | B31: 10321 | C31: ORSE | D31: FOSSA SÉPTICA EM ALVENARIA BLOCO DE CIMENTO E CONCRETO ARMADO, DIMENSÕES INTERNAS 2,10 X 4,20 X 1,50 M | E31: und | F31: 1 | G31: 26736.45 | H31: 7176.0632 | I31: 33912.513 | J31: 33912.513 | K31: =J31/$J$66 -> 0.0019108496 | L31: =K31+L30 -> 0.98261026 | M31: C
A32: 4.3.4 | B32: 90094 | C32: SINAPI | D32: ESCAVAÇÃO MECANIZADA DE VALA COM PROF. MAIOR QUE 3,0 M ATÉ 4,5 M (MÉDIA ENTRE MONTANTE E JUSANTE/UMA COMPOSIÇÃO POR TRECHO), COM ESCAVADEIRA HIDRÁULICA (0,8 M3/111 HP), LARG. MENOR QUE 1,5 M, EM SOLO DE 1A CATEGORIA, LOCAIS COM BAIXO NÍVEL DE INTERFERÊNCIA. AF_01/2015 | E32: m³ | F32: 4801.64 | G32: 5.24 | H32: 1.41 | I32: 6.65 | J32: 31930.906 | K32: =J32/$J$66 -> 0.0017991931 | L32: =K32+L31 -> 0.98440945 | M32: C
A33: 3.5 | B33: 4784 | C33: ORSE | D33: Barracão para escritório de obra porte médio s=43,56m2, c/ 2 salas e 2 banheiros com materiais novos | E33: und | F33: 1 | G33: 22630.85 | H33: 6074.1201 | I33: 28704.97 | J33: 28704.97 | K33: =J33/$J$66 -> 0.0016174231 | L33: =K33+L32 -> 0.98602688 | M33: C
A34: 3.4 | B34: 10184 | C34: ORSE | D34: Barracão para banheiro e vestiário de obra, s=35,10m², capacidade 20 operários com materiais novos | E34: und | F34: 1 | G34: 19042.12 | H34: 5110.905 | I34: 24153.025 | J34: 24153.025 | K34: =J34/$J$66 -> 0.0013609371 | L34: =K34+L33 -> 0.98738781 | M34: C
A35: 3.9 | B35: CP-04 | C35: PRÓPRIA | D35: TAPUME DE CHAPA DE MADEIRA COMPENSADA, E= 6MM, COM PINTURA A CAL E REAPROVEITAMENTO DE 2X | E35: m² | F35: 240 | G35: 72.56 | H35: 19.48 | I35: 92.04 | J35: 22089.6 | K35: =J35/$J$66 -> 0.0012446705 | L35: =K35+L34 -> 0.98863248 | M35: C
A36: 4.3.14 | B36: CP--09 | C36: PROPRIA | D36: Fornecimento e assentamento de tampão de ferro fundido TDA-600mm, 300kg/cm², para poço de visita e caixas de passagem | E36: un | F36: 20 | G36: 839.83 | H36: 225.41 | I36: 1065.24 | J36: 21304.8 | K36: =J36/$J$66 -> 0.0012004498 | L36: =K36+L35 -> 0.98983293 | M36: C
A37: 4.3.19 | B37: 102742 | C37: SINAPI | D37: BOCA PARA BUEIRO SIMPLES TUBULAR D = 150 CM EM CONCRETO, ALAS COM ESCONSIDADE DE 0°, INCLUINDO FÔRMAS E MATERIAIS. AF_07/2021 | E37: un | F37: 1 | G37: 14653.53 | H37: 3933.01 | I37: 18586.54 | J37: 18586.54 | K37: =J37/$J$66 -> 0.0010472855 | L37: =K37+L36 -> 0.99088022 | M37: C
A38: 5.1.2 | B38: CP-12 | C38: PRÓPRIA | D38: CONSTRUÇÃO DE PAVIMENTO COM APLICAÇÃO DE CONCRETO BETUMINOSO USINADO A QUENTE (CBUQ), CAMADA DE ROLAMENTO, COM ESPESSURA DE 3,0 CM - EXCLUSIVE TRANSPORTE. AF_03/2017 | E38: m³ | F38: 9.34 | G38: 1564.57 | H38: 419.93 | I38: 1984.5 | J38: 18535.23 | K38: =J38/$J$66 -> 0.0010443944 | L38: =K38+L37 -> 0.99192461 | M38: C
A39: 4.3.11 | B39: CP-35 | C39: PRÓPRIA | D39: BASE PARA POÇO DE VISITA RETANGULAR PARA DRENAGEM, EM ALVENARIA COM BLOCOS DE CONCRETO, DIMENSÕES INTERNAS = 2,5X2,5 M, PROFUNDIDADE = 2,20 M, EXCLUINDO TAMPÃO. AF_12/2020 | E39: UN | F39: 2 | G39: 6639.2507 | H39: =ROUND(G39*0.2684,2) -> 1781.97 | I39: =G39+H39 -> 8421.2207 | J39: =F39*I39 -> 16842.441 | K39: =J39/$J$66 -> 0.00094901173 | L39: =K39+L38 -> 0.99287362 | M39: C
A40: 3.7 | B40: 62 | C40: ORSE | D40: Barracão fechado porte pequeno para depósito de cimento e almoxarifado (s=38,72 m2) com materiais novos | E40: m² | F40: 1 | G40: 12805.45 | H40: 3436.9828 | I40: 16242.433 | J40: 16242.433 | K40: =J40/$J$66 -> 0.00091520337 | L40: =K40+L39 -> 0.99378883 | M40: C
A41: 4.3.8 | B41: 101617 | C41: SINAPI | D41: PREPARO DE FUNDO DE VALA COM LARGURA MAIOR OU IGUAL A 1,5 M E MENOR QUE 2,5 M, COM CAMADA DE AREIA, LANÇAMENTO MECANIZADO. AF_08/2020 | E41: m² | F41: 4254.01 | G41: 2.79 | H41: 0.75 | I41: 3.54 | J41: 15059.195 | K41: =J41/$J$66 -> 0.00084853215 | L41: =K41+L40 -> 0.99463736 | M41: C
A42: 4.3.20 | B42: 103800 | C42: SINAPI | D42: ESCADA HIDRÁULICA - PEDRA ARGAMASSADA COM CIMENTO E AREIA 1:3, 40% DE ARGAMASSA EM VOLUME - AREIA E PEDRA DE MÃO COMERCIAIS - FORNECIMENTO E ASSENTAMENTO. AF_08/2022 | E42: m³ | F42: 21.956 | G42: 490.74 | H42: 131.71 | I42: 622.45 | J42: ='PLANILHA ORÇAMENTARIA'!J52 -> 13669.002 | K42: =J42/$J$66 -> 0.00077019969 | L42: =K42+L41 -> 0.99540756 | M42: C
A43: 4.3.5 | B43: 90098 | C43: SINAPI | D43: ESCAVAÇÃO MECANIZADA DE VALA COM PROF. MAIOR QUE 4,5 M ATÉ 6,0 M (MÉDIA MONTANTE E JUSANTE/UMA COMPOSIÇÃO POR TRECHO), ESCAVADEIRA (1,2 M3), LARG. DE 1,5 M A 2,5 M, EM SOLO DE 1A CATEGORIA, LOCAIS COM BAIXO NÍVEL DE INTERFERÊNCIA. AF_02/2021 | E43: m³ | F43: 1737.06 | G43: 5.08 | H43: 1.36 | I43: 6.44 | J43: 11186.666 | K43: =J43/$J$66 -> 0.0006303289 | L43: =K43+L42 -> 0.99603789 | M43: C
A44: 3.8 | B44: 4659 | C44: ORSE | D44: Locação de container - Refeitório sem banheiro - 6,00 x 2,40m - Rev 02_x001F__02/2022 | E44: mês | F44: 4 | G44: 1800 | H44: 483.12 | I44: 2283.12 | J44: 9132.48 | K44: =J44/$J$66 -> 0.0005145828 | L44: =K44+L43 -> 0.99655247 | M44: C
A45: 1.3 | B45: 103689 | C45: SINAPI | D45: PLACAS DA OBRA EM CHAPA GALVANIZADA | E45: m² | F45: 15 | G45: 461.91 | H45: 123.98 | I45: 585.89 | J45: 8788.35 | K45: =J45/$J$66 -> 0.0004951923 | L45: =K45+L44 -> 0.99704766 | M45: C
A46: 5.1.6 | B46: 96396 | C46: SINAPI | D46: EXECUÇÃO E COMPACTAÇÃO DE BASE E OU SUB BASE PARA PAVIMENTAÇÃO DE BRITA GRADUADA SIMPLES - EXCLUSIVE CARGA E TRANSPORTE. AF_11/2019 | E46: m³ | F46: 35.01 | G46: 162.3 | H46: 43.56 | I46: 205.86 | J46: 7207.1586 | K46: =J46/$J$66 -> 0.00040609778 | L46: =K46+L45 -> 0.99745376 | M46: C
A47: 5.2.3 | B47: CP-17 | C47: ANP | D47: Aquisição de material asfáltico - CAP-50/70 | E47: t | F47: 1.31 | G47: 4247.72 | H47: 1140.09 | I47: 5387.81 | J47: 7058.0311 | K47: =J47/$J$66 -> 0.00039769497 | L47: =K47+L46 -> 0.99785146 | M47: C
A48: 1.1 | B48: CP-01 | C48: PRÓPRIA | D48: MOBILIZAÇÃO DE EQUIPAMENTOS | E48: un | F48: 1 | G48: 4527.95 | H48: 1215.3 | I48: 5743.25 | J48: 5743.25 | K48: =J48/$J$66 -> 0.00032361173 | L48: =K48+L47 -> 0.99817507 | M48: C
A49: 1.2 | B49: CP-02 | C49: PRÓPRIA | D49: DESMOBILIZAÇÃO DE EQUIPAMENTOS | E49: un | F49: 1 | G49: 4527.95 | H49: 1215.3 | I49: 5743.25 | J49: 5743.25 | K49: =J49/$J$66 -> 0.00032361173 | L49: =K49+L48 -> 0.99849868 | M49: C
A50: 3.6 | B50: 4656 | C50: ORSE | D50: Locação de container - Banheiro com chuveiros e vasos - 4,30 x 2,30m | E50: mês | F50: 4 | G50: 962.26 | H50: 258.27058 | I50: 1220.5306 | J50: 4882.1223 | K50: =J50/$J$66 -> 0.00027509025 | L50: =K50+L49 -> 0.99877377 | M50: C
A51: 6.4.3 | B51: CP-30 | C51: PROPRIA | D51: PORTAO DE FERRO EM CHAPA GALVANIZADA PLANA 14 GSG | E51: m² | F51: 8 | G51: 412.59 | H51: 110.74 | I51: 523.33 | J51: 4186.64 | K51: =J51/$J$66 -> 0.00023590229 | L51: =K51+L50 -> 0.99900967 | M51: C
A52: 4.2.1 | B52: CP-06 | C52: PRÓPRIA | D52: DEMOLIÇÃO DE PAVIMENTAÇÃO ASFÁLTICA COM UTILIZAÇÃO DE MARTELO PERFURADOR, ESPESSURA ATÉ 15 CM, EXCLUSIVE CARGA E TRANSPORTE | E52: m² | F52: 233.41 | G52: 12.24 | H52: 3.29 | I52: 15.53 | J52: 3624.8573 | K52: =J52/$J$66 -> 0.00020424783 | L52: =K52+L51 -> 0.99921392 | M52: C
A53: 4.2.2 | B53: 95875 | C53: SINAPI | D53: TRANSPORTE COM CAMINHÃO BASCULANTE DE 10 M³, EM VIA URBANA PAVIMENTADA, DMT ATÉ 30 KM. AF_12/2016 (BOTA-FORA) | E53: m³.km | F53: 1167.05 | G53: 2.43 | H53: 0.65 | I53: 3.08 | J53: 3594.514 | K53: =J53/$J$66 -> 0.00020253809 | L53: =K53+L52 -> 0.99941646 | M53: C
A54: 3.2 | B54: 9416 | C54: ORSE | D54: INSTALAÇÃO PROVISÓRIA DE ENERGIA ELÉTRICA AÉREA, EXCLUSIVE FORNECIMENTO DE MEDIDOR | E54: und | F54: 1 | G54: 1749 | H54: 469.4316 | I54: 2218.4316 | J54: 2218.4316 | K54: =J54/$J$66 -> 0.00012500074 | L54: =K54+L53 -> 0.99954146 | M54: C
A55: 5.2.1 | B55: CP-15 | C55: ANP | D55: Aquisição de material asfáltico - CM-30 | E55: t | F55: 0.28 | G55: 5514.76 | H55: 1480.16 | I55: 6994.92 | J55: 1958.5776 | K55: =J55/$J$66 -> 0.00011035889 | L55: =K55+L54 -> 0.99965182 | M55: C
A56: 5.1.1 | B56: CP-11 | C56: PRÓPRIA | D56: EXECUÇÃO DE IMPRIMAÇÃO COM ASFALTO DILUÍDO CM-30. AF_09/2017 | E56: m² | F56: 233.41 | G56: 6.53 | H56: 1.75 | I56: 8.28 | J56: 1932.6348 | K56: =J56/$J$66 -> 0.0001088971 | L56: =K56+L55 -> 0.99976072 | M56: C
A57: 5.1.4 | B57: 95878 | C57: SINAPI | D57: TRANSPORTE COM CAMINHÃO BASCULANTE DE 10 M³, EM VIA URBANA PAVIMENTADA, DMT ATÉ 30 KM (UNIDADE: TXKM). AF_07/2020 | E57: t.km | F57: 715.58 | G57: 1.64 | H57: 0.44 | I57: 2.08 | J57: 1488.4064 | K57: =J57/$J$66 -> 8.3866412e-05 | L57: =K57+L56 -> 0.99984458 | M57: C
A58: 3.3 | B58: 6096 | C58: ORSE | D58: Ligação Predial de Água em Mureta de Concreto, Provisória ou Definitiva, com Fornecimento de Material, inclusive Mureta e Hidrômetro, Rede DN 50mm | E58: und | F58: 1 | G58: 592.82 | H58: 159.11289 | I58: 751.93289 | J58: 751.93289 | K58: =J58/$J$66 -> 4.2368746e-05 | L58: =K58+L57 -> 0.99988695 | M58: C
A59: 5.3.3 | B59: CP-20 | C59: COMPOSIÇÃO | D59: Transporte de material asfáltico - CAP 50/70 | E59: t | F59: 1.31 | G59: 449.94 | H59: 120.7639 | I59: 570.7039 | J59: 747.6221 | K59: =J59/$J$66 -> 4.2125849e-05 | L59: =K59+L58 -> 0.99992908 | M59: C
A60: 5.2.2 | B60: CP-16 | C60: ANP | D60: Aquisição de material asfáltico - RR 1C | E60: t | F60: 0.11 | G60: 3775.96 | H60: 1013.47 | I60: 4789.43 | J60: 526.8373 | K60: =J60/$J$66 -> 2.968541e-05 | L60: =K60+L59 -> 0.99995876 | M60: C
A61: 5.1.5 | B61: CP-14 | C61: PRÓPRIA | D61: EXECUÇÃO DE PINTURA DE LIGAÇÃO SEM EMULSÃO ASFÁLTICA RR-1C. AF_11/2019 | E61: m² | F61: 233.41 | G61: 0.95 | H61: 0.25 | I61: 1.2 | J61: 280.092 | K61: =J61/$J$66 -> 1.5782189e-05 | L61: =K61+L60 -> 0.99997454 | M61: C
A62: 5.1.3 | B62: CP-13 | C62: PRÓPRIA | D62: Carga, manobra e descarga de mistura betuminosa a quente em caminhão basculante de 6 m³ - carga em usina de asfalto 100/140 t/h e descarga em vibroacabadora | E62: t | F62: 23.85 | G62: 7.58 | H62: 2.03 | I62: 9.61 | J62: 229.1985 | K62: =J62/$J$66 -> 1.2914521e-05 | L62: =K62+L61 -> 0.99998746 | M62: C
A63: 5.3.1 | B63: CP-18 | C63: COMPOSIÇÃO | D63: Transporte de material asfáltico - CM 30 | E63: t | F63: 0.28 | G63: 449.94 | H63: 120.76 | I63: 570.7 | J63: 159.796 | K63: =J63/$J$66 -> 9.0039368e-06 | L63: =K63+L62 -> 0.99999646 | M63: C
A64: 5.3.2 | B64: CP-19 | C64: COMPOSIÇÃO | D64: Transporte de material asfáltico - RR 1C | E64: t | F64: 0.11 | G64: 449.94 | H64: 120.76 | I64: 570.7 | J64: 62.777 | K64: =J64/$J$66 -> 3.5372609e-06 | L64: =K64+L63 -> 1 | M64: C
I66: TOTAL GERAL (R$) | J66: 17747348 | K66: =SUM(K6:K64) -> 1 | L66: =L64 -> 1

Sheet MC 1-SERV PREL 2-ADM 3-CANTEIRO
A1: PREFEITURA MUNICIPAL DE RIO LARGO - AL
A2: SECRETARIA MUNICIPAL DE INFRAESTRUTURA
A3: MACRODRENAGEM DO COMPLEXO BRASIL NNOVO
A4: MEMÓRIA DE CÁLCULO - SERVIÇOS PRELIMINARES, ADMINSTRAÇÃO E CANTEIRO DE OBRAS
A6: MEMÓRIA DE CÁLCULO - SERVIÇOS PRELIMINARES, ADMINSTRAÇÃO E CANTEIRO DE OBRAS
A7: Item | B7: Descrição dos serviços | C7: Un | D7: Qtd. | E7: Comp. | F7: Larg. | G7: Alt. | H7: Área (m²) | I7: Volume (m³) | J7: Peso ou taxa (t ou kg) | K7: TOTAL
A8: ='PLANILHA ORÇAMENTARIA'!A7 -> 1 | B8: =VLOOKUP(A8,'PLANILHA ORÇAMENTARIA'!$1:$1048576,4,FALSE) -> SERVIÇOS PRELIMINARES
A9: ='PLANILHA ORÇAMENTARIA'!A8 -> 1.1 | B9: =VLOOKUP(A9,'PLANILHA ORÇAMENTARIA'!$1:$1048576,4,FALSE) -> MOBILIZAÇÃO DE EQUIPAMENTOS | C9: =VLOOKUP(A9,'PLANILHA ORÇAMENTARIA'!$1:$1048576,5,FALSE) -> un | K9: =SUM(K10:K10) -> 1
B10: ÍNICIO DO PERÍODO DE EXECUÇÃO DA OBRA | D10: 1 | K10: =D10 -> 1
A12: ='PLANILHA ORÇAMENTARIA'!A9 -> 1.2 | B12: =VLOOKUP(A12,'PLANILHA ORÇAMENTARIA'!$1:$1048576,4,FALSE) -> DESMOBILIZAÇÃO DE EQUIPAMENTOS | C12: =VLOOKUP(A12,'PLANILHA ORÇAMENTARIA'!$1:$1048576,5,FALSE) -> un | K12: =SUM(K13:K13) -> 1
B13: FIM DO PERÍODO DE EXECUÇÃO DA OBRA | D13: 1 | K13: =D13 -> 1
A15: ='PLANILHA ORÇAMENTARIA'!A10 -> 1.3 | B15: =VLOOKUP(A15,'PLANILHA ORÇAMENTARIA'!$1:$1048576,4,FALSE) -> PLACAS DA OBRA EM CHAPA GALVANIZADA | C15: =VLOOKUP(A15,'PLANILHA ORÇAMENTARIA'!$1:$1048576,5,FALSE) -> m² | K15: =SUM(K16:K19) -> 15
B16: PLACA DA OBRA COM RESPONSÁVEIS TÉCNICOS | D16: 1 | E16: 2 | G16: 1.5 | H16: =G16*E16*D16 -> 3 | K16: =H16 -> 3
B17: PLACA DA OBRA COM INFORMAÇÕES DA PREFEITURA DE CONVÊNIO E PRAZOS | D17: 2 | E17: 3 | G17: 1.5 | H17: =G17*E17*D17 -> 9 | K17: =H17 -> 9
B18: LINCENÇA AMBIENTAL | D18: 1 | E18: 1 | G18: 1.5 | H18: =G18*E18*D18 -> 1.5 | K18: =H18 -> 1.5
B19: ALVARÁ DE CONSTRUÇÃO | D19: 1 | E19: 1 | G19: 1.5 | H19: =G19*E19*D19 -> 1.5 | K19: =H19 -> 1.5
A21: ='PLANILHA ORÇAMENTARIA'!A12 -> 2 | B21: =VLOOKUP(A21,'[129]ORÇAMENTO GERAL'!$A$2:$E$21,2,FALSE) -> ADMINISTRAÇÃO DE OBRA
A22: ='PLANILHA ORÇAMENTARIA'!A13 -> 2.1 | B22: =VLOOKUP(A22,'PLANILHA ORÇAMENTARIA'!$1:$1048576,4,FALSE) -> ADMINISTRAÇÃO LOCAL | C22: =VLOOKUP(A22,'PLANILHA ORÇAMENTARIA'!$1:$1048576,5,FALSE) -> mês | K22: =K23 -> 4
B23: PERÍODO DE EXECUÇÃO DA OBRA | D23: 4 | K23: =D23 -> 4
A25: ='PLANILHA ORÇAMENTARIA'!A15 -> 3 | B25: =VLOOKUP(A25,'[129]ORÇAMENTO GERAL'!$A$2:$E$21,2,FALSE) -> CANTEIRO DE OBRA
A26: ='PLANILHA ORÇAMENTARIA'!A16 -> 3.1 | B26: =VLOOKUP(A26,'PLANILHA ORÇAMENTARIA'!$1:$1048576,4,FALSE) -> FOSSA SÉPTICA EM ALVENARIA BLOCO DE CIMENTO E CONCRETO ARMADO, DIMENSÕES INTERNAS 2,10 X 4,20 X 1,50 M | C26: =VLOOKUP(A26,'PLANILHA ORÇAMENTARIA'!$1:$1048576,5,FALSE) -> und | K26: =K27 -> 1
B27: LIGAÇÃO PARA OBRA | D27: 1 | K27: =D27 -> 1
A29: ='PLANILHA ORÇAMENTARIA'!A17 -> 3.2 | B29: =VLOOKUP(A29,'PLANILHA ORÇAMENTARIA'!$1:$1048576,4,FALSE) -> INSTALAÇÃO PROVISÓRIA DE ENERGIA ELÉTRICA AÉREA, EXCLUSIVE FORNECIMENTO DE MEDIDOR | C29: =VLOOKUP(A29,'PLANILHA ORÇAMENTARIA'!$1:$1048576,5,FALSE) -> und | K29: =K30 -> 1
B30: LIGAÇÃO PARA OBRA | D30: 1 | K30: =D30 -> 1
A32: ='PLANILHA ORÇAMENTARIA'!A18 -> 3.3 | B32: =VLOOKUP(A32,'PLANILHA ORÇAMENTARIA'!$1:$1048576,4,FALSE) -> Ligação Predial de Água em Mureta de Concreto, Provisória ou Definitiva, com Fornecimento de Material, inclusive Mureta e Hidrômetro, Rede DN 50mm | C32: =VLOOKUP(A32,'PLANILHA ORÇAMENTARIA'!$1:$1048576,5,FALSE) -> und | K32: =K33 -> 1
B33: LIGAÇÃO PARA OBRA | D33: 1 | K33: =D33 -> 1
A35: ='PLANILHA ORÇAMENTARIA'!A19 -> 3.4 | B35: =VLOOKUP(A35,'PLANILHA ORÇAMENTARIA'!$1:$1048576,4,FALSE) -> Barracão para banheiro e vestiário de obra, s=35,10m², capacidade 20 operários com materiais novos | C35: =VLOOKUP(A35,'PLANILHA ORÇAMENTARIA'!$1:$1048576,5,FALSE) -> und | K35: =K36 -> 8
B36: VESTIÁRIO/BANHEIROS | E36: 4 | F36: 2 | H36: =E36*F36 -> 8 | K36: =H36 -> 8
A38: ='PLANILHA ORÇAMENTARIA'!A20 -> 3.5 | B38: =VLOOKUP(A38,'PLANILHA ORÇAMENTARIA'!$1:$1048576,4,FALSE) -> Barracão para escritório de obra porte médio s=43,56m2, c/ 2 salas e 2 banheiros com materiais novos | C38: =VLOOKUP(A38,'PLANILHA ORÇAMENTARIA'!$1:$1048576,5,FALSE) -> und | K38: =K39 -> 40
B39: ESCRITÓRIO PARA ABRIGAR A EQUIPE TÉCNICA | E39: 8 | F39: 5 | H39: =E39*F39 -> 40 | K39: =H39 -> 40
A41: ='PLANILHA ORÇAMENTARIA'!A21 -> 3.6 | B41: =VLOOKUP(A41,'PLANILHA ORÇAMENTARIA'!$1:$1048576,4,FALSE) -> Locação de container - Banheiro com chuveiros e vasos - 4,30 x 2,30m | C41: =VLOOKUP(A41,'PLANILHA ORÇAMENTARIA'!$1:$1048576,5,FALSE) -> mês | K41: =K42 -> 8
B42: DEPOSITO DE CONTROLE DE MATERIAIS | D42: 2 | J42: =D23 -> 4 | K42: =D42*J42 -> 8
A44: ='PLANILHA ORÇAMENTARIA'!A22 -> 3.7 | B44: =VLOOKUP(A44,'PLANILHA ORÇAMENTARIA'!$1:$1048576,4,FALSE) -> Barracão fechado porte pequeno para depósito de cimento e almoxarifado (s=38,72 m2) com materiais novos | C44: =VLOOKUP(A44,'PLANILHA ORÇAMENTARIA'!$1:$1048576,5,FALSE) -> un | K44: =K45 -> 30
B45: ALMOXARIFADO DE CONTROLE DE MATERIAIS | E45: 6 | F45: 5 | H45: =E45*F45 -> 30 | K45: =H45 -> 30
A47: ='PLANILHA ORÇAMENTARIA'!A23 -> 3.8 | B47: =VLOOKUP(A47,'PLANILHA ORÇAMENTARIA'!$1:$1048576,4,FALSE) -> Locação de container - Refeitório sem banheiro - 6,00 x 2,40m - Rev 02_x001F__02/2022 | C47: =VLOOKUP(A47,'PLANILHA ORÇAMENTARIA'!$1:$1048576,5,FALSE) -> mês | K47: =K48 -> 50
B48: REFEITÓRIO PARA ALIMENTAÇÃO DOS FUNCIONÁRIOS | E48: 10 | F48: 5 | H48: =E48*F48 -> 50 | K48: =H48 -> 50
A50: ='PLANILHA ORÇAMENTARIA'!A24 -> 3.9 | B50: =VLOOKUP(A50,'PLANILHA ORÇAMENTARIA'!$1:$1048576,4,FALSE) -> TAPUME DE CHAPA DE MADEIRA COMPENSADA, E= 6MM, COM PINTURA A CAL E REAPROVEITAMENTO DE 2X | C50: =VLOOKUP(A50,'PLANILHA ORÇAMENTARIA'!$1:$1048576,5,FALSE) -> m² | K50: =K51 -> 240
B51: CONTORNO DO CANTEIRO DE OBRAS | E51: 30 | F51: 30 | G51: 2 | H51: =(E51*2+F51*2)*G51 -> 240 | K51: =H51 -> 240

Sheet MC 4-REDE DRENAGEM
F1: PREFEITURA MUNICIPAL DE RIO LARGO - AL
F2: SECRETARIA MUNICIPAL DE INFRAESTRUTURA
F3: MACRODRENAGEM DO COMPLEO BRASIL NOVO
F4: MEMÓRIA DE CÁLCULO - REDE DE DRENAGEM
A6: TRECHO | B6: EXTENSÃO (m) | C6: ISOLAMENTO DA OBRA (m²) | D6: SEÇÃO (m) | E6: COTAS DE PROJETO - G.I.T. (m) | G6: COTAS DO GREIDE (m) | I6: ALTURA MEDIA - PROJETO (m) | L6: LARGURA VALA (m) | M6: EXCEDENTE FUNÇÃO PROF (m) | N6: ESCAV. MANUAL ATÉ 1,30 | O6: VOLUME DE ESCAVAÇÃO (m³) | S6: VOLUME ESCAVAÇÃO (m³) | T6: BOTA FORA (m³) | U6: REATERRO (m³) | V6: AREIA (m³) | W6: ESCORAMENTO (m²) | AA6: PREPARO FUNDO VALA (m²) | AB6: QUANT BOCA DE LOBO (un) | AC6: TUBOS PEAD CORRUGADO | AG6: CHAMINÉ PARA POÇO DE VISITA (m) | AH6: TIPO DE PAVIMENTO | AI6: QUEBRA E REP PAVIM ASFÁLTICO (m²)
A7: MONT / JUS | E7: MONT. | F7: JUS. | G7: MONT. | H7: JUS. | I7: MONT. | J7: JUS. | K7: MÉDIA + 0,10m (colchão) | O7: < 1,5 | P7: 1,5 - 3,0 | Q7: 3,0 - 4,5 | R7: 4,5 - 6,0 | W7: Até 1,50m | X7: 1,50m a 2,5m | Y7: 2,50m a 4,00m | Z7: Acima de 4,00m | AC7: Ø 375mm | AD7: Ø600mm | AE7: Ø1500mm | AF7: QUANT TOTAL POÇOS DE VISITA
C8: ='PLANILHA ORÇAMENTARIA'!A28 -> 4.1.1 | N8: ='PLANILHA ORÇAMENTARIA'!A33 -> 4.3.1 | O8: ='PLANILHA ORÇAMENTARIA'!A34 -> 4.3.2 | P8: ='PLANILHA ORÇAMENTARIA'!A35 -> 4.3.3 | Q8: ='PLANILHA ORÇAMENTARIA'!A36 -> 4.3.4 | R8: ='PLANILHA ORÇAMENTARIA'!A37 -> 4.3.5 | T8: ='PLANILHA ORÇAMENTARIA'!A47 -> 4.3.15 | U8: ='PLANILHA ORÇAMENTARIA'!A49 -> 4.3.17 | V8: ='[130]Análise- Resumo'!A51 -> 4.1.4.13 | Y8: ='PLANILHA ORÇAMENTARIA'!A38 -> 4.3.6 | Z8: ='PLANILHA ORÇAMENTARIA'!A39 -> 4.3.7 | AA8: ='PLANILHA ORÇAMENTARIA'!A40 -> 4.3.8 | AC8: ='PLANILHA ORÇAMENTARIA'!A41 -> 4.3.9 | AE8: ='PLANILHA ORÇAMENTARIA'!A42 -> 4.3.10 | AF8: ='PLANILHA ORÇAMENTARIA'!A44 -> 4.3.12 | AG8: ='PLANILHA ORÇAMENTARIA'!A45 -> 4.3.13 | AI8: ='PLANILHA ORÇAMENTARIA'!A56 -> 5.1.1 | AK8: Fundo do colchão= | AL8: 0.1
A9: COLETOR 1 | AK9: Colchão Superior a Geratriz do Tubo = | AL9: 0.15
B11: =SUM(B12:B32) -> 1343.39 | C11: =SUM(C12:C32) -> 2686.78 | N11: =SUM(N12:N32) -> 425.4012 | O11: =SUM(O12:O32) -> 5955.6288 | P11: =SUM(P12:P32) -> 5565.03 | Q11: =SUM(Q12:Q32) -> 4801.64 | R11: =SUM(R12:R32) -> 1737.06 | S11: =SUM(S12:S32) -> 18484.76 | T11: =SUM(T12:T32) -> 7444.51 | U11: =SUM(U12:U32) -> 11040.25 | ... AC11: =SUM(AC12:AC32) -> 150 | AE11: =SUM(AE12:AE32) -> 1343.39 | AF11: =SUM(AF12:AF32) -> 20 | AG11: =SUM(AG12:AG32) -> 51.01 | AI11: =SUM(AI12:AI32) -> 233.409
A12: PV01 - PV02 | B12: 72 | C12: =ROUND(B12*2,2) -> 144 | D12: 1.5 | E12: 106.5 | F12: 106.47 | G12: 108.88 | H12: 110.03 | I12: =ROUND(G12-E12,2) -> 2.38 | J12: =ROUND(H12-F12,2) -> 3.56 | K12: =IF(B12<=0,0,ROUND(AVERAGE(I12:J12)+AL$8,2)) -> 3.07 | L12: =IF(D12=0.6,"1,2",IF(D12=0.75,"1,5",IF(D12=0.9,"1,7",IF(D12=1.05,"1,8",IF(D12=1.2,"2,2",IF(D12=1.5,"2,6","VALOR INCORRETO"))))))+M12 -> 3 | M12: =IF(K12<=1.5,0,IF(K12>=6,0.8,IF(K12>=4.5,0.6,IF(K12>=3,0.4,IF(K12>1.5,0.2,""))))) -> 0.4 | N12: =0.1*L12*B12 -> 21.6 | O12: =ROUND(IF(K12<1.5,L12*K12*B12,1.5*L12*B12),2)-N12 -> 302.4 | P12: =ROUND(IF(K12<=1.5,0,IF(K12<=3,B12*L12*(K12-1.5),IF(K12<=4.5,B12*L12*(3-1.5),IF(K12<=6,B12*L12*(3-1.5),0)))),2) -> 324 | Q12: =ROUND(IF(K12<=1.5,0,IF(K12<=3,0,IF(K12<=4.5,B12*L12*(K12-3),IF(K12<=6,B12*L12*(4.5-3),0)))),2) -> 15.12 | R12: =ROUND(IF(K12<=1.5,0,IF(K12<=3,0,IF(K12<=4.5,0,IF(K12<=6,B12*L12*(K12-4.5),0)))),2) -> 0 | S12: =ROUND(SUM(N12:R12),2) -> 663.12 | T12: =ROUND(S12-U12,2) -> 378 | U12: =ROUND(IF(($AL$8+D12+$AL$9)>K12,0,S12-(B12*L12*(AL$8+D12+AL$9))),2) -> 285.12 | V12: =ROUND((B12*L12*(AL$8+D12+AL$9))-(PI()*((D12/2)^2)*B12),2) -> 250.77 | W12: =ROUND(IF(K12<=1.25,0,IF(K12<=1.5,K12*B12*2,0)),2) -> 0 | X12: =ROUND(IF(K12<=1.5,0,IF(K12>2.5,0,B12*K12*2)),2) -> 0 | Y12: =ROUND(IF(K12<=2.5,0,IF(K12<=4,B12*K12*2,0)),2) -> 442.08 | Z12: =ROUND(IF(K12<=4,0,B12*K12*2),2) -> 0 | AA12: =B12*L12 -> 216 | AB12: 2 | AC12: =AB12*5 -> 10 | AE12: =IF($D12=1.5,$B12,0) -> 72 | AF12: =IF(D12=1.5,1,0) -> 1 | AG12: =IF(G12-E12<=2.2,0,IF(G12-E12-2.2<0,0,G12-E12-2.2)) -> 0.18 | AH12: TN | AI12: =IF(AH12="A",B12*(L12+0.1),0) -> 0
A13: PV02 - PV03 | B13: 72 | C13: =ROUND(B13*2,2) -> 144 | D13: 1.5 | E13: 106.47 | F13: 106.44 | G13: 110.03 | H13: 111.21 | I13: =ROUND(G13-E13,2) -> 3.56 | J13: =ROUND(H13-F13,2) -> 4.77 | K13: =IF(B13<=0,0,ROUND(AVERAGE(I13:J13)+AL$8,2)) -> 4.27 | L13: =IF(D13=0.6,"1,2",IF(D13=0.75,"1,5",IF(D13=0.9,"1,7",IF(D13=1.05,"1,8",IF(D13=1.2,"2,2",IF(D13=1.5,"2,6","VALOR INCORRETO"))))))+M13 -> 3 | M13: =IF(K13<=1.5,0,IF(K13>=6,0.8,IF(K13>=4.5,0.6,IF(K13>=3,0.4,IF(K13>1.5,0.2,""))))) -> 0.4 | N13: =0.1*L13*B13 -> 21.6 | O13: =ROUND(IF(K13<1.5,L13*K13*B13,1.5*L13*B13),2)-N13 -> 302.4 | P13: =ROUND(IF(K13<=1.5,0,IF(K13<=3,B13*L13*(K13-1.5),IF(K13<=4.5,B13*L13*(3-1.5),IF(K13<=6,B13*L13*(3-1.5),0)))),2) -> 324 | Q13: =ROUND(IF(K13<=1.5,0,IF(K13<=3,0,IF(K13<=4.5,B13*L13*(K13-3),IF(K13<=6,B13*L13*(4.5-3),0)))),2) -> 274.32 | R13: =ROUND(IF(K13<=1.5,0,IF(K13<=3,0,IF(K13<=4.5,0,IF(K13<=6,B13*L13*(K13-4.5),0)))),2) -> 0 | S13: =ROUND(SUM(N13:R13),2) -> 922.32 | T13: =ROUND(S13-U13,2) -> 378 | U13: =ROUND(IF(($AL$8+D13+$AL$9)>K13,0,S13-(B13*L13*(AL$8+D13+AL$9))),2) -> 544.32 | V13: =ROUND((B13*L13*(AL$8+D13+AL$9))-(PI()*((D13/2)^2)*B13),2) -> 250.77 | W13: =ROUND(IF(K13<=1.25,0,IF(K13<=1.5,K13*B13*2,0)),2) -> 0 | X13: =ROUND(IF(K13<=1.5,0,IF(K13>2.5,0,B13*K13*2)),2) -> 0 | Y13: =ROUND(IF(K13<=2.5,0,IF(K13<=4,B13*K13*2,0)),2) -> 0 | Z13: =ROUND(IF(K13<=4,0,B13*K13*2),2) -> 614.88 | AA13: =B13*L13 -> 216 | AB13: 2 | AC13: =AB13*5 -> 10 | AE13: =IF($D13=1.5,$B13,0) -> 72 | AF13: =IF(D13=1.5,1,0) -> 1 | AG13: =IF(G13-E13<=2.2,0,IF(G13-E13-2.2<0,0,G13-E13-2.2)) -> 1.36 | AH13: TN | AI13: =IF(AH13="A",B13*(L13+0.1),0) -> 0
A14: PV03 - PV04 | B14: 72 | C14: =ROUND(B14*2,2) -> 144 | D14: 1.5 | E14: 106.44 | F14: 106.41 | G14: 111.21 | H14: 111.4 | I14: =ROUND(G14-E14,2) -> 4.77 | J14: =ROUND(H14-F14,2) -> 4.99 | K14: =IF(B14<=0,0,ROUND(AVERAGE(I14:J14)+AL$8,2)) -> 4.98 | L14: =IF(D14=0.6,"1,2",IF(D14=0.75,"1,5",IF(D14=0.9,"1,7",IF(D14=1.05,"1,8",IF(D14=1.2,"2,2",IF(D14=1.5,"2,6","VALOR INCORRETO"))))))+M14 -> 3.2 | M14: =IF(K14<=1.5,0,IF(K14>=6,0.8,IF(K14>=4.5,0.6,IF(K14>=3,0.4,IF(K14>1.5,0.2,""))))) -> 0.6 | N14: =0.1*L14*B14 -> 23.04 | O14: =ROUND(IF(K14<1.5,L14*K14*B14,1.5*L14*B14),2)-N14 -> 322.56 | P14: =ROUND(IF(K14<=1.5,0,IF(K14<=3,B14*L14*(K14-1.5),IF(K14<=4.5,B14*L14*(3-1.5),IF(K14<=6,B14*L14*(3-1.5),0)))),2) -> 345.6 | Q14: =ROUND(IF(K14<=1.5,0,IF(K14<=3,0,IF(K14<=4.5,B14*L14*(K14-3),IF(K14<=6,B14*L14*(4.5-3),0)))),2) -> 345.6 | R14: =ROUND(IF(K14<=1.5,0,IF(K14<=3,0,IF(K14<=4.5,0,IF(K14<=6,B14*L14*(K14-4.5),0)))),2) -> 110.59 | S14: =ROUND(SUM(N14:R14),2) -> 1147.39 | T14: =ROUND(S14-U14,2) -> 403.2 | U14: =ROUND(IF(($AL$8+D14+$AL$9)>K14,0,S14-(B14*L14*(AL$8+D14+AL$9))),2) -> 744.19 | V14: =ROUND((B14*L14*(AL$8+D14+AL$9))-(PI()*((D14/2)^2)*B14),2) -> 275.97 | W14: =ROUND(IF(K14<=1.25,0,IF(K14<=1.5,K14*B14*2,0)),2) -> 0 | X14: =ROUND(IF(K14<=1.5,0,IF(K14>2.5,0,B14*K14*2)),2) -> 0 | Y14: =ROUND(IF(K14<=2.5,0,IF(K14<=4,B14*K14*2,0)),2) -> 0 | Z14: =ROUND(IF(K14<=4,0,B14*K14*2),2) -> 717.12 | AA14: =B14*L14 -> 230.4 | AB14: 2 | AC14: =AB14*5 -> 10 | AE14: =IF($D14=1.5,$B14,0) -> 72 | AF14: =IF(D14=1.5,1,0) -> 1 | AG14: =IF(G14-E14<=2.2,0,IF(G14-E14-2.2<0,0,G14-E14-2.2)) -> 2.57 | AH14: TN | AI14: =IF(AH14="A",B14*(L14+0.1),0) -> 0
A15: PV04 - PV05 | B15: 72.16 | C15: =ROUND(B15*2,2) -> 144.32 | D15: 1.5 | E15: 106.41 | F15: 106.38 | G15: 111.4 | H15: 111.25 | I15: =ROUND(G15-E15,2) -> 4.99 | J15: =ROUND(H15-F15,2) -> 4.87 | K15: =IF(B15<=0,0,ROUND(AVERAGE(I15:J15)+AL$8,2)) -> 5.03 | L15: =IF(D15=0.6,"1,2",IF(D15=0.75,"1,5",IF(D15=0.9,"1,7",IF(D15=1.05,"1,8",IF(D15=1.2,"2,2",IF(D15=1.5,"2,6","VALOR INCORRETO"))))))+M15 -> 3.2 | M15: =IF(K15<=1.5,0,IF(K15>=6,0.8,IF(K15>=4.5,0.6,IF(K15>=3,0.4,IF(K15>1.5,0.2,""))))) -> 0.6 | N15: =0.1*L15*B15 -> 23.0912 | O15: =ROUND(IF(K15<1.5,L15*K15*B15,1.5*L15*B15),2)-N15 -> 323.2788 | P15: =ROUND(IF(K15<=1.5,0,IF(K15<=3,B15*L15*(K15-1.5),IF(K15<=4.5,B15*L15*(3-1.5),IF(K15<=6,B15*L15*(3-1.5),0)))),2) -> 346.37 | Q15: =ROUND(IF(K15<=1.5,0,IF(K15<=3,0,IF(K15<=4.5,B15*L15*(K15-3),IF(K15<=6,B15*L15*(4.5-3),0)))),2) -> 346.37 | R15: =ROUND(IF(K15<=1.5,0,IF(K15<=3,0,IF(K15<=4.5,0,IF(K15<=6,B15*L15*(K15-4.5),0)))),2) -> 122.38 | S15: =ROUND(SUM(N15:R15),2) -> 1161.49 | T15: =ROUND(S15-U15,2) -> 404.1 | U15: =ROUND(IF(($AL$8+D15+$AL$9)>K15,0,S15-(B15*L15*(AL$8+D15+AL$9))),2) -> 757.39 | V15: =ROUND((B15*L15*(AL$8+D15+AL$9))-(PI()*((D15/2)^2)*B15),2) -> 276.58 | W15: =ROUND(IF(K15<=1.25,0,IF(K15<=1.5,K15*B15*2,0)),2) -> 0 | X15: =ROUND(IF(K15<=1.5,0,IF(K15>2.5,0,B15*K15*2)),2) -> 0 | Y15: =ROUND(IF(K15<=2.5,0,IF(K15<=4,B15*K15*2,0)),2) -> 0 | Z15: =ROUND(IF(K15<=4,0,B15*K15*2),2) -> 725.93 | AA15: =B15*L15 -> 230.912 | AB15: 2 | AC15: =AB15*5 -> 10 | AE15: =IF($D15=1.5,$B15,0) -> 72.16 | AF15: =IF(D15=1.5,1,0) -> 1 | AG15: =IF(G15-E15<=2.2,0,IF(G15-E15-2.2<0,0,G15-E15-2.2)) -> 2.79 | AH15: TN | AI15: =IF(AH15="A",B15*(L15+0.1),0) -> 0
A16: PV05 - PV06 | B16: 48.7 | C16: =ROUND(B16*2,2) -> 97.4 | D16: 1.5 | E16: 106.38 | F16: 106.36 | G16: 111.25 | H16: 111.4 | I16: =ROUND(G16-E16,2) -> 4.87 | J16: =ROUND(H16-F16,2) -> 5.04 | K16: =IF(B16<=0,0,ROUND(AVERAGE(I16:J16)+AL$8,2)) -> 5.06 | L16: =IF(D16=0.6,"1,2",IF(D16=0.75,"1,5",IF(D16=0.9,"1,7",IF(D16=1.05,"1,8",IF(D16=1.2,"2,2",IF(D16=1.5,"2,6","VALOR INCORRETO"))))))+M16 -> 3.2 | M16: =IF(K16<=1.5,0,IF(K16>=6,0.8,IF(K16>=4.5,0.6,IF(K16>=3,0.4,IF(K16>1.5,0.2,""))))) -> 0.6 | N16: =0.1*L16*B16 -> 15.584 | O16: =ROUND(IF(K16<1.5,L16*K16*B16,1.5*L16*B16),2)-N16 -> 218.176 | P16: =ROUND(IF(K16<=1.5,0,IF(K16<=3,B16*L16*(K16-1.5),IF(K16<=4.5,B16*L16*(3-1.5),IF(K16<=6,B16*L16*(3-1.5),0)))),2) -> 233.76 | Q16: =ROUND(IF(K16<=1.5,0,IF(K16<=3,0,IF(K16<=4.5,B16*L16*(K16-3),IF(K16<=6,B16*L16*(4.5-3),0)))),2) -> 233.76 | R16: =ROUND(IF(K16<=1.5,0,IF(K16<=3,0,IF(K16<=4.5,0,IF(K16<=6,B16*L16*(K16-4.5),0)))),2) -> 87.27 | S16: =ROUND(SUM(N16:R16),2) -> 788.55 | T16: =ROUND(S16-U16,2) -> 272.72 | U16: =ROUND(IF(($AL$8+D16+$AL$9)>K16,0,S16-(B16*L16*(AL$8+D16+AL$9))),2) -> 515.83 | V16: =ROUND((B16*L16*(AL$8+D16+AL$9))-(PI()*((D16/2)^2)*B16),2) -> 186.66 | W16: =ROUND(IF(K16<=1.25,0,IF(K16<=1.5,K16*B16*2,0)),2) -> 0 | X16: =ROUND(IF(K16<=1.5,0,IF(K16>2.5,0,B16*K16*2)),2) -> 0 | Y16: =ROUND(IF(K16<=2.5,0,IF(K16<=4,B16*K16*2,0)),2) -> 0 | Z16: =ROUND(IF(K16<=4,0,B16*K16*2),2) -> 492.84 | AA16: =B16*L16 -> 155.84 | AB16: 4 | AC16: =AB16*5 -> 20 | AE16: =IF($D16=1.5,$B16,0) -> 48.7 | AF16: =IF(D16=1.5,1,0) -> 1 | AG16: =IF(G16-E16<=2.2,0,IF(G16-E16-2.2<0,0,G16-E16-2.2)) -> 2.67 | AH16: TN | AI16: =IF(AH16="A",B16*(L16+0.1),0) -> 0
A17: PV06 - PV07 | B17: 71.13 | C17: =ROUND(B17*2,2) -> 142.26 | D17: 1.5 | E17: 106.36 | F17: 106.32 | G17: 111.4 | H17: 111.68 | I17: =ROUND(G17-E17,2) -> 5.04 | J17: =ROUND(H17-F17,2) -> 5.36 | K17: =IF(B17<=0,0,ROUND(AVERAGE(I17:J17)+AL$8,2)) -> 5.3 | L17: =IF(D17=0.6,"1,2",IF(D17=0.75,"1,5",IF(D17=0.9,"1,7",IF(D17=1.05,"1,8",IF(D17=1.2,"2,2",IF(D17=1.5,"2,6","VALOR INCORRETO"))))))+M17 -> 3.2 | M17: =IF(K17<=1.5,0,IF(K17>=6,0.8,IF(K17>=4.5,0.6,IF(K17>=3,0.4,IF(K17>1.5,0.2,""))))) -> 0.6 | N17: =0.1*L17*B17 -> 22.7616 | O17: =ROUND(IF(K17<1.5,L17*K17*B17,1.5*L17*B17),2)-N17 -> 318.6584 | P17: =ROUND(IF(K17<=1.5,0,IF(K17<=3,B17*L17*(K17-1.5),IF(K17<=4.5,B17*L17*(3-1.5),IF(K17<=6,B17*L17*(3-1.5),0)))),2) -> 341.42 | Q17: =ROUND(IF(K17<=1.5,0,IF(K17<=3,0,IF(K17<=4.5,B17*L17*(K17-3),IF(K17<=6,B17*L17*(4.5-3),0)))),2) -> 341.42 | R17: =ROUND(IF(K17<=1.5,0,IF(K17<=3,0,IF(K17<=4.5,0,IF(K17<=6,B17*L17*(K17-4.5),0)))),2) -> 182.09 | S17: =ROUND(SUM(N17:R17),2) -> 1206.35 | T17: =ROUND(S17-U17,2) -> 398.33 | U17: =ROUND(IF(($AL$8+D17+$AL$9)>K17,0,S17-(B17*L17*(AL$8+D17+AL$9))),2) -> 808.02 | V17: =ROUND((B17*L17*(AL$8+D17+AL$9))-(PI()*((D17/2)^2)*B17),2) -> 272.63 | W17: =ROUND(IF(K17<=1.25,0,IF(K17<=1.5,K17*B17*2,0)),2) -> 0 | X17: =ROUND(IF(K17<=1.5,0,IF(K17>2.5,0,B17*K17*2)),2) -> 0 | Y17: =ROUND(IF(K17<=2.5,0,IF(K17<=4,B17*K17*2,0)),2) -> 0 | Z17: =ROUND(IF(K17<=4,0,B17*K17*2),2) -> 753.98 | AA17: =B17*L17 -> 227.616 | AB17: 3 | AC17: =AB17*5 -> 15 | AE17: =IF($D17=1.5,$B17,0) -> 71.13 | AF17: =IF(D17=1.5,1,0) -> 1 | AG17: =IF(G17-E17<=2.2,0,IF(G17-E17-2.2<0,0,G17-E17-2.2)) -> 2.84 | AH17: TN | AI17: =IF(AH17="A",B17*(L17+0.1),0) -> 0
A18: PV07 - PV08 | B18: 90.37 | C18: =ROUND(B18*2,2) -> 180.74 | D18: 1.5 | E18: 106.32 | F18: 106.26 | G18: 111.68 | H18: 111.33 | I18: =ROUND(G18-E18,2) -> 5.36 | J18: =ROUND(H18-F18,2) -> 5.07 | K18: =IF(B18<=0,0,ROUND(AVERAGE(I18:J18)+AL$8,2)) -> 5.32 | L18: =IF(D18=0.6,"1,2",IF(D18=0.75,"1,5",IF(D18=0.9,"1,7",IF(D18=1.05,"1,8",IF(D18=1.2,"2,2",IF(D18=1.5,"2,6","VALOR INCORRETO"))))))+M18 -> 3.2 | M18: =IF(K18<=1.5,0,IF(K18>=6,0.8,IF(K18>=4.5,0.6,IF(K18>=3,0.4,IF(K18>1.5,0.2,""))))) -> 0.6 | N18: =0.1*L18*B18 -> 28.9184 | O18: =ROUND(IF(K18<1.5,L18*K18*B18,1.5*L18*B18),2)-N18 -> 404.8616 | P18: =ROUND(IF(K18<=1.5,0,IF(K18<=3,B18*L18*(K18-1.5),IF(K18<=4.5,B18*L18*(3-1.5),IF(K18<=6,B18*L18*(3-1.5),0)))),2) -> 433.78 | Q18: =ROUND(IF(K18<=1.5,0,IF(K18<=3,0,IF(K18<=4.5,B18*L18*(K18-3),IF(K18<=6,B18*L18*(4.5-3),0)))),2) -> 433.78 | R18: =ROUND(IF(K18<=1.5,0,IF(K18<=3,0,IF(K18<=4.5,0,IF(K18<=6,B18*L18*(K18-4.5),0)))),2) -> 237.13 | S18: =ROUND(SUM(N18:R18),2) -> 1538.47 | T18: =ROUND(S18-U18,2) -> 506.07 | U18: =ROUND(IF(($AL$8+D18+$AL$9)>K18,0,S18-(B18*L18*(AL$8+D18+AL$9))),2) -> 1032.4 | V18: =ROUND((B18*L18*(AL$8+D18+AL$9))-(PI()*((D18/2)^2)*B18),2) -> 346.38 | W18: =ROUND(IF(K18<=1.25,0,IF(K18<=1.5,K18*B18*2,0)),2) -> 0 | X18: =ROUND(IF(K18<=1.5,0,IF(K18>2.5,0,B18*K18*2)),2) -> 0 | Y18: =ROUND(IF(K18<=2.5,0,IF(K18<=4,B18*K18*2,0)),2) -> 0 | Z18: =ROUND(IF(K18<=4,0,B18*K18*2),2) -> 961.54 | AA18: =B18*L18 -> 289.184 | AB18: 3 | AC18: =AB18*5 -> 15 | AE18: =IF($D18=1.5,$B18,0) -> 90.37 | AF18: =IF(D18=1.5,1,0) -> 1 | AG18: =IF(G18-E18<=2.2,0,IF(G18-E18-2.2<0,0,G18-E18-2.2)) -> 3.16 | AH18: TN | AI18: =IF(AH18="A",B18*(L18+0.1),0) -> 0
A19: PV08 - PV09 | B19: 23.79 | C19: =ROUND(B19*2,2) -> 47.58 | D19: 1.5 | E19: 106.26 | F19: 106.24 | G19: 111.33 | H19: 111.2 | I19: =ROUND(G19-E19,2) -> 5.07 | J19: =ROUND(H19-F19,2) -> 4.96 | K19: =IF(B19<=0,0,ROUND(AVERAGE(I19:J19)+AL$8,2)) -> 5.12 | L19: =IF(D19=0.6,"1,2",IF(D19=0.75,"1,5",IF(D19=0.9,"1,7",IF(D19=1.05,"1,8",IF(D19=1.2,"2,2",IF(D19=1.5,"2,6","VALOR INCORRETO"))))))+M19 -> 3.2 | M19: =IF(K19<=1.5,0,IF(K19>=6,0.8,IF(K19>=4.5,0.6,IF(K19>=3,0.4,IF(K19>1.5,0.2,""))))) -> 0.6 | N19: =0.1*L19*B19 -> 7.6128 | O19: =ROUND(IF(K19<1.5,L19*K19*B19,1.5*L19*B19),2)-N19 -> 106.5772 | P19: =ROUND(IF(K19<=1.5,0,IF(K19<=3,B19*L19*(K19-1.5),IF(K19<=4.5,B19*L19*(3-1.5),IF(K19<=6,B19*L19*(3-1.5),0)))),2) -> 114.19 | Q19: =ROUND(IF(K19<=1.5,0,IF(K19<=3,0,IF(K19<=4.5,B19*L19*(K19-3),IF(K19<=6,B19*L19*(4.5-3),0)))),2) -> 114.19 | R19: =ROUND(IF(K19<=1.5,0,IF(K19<=3,0,IF(K19<=4.5,0,IF(K19<=6,B19*L19*(K19-4.5),0)))),2) -> 47.2 | S19: =ROUND(SUM(N19:R19),2) -> 389.77 | T19: =ROUND(S19-U19,2) -> 133.22 | U19: =ROUND(IF(($AL$8+D19+$AL$9)>K19,0,S19-(B19*L19*(AL$8+D19+AL$9))),2) -> 256.55 | V19: =ROUND((B19*L19*(AL$8+D19+AL$9))-(PI()*((D19/2)^2)*B19),2) -> 91.18 | W19: =ROUND(IF(K19<=1.25,0,IF(K19<=1.5,K19*B19*2,0)),2) -> 0 | X19: =ROUND(IF(K19<=1.5,0,IF(K19>2.5,0,B19*K19*2)),2) -> 0 | Y19: =ROUND(IF(K19<=2.5,0,IF(K19<=4,B19*K19*2,0)),2) -> 0 | Z19: =ROUND(IF(K19<=4,0,B19*K19*2),2) -> 243.61 | AA19: =B19*L19 -> 76.128 | AB19: 2 | AC19: =AB19*5 -> 10 | AE19: =IF($D19=1.5,$B19,0) -> 23.79 | AF19: =IF(D19=1.5,1,0) -> 1 | AG19: =IF(G19-E19<=2.2,0,IF(G19-E19-2.2<0,0,G19-E19-2.2)) -> 2.87 | AH19: A | AI19: =IF(AH19="A",B19*(L19+0.1),0) -> 78.507
A20: PV09 - PV10 | B20: 46.94 | C20: =ROUND(B20*2,2) -> 93.88 | D20: 1.5 | E20: 106.24 | F20: 106.2 | G20: 111.2 | H20: 110.83 | I20: =ROUND(G20-E20,2) -> 4.96 | J20: =ROUND(H20-F20,2) -> 4.63 | K20: =IF(B20<=0,0,ROUND(AVERAGE(I20:J20)+AL$8,2)) -> 4.9 | L20: =IF(D20=0.6,"1,2",IF(D20=0.75,"1,5",IF(D20=0.9,"1,7",IF(D20=1.05,"1,8",IF(D20=1.2,"2,2",IF(D20=1.5,"2,6","VALOR INCORRETO"))))))+M20 -> 3.2 | M20: =IF(K20<=1.5,0,IF(K20>=6,0.8,IF(K20>=4.5,0.6,IF(K20>=3,0.4,IF(K20>1.5,0.2,""))))) -> 0.6 | N20: =0.1*L20*B20 -> 15.0208 | O20: =ROUND(IF(K20<1.5,L20*K20*B20,1.5*L20*B20),2)-N20 -> 210.2892 | P20: =ROUND(IF(K20<=1.5,0,IF(K20<=3,B20*L20*(K20-1.5),IF(K20<=4.5,B20*L20*(3-1.5),IF(K20<=6,B20*L20*(3-1.5),0)))),2) -> 225.31 | Q20: =ROUND(IF(K20<=1.5,0,IF(K20<=3,0,IF(K20<=4.5,B20*L20*(K20-3),IF(K20<=6,B20*L20*(4.5-3),0)))),2) -> 225.31 | R20: =ROUND(IF(K20<=1.5,0,IF(K20<=3,0,IF(K20<=4.5,0,IF(K20<=6,B20*L20*(K20-4.5),0)))),2) -> 60.08 | S20: =ROUND(SUM(N20:R20),2) -> 736.01 | T20: =ROUND(S20-U20,2) -> 262.86 | U20: =ROUND(IF(($AL$8+D20+$AL$9)>K20,0,S20-(B20*L20*(AL$8+D20+AL$9))),2) -> 473.15 | V20: =ROUND((B20*L20*(AL$8+D20+AL$9))-(PI()*((D20/2)^2)*B20),2) -> 179.91 | W20: =ROUND(IF(K20<=1.25,0,IF(K20<=1.5,K20*B20*2,0)),2) -> 0 | X20: =ROUND(IF(K20<=1.5,0,IF(K20>2.5,0,B20*K20*2)),2) -> 0 | Y20: =ROUND(IF(K20<=2.5,0,IF(K20<=4,B20*K20*2,0)),2) -> 0 | Z20: =ROUND(IF(K20<=4,0,B20*K20*2),2) -> 460.01 | AA20: =B20*L20 -> 150.208 | AB20: 3 | AC20: =AB20*5 -> 15 | AE20: =IF($D20=1.5,$B20,0) -> 46.94 | AF20: =IF(D20=1.5,1,0) -> 1 | AG20: =IF(G20-E20<=2.2,0,IF(G20-E20-2.2<0,0,G20-E20-2.2)) -> 2.76 | AH20: A | AI20: =IF(AH20="A",B20*(L20+0.1),0) -> 154.902
A21: PV10 - PV11 | B21: 50 | C21: =ROUND(B21*2,2) -> 100 | D21: 1.5 | E21: 106.2 | F21: 106.14 | G21: 110.83 | H21: 110.8 | I21: =ROUND(G21-E21,2) -> 4.63 | J21: =ROUND(H21-F21,2) -> 4.66 | K21: =IF(B21<=0,0,ROUND(AVERAGE(I21:J21)+AL$8,2)) -> 4.75 | L21: =IF(D21=0.6,"1,2",IF(D21=0.75,"1,5",IF(D21=0.9,"1,7",IF(D21=1.05,"1,8",IF(D21=1.2,"2,2",IF(D21=1.5,"2,6","VALOR INCORRETO"))))))+M21 -> 3.2 | M21: =IF(K21<=1.5,0,IF(K21>=6,0.8,IF(K21>=4.5,0.6,IF(K21>=3,0.4,IF(K21>1.5,0.2,""))))) -> 0.6 | N21: =0.1*L21*B21 -> 16 | O21: =ROUND(IF(K21<1.5,L21*K21*B21,1.5*L21*B21),2)-N21 -> 224 | P21: =ROUND(IF(K21<=1.5,0,IF(K21<=3,B21*L21*(K21-1.5),IF(K21<=4.5,B21*L21*(3-1.5),IF(K21<=6,B21*L21*(3-1.5),0)))),2) -> 240 | Q21: =ROUND(IF(K21<=1.5,0,IF(K21<=3,0,IF(K21<=4.5,B21*L21*(K21-3),IF(K21<=6,B21*L21*(4.5-3),0)))),2) -> 240 | R21: =ROUND(IF(K21<=1.5,0,IF(K21<=3,0,IF(K21<=4.5,0,IF(K21<=6,B21*L21*(K21-4.5),0)))),2) -> 40 | S21: =ROUND(SUM(N21:R21),2) -> 760 | T21: =ROUND(S21-U21,2) -> 280 | U21: =ROUND(IF(($AL$8+D21+$AL$9)>K21,0,S21-(B21*L21*(AL$8+D21+AL$9))),2) -> 480 | V21: =ROUND((B21*L21*(AL$8+D21+AL$9))-(PI()*((D21/2)^2)*B21),2) -> 191.64 | W21: =ROUND(IF(K21<=1.25,0,IF(K21<=1.5,K21*B21*2,0)),2) -> 0 | X21: =ROUND(IF(K21<=1.5,0,IF(K21>2.5,0,B21*K21*2)),2) -> 0 | Y21: =ROUND(IF(K21<=2.5,0,IF(K21<=4,B21*K21*2,0)),2) -> 0 | Z21: =ROUND(IF(K21<=4,0,B21*K21*2),2) -> 475 | AA21: =B21*L21 -> 160 | AB21: 3 | AC21: =AB21*5 -> 15 | AE21: =IF($D21=1.5,$B21,0) -> 50 | AF21: =IF(D21=1.5,1,0) -> 1 | AG21: =IF(G21-E21<=2.2,0,IF(G21-E21-2.2<0,0,G21-E21-2.2)) -> 2.43 | AH21: TN | AI21: =IF(AH21="A",B21*(L21+0.1),0) -> 0
A22: PV11 - PV12 | B22: 60.47 | C22: =ROUND(B22*2,2) -> 120.94 | D22: 1.5 | E22: 106.14 | F22: 106.07 | G22: 110.8 | H22: 110.6 | I22: =ROUND(G22-E22,2) -> 4.66 | J22: =ROUND(H22-F22,2) -> 4.53 | K22: =IF(B22<=0,0,ROUND(AVERAGE(I22:J22)+AL$8,2)) -> 4.7 | L22: =IF(D22=0.6,"1,2",IF(D22=0.75,"1,5",IF(D22=0.9,"1,7",IF(D22=1.05,"1,8",IF(D22=1.2,"2,2",IF(D22=1.5,"2,6","VALOR INCORRETO"))))))+M22 -> 3.2 | M22: =IF(K22<=1.5,0,IF(K22>=6,0.8,IF(K22>=4.5,0.6,IF(K22>=3,0.4,IF(K22>1.5,0.2,""))))) -> 0.6 | N22: =0.1*L22*B22 -> 19.3504 | O22: =ROUND(IF(K22<1.5,L22*K22*B22,1.5*L22*B22),2)-N22 -> 270.9096 | P22: =ROUND(IF(K22<=1.5,0,IF(K22<=3,B22*L22*(K22-1.5),IF(K22<=4.5,B22*L22*(3-1.5),IF(K22<=6,B22*L22*(3-1.5),0)))),2) -> 290.26 | Q22: =ROUND(IF(K22<=1.5,0,IF(K22<=3,0,IF(K22<=4.5,B22*L22*(K22-3),IF(K22<=6,B22*L22*(4.5-3),0)))),2) -> 290.26 | R22: =ROUND(IF(K22<=1.5,0,IF(K22<=3,0,IF(K22<=4.5,0,IF(K22<=6,B22*L22*(K22-4.5),0)))),2) -> 38.7 | S22: =ROUND(SUM(N22:R22),2) -> 909.48 | T22: =ROUND(S22-U22,2) -> 338.63 | U22: =ROUND(IF(($AL$8+D22+$AL$9)>K22,0,S22-(B22*L22*(AL$8+D22+AL$9))),2) -> 570.85 | V22: =ROUND((B22*L22*(AL$8+D22+AL$9))-(PI()*((D22/2)^2)*B22),2) -> 231.77 | W22: =ROUND(IF(K22<=1.25,0,IF(K22<=1.5,K22*B22*2,0)),2) -> 0 | X22: =ROUND(IF(K22<=1.5,0,IF(K22>2.5,0,B22*K22*2)),2) -> 0 | Y22: =ROUND(IF(K22<=2.5,0,IF(K22<=4,B22*K22*2,0)),2) -> 0 | Z22: =ROUND(IF(K22<=4,0,B22*K22*2),2) -> 568.42 | AA22: =B22*L22 -> 193.504 | AB22: 0 | AC22: =AB22*5 -> 0 | AE22: =IF($D22=1.5,$B22,0) -> 60.47 | AF22: =IF(D22=1.5,1,0) -> 1 | AG22: =IF(G22-E22<=2.2,0,IF(G22-E22-2.2<0,0,G22-E22-2.2)) -> 2.46 | AH22: TN | AI22: =IF(AH22="A",B22*(L22+0.1),0) -> 0
A23: PV12 - PV13 | B23: 100.18 | C23: =ROUND(B23*2,2) -> 200.36 | D23: 1.5 | E23: 106.07 | F23: 105.96 | G23: 110.6 | H23: 109.73 | I23: =ROUND(G23-E23,2) -> 4.53 | J23: =ROUND(H23-F23,2) -> 3.77 | K23: =IF(B23<=0,0,ROUND(AVERAGE(I23:J23)+AL$8,2)) -> 4.25 | L23: =IF(D23=0.6,"1,2",IF(D23=0.75,"1,5",IF(D23=0.9,"1,7",IF(D23=1.05,"1,8",IF(D23=1.2,"2,2",IF(D23=1.5,"2,6","VALOR INCORRETO"))))))+M23 -> 3 | M23: =IF(K23<=1.5,0,IF(K23>=6,0.8,IF(K23>=4.5,0.6,IF(K23>=3,0.4,IF(K23>1.5,0.2,""))))) -> 0.4 | N23: =0.1*L23*B23 -> 30.054 | O23: =ROUND(IF(K23<1.5,L23*K23*B23,1.5*L23*B23),2)-N23 -> 420.756 | P23: =ROUND(IF(K23<=1.5,0,IF(K23<=3,B23*L23*(K23-1.5),IF(K23<=4.5,B23*L23*(3-1.5),IF(K23<=6,B23*L23*(3-1.5),0)))),2) -> 450.81 | Q23: =ROUND(IF(K23<=1.5,0,IF(K23<=3,0,IF(K23<=4.5,B23*L23*(K23-3),IF(K23<=6,B23*L23*(4.5-3),0)))),2) -> 375.68 | R23: =ROUND(IF(K23<=1.5,0,IF(K23<=3,0,IF(K23<=4.5,0,IF(K23<=6,B23*L23*(K23-4.5),0)))),2) -> 0 | S23: =ROUND(SUM(N23:R23),2) -> 1277.3 | T23: =ROUND(S23-U23,2) -> 525.94 | U23: =ROUND(IF(($AL$8+D23+$AL$9)>K23,0,S23-(B23*L23*(AL$8+D23+AL$9))),2) -> 751.36 | V23: =ROUND((B23*L23*(AL$8+D23+AL$9))-(PI()*((D23/2)^2)*B23),2) -> 348.91 | W23: =ROUND(IF(K23<=1.25,0,IF(K23<=1.5,K23*B23*2,0)),2) -> 0 | X23: =ROUND(IF(K23<=1.5,0,IF(K23>2.5,0,B23*K23*2)),2) -> 0 | Y23: =ROUND(IF(K23<=2.5,0,IF(K23<=4,B23*K23*2,0)),2) -> 0 | Z23: =ROUND(IF(K23<=4,0,B23*K23*2),2) -> 851.53 | AA23: =B23*L23 -> 300.54 | AB23: 2 | AC23: =AB23*5 -> 10 | AE23: =IF($D23=1.5,$B23,0) -> 100.18 | AF23: =IF(D23=1.5,1,0) -> 1 | AG23: =IF(G23-E23<=2.2,0,IF(G23-E23-2.2<0,0,G23-E23-2.2)) -> 2.33 | AH23: TN | AI23: =IF(AH23="A",B23*(L23+0.1),0) -> 0
... A31: PV20 - LANÇ | B31: 28.42 | C31: =ROUND(B31*2,2) -> 56.84 | D31: 1.5 | E31: 105.37 | F31: 105.34 | G31: 110.4 | H31: 110.3 | I31: =ROUND(G31-E31,2) -> 5.03 | J31: =ROUND(H31-F31,2) -> 4.96 | K31: =IF(B31<=0,0,ROUND(AVERAGE(I31:J31)+AL$8,2)) -> 5.1 | L31: =IF(D31=0.6,"1,2",IF(D31=0.75,"1,5",IF(D31=0.9,"1,7",IF(D31=1.05,"1,8",IF(D31=1.2,"2,2",IF(D31=1.5,"2,6","VALOR INCORRETO"))))))+M31 -> 3.2 | M31: =IF(K31<=1.5,0,IF(K31>=6,0.8,IF(K31>=4.5,0.6,IF(K31>=3,0.4,IF(K31>1.5,0.2,""))))) -> 0.6 | N31: =0.1*L31*B31 -> 9.0944 | O31: =ROUND(IF(K31<1.5,L31*K31*B31,1.5*L31*B31),2)-N31 -> 127.3256 | P31: =ROUND(IF(K31<=1.5,0,IF(K31<=3,B31*L31*(K31-1.5),IF(K31<=4.5,B31*L31*(3-1.5),IF(K31<=6,B31*L31*(3-1.5),0)))),2) -> 136.42 | Q31: =ROUND(IF(K31<=1.5,0,IF(K31<=3,0,IF(K31<=4.5,B31*L31*(K31-3),IF(K31<=6,B31*L31*(4.5-3),0)))),2) -> 136.42 | R31: =ROUND(IF(K31<=1.5,0,IF(K31<=3,0,IF(K31<=4.5,0,IF(K31<=6,B31*L31*(K31-4.5),0)))),2) -> 54.57 | S31: =ROUND(SUM(N31:R31),2) -> 463.83 | T31: =ROUND(S31-U31,2) -> 159.15 | U31: =ROUND(IF(($AL$8+D31+$AL$9)>K31,0,S31-(B31*L31*(AL$8+D31+AL$9))),2) -> 304.68 | V31: =ROUND((B31*L31*(AL$8+D31+AL$9))-(PI()*((D31/2)^2)*B31),2) -> 108.93 | W31: =ROUND(IF(K31<=1.25,0,IF(K31<=1.5,K31*B31*2,0)),2) -> 0 | X31: =ROUND(IF(K31<=1.5,0,IF(K31>2.5,0,B31*K31*2)),2) -> 0 | Y31: =ROUND(IF(K31<=2.5,0,IF(K31<=4,B31*K31*2,0)),2) -> 0 | Z31: =ROUND(IF(K31<=4,0,B31*K31*2),2) -> 289.88 | AA31: =B31*L31 -> 90.944 | AB31: 0 | AC31: =AB31*5 -> 0 | AE31: =IF($D31=1.5,$B31,0) -> 28.42 | AF31: =IF(D31=1.5,1,0) -> 1 | AG31: =IF(G31-E31<=2.2,0,IF(G31-E31-2.2<0,0,G31-E31-2.2)) -> 2.83 | AH31: TN | AI31: =IF(AH31="A",B31*(L31+0.1),0) -> 0
C32: =ROUND(B32*2,2) -> 0
A35: COLETOR 1 | B35: =B11 -> 1343.39 | C35: =C11 -> 2686.78 | N35: =N11 -> 425.4012 | O35: =O11 -> 5955.6288 | P35: =P11 -> 5565.03 | Q35: =Q11 -> 4801.64 | R35: =R11 -> 1737.06 | S35: =S11 -> 18484.76 | T35: =T11 -> 7444.51 | U35: =U11 -> 11040.25 | ... AC35: =AC11 -> 150 | AE35: =AE11 -> 1343.39 | AF35: =AF11 -> 20 | AG35: =AG11 -> 51.01 | AI35: =AI11 -> 233.409
A39: COLETOR PRINCIPAL | B39: =B35 -> 1343.39 | C39: =C35 -> 2686.78 | N39: =N35 -> 425.4012 | O39: =O35 -> 5955.6288 | P39: =P35 -> 5565.03 | Q39: =Q35 -> 4801.64 | R39: =R35 -> 1737.06 | S39: =S35 -> 18484.76 | T39: =T35 -> 7444.51 | U39: =U35 -> 11040.25 | ... AG39: =AG35 -> 51.01 | AI39: =AI35 -> 233.409
A41: TOTAL GERAL | B41: =B39 -> 1343.39 | C41: =C39 -> 2686.78 | N41: =N39 -> 425.4012 | O41: =O39 -> 5955.6288 | P41: =P39 -> 5565.03 | Q41: =Q39 -> 4801.64 | R41: =R39 -> 1737.06 | S41: =S39 -> 18484.76 | T41: =T39 -> 7444.51 | U41: =U39 -> 11040.25 | ... AG41: =AG39 -> 51.01 | AI41: =AI39 -> 233.409
A43: ESCADARIA HIDRÁULICA EM PEDRA ARGAMASSADA (VER DESENHO)
A44: ALTURA DO PISO | C44: 1.12 | D44: m
A45: ALTURA DO DEGRAU | C45: 1.12 | D45: m
A46: EXCEDENTE PAREDE LATERAL | C46: 0.4 | D46: m
A47: ESPESURA DA PAREDE LATERAL | C47: 0.3 | D47: m
A48: LARGURA DA ESCADA | C48: 4.4 | D48: m
A49: VOLUME DAS PAREDES | C49: =7.26*0.3*2 -> 4.356 | D49: m³
A50: VOLUME DA ESCADA | C50: =4*4.4 -> 17.6 | D50: m³
A51: VOKUME TOTAL | C51: =C49+C50 -> 21.956 | D51: m³
AE56: 36 | AK56: 37 | AL56: 38 | AM56: 39

Sheet MC 5-RECOMP PAV
A1: PREFEITURA MUNICIPAL DE RIO LARGO - AL
A2: SECRETARIA MUNICIPAL DE INFRAESTRUTURA
A3: MACRODRENAGEM DO COMPLEXO BRASIL NOVO
A4: MEMÓRIA DE CÁLCULO 5 - RECOMPOSIÇÃO DE PAVIMENTAÇÃO
A5: Item | B5: Código | C5: Fonte | D5: Descrição dos serviços | E5: Un | F5: Qtd. | G5: Comp. | H5: Larg. | I5: Alt. | J5: Área (m²) | K5: Volume (m³) | L5: Peso ou taxa (t ou kg) | M5: TOTAL
A6: 5 | D6: =UPPER(VLOOKUP($A6,'PLANILHA ORÇAMENTARIA'!$A:$J,4,FALSE)) -> REPOSIÇÃO ASFÁLTICA
A7: ='PLANILHA ORÇAMENTARIA'!A56 -> 5.1.1 | B7: =UPPER(VLOOKUP($A7,'PLANILHA ORÇAMENTARIA'!$A:$J,2,FALSE)) -> CP-11 | C7: =UPPER(VLOOKUP($A7,'PLANILHA ORÇAMENTARIA'!$A:$J,3,FALSE)) -> PRÓPRIA | D7: =UPPER(VLOOKUP($A7,'PLANILHA ORÇAMENTARIA'!$A:$J,4,FALSE)) -> EXECUÇÃO DE IMPRIMAÇÃO COM ASFALTO DILUÍDO CM-30. AF_09/2017 | E7: =UPPER(VLOOKUP($A7,'PLANILHA ORÇAMENTARIA'!$A:$J,5,FALSE)) -> M² | M7: =SUM(M8) -> 233.409
D8: MEMÓRIA DE CÁLCULO REDE DE DRENAGEM | J8: ='MC 4-REDE DRENAGEM'!AI39 -> 233.409 | M8: =J8 -> 233.409
A10: ='PLANILHA ORÇAMENTARIA'!A57 -> 5.1.2 | B10: =UPPER(VLOOKUP($A10,'PLANILHA ORÇAMENTARIA'!$A:$J,2,FALSE)) -> CP-12 | C10: =UPPER(VLOOKUP($A10,'PLANILHA ORÇAMENTARIA'!$A:$J,3,FALSE)) -> PRÓPRIA | D10: =UPPER(VLOOKUP($A10,'PLANILHA ORÇAMENTARIA'!$A:$J,4,FALSE)) -> CONSTRUÇÃO DE PAVIMENTO COM APLICAÇÃO DE CONCRETO BETUMINOSO USINADO A QUENTE (CBUQ), CAMADA DE ROLAMENTO, COM ESPESSURA DE 3,0 CM - EXCLUSIVE TRANSPORTE. AF_03/2017 | E10: =UPPER(VLOOKUP($A10,'PLANILHA ORÇAMENTARIA'!$A:$J,5,FALSE)) -> M³ | M10: =SUM(M11:M11) -> 9.33636
I11: 0.04 | K11: =M7 -> 233.409 | M11: =I11*K11 -> 9.33636
A14: ='PLANILHA ORÇAMENTARIA'!A58 -> 5.1.3 | B14: =UPPER(VLOOKUP($A14,'PLANILHA ORÇAMENTARIA'!$A:$J,2,FALSE)) -> CP-13 | C14: =UPPER(VLOOKUP($A14,'PLANILHA ORÇAMENTARIA'!$A:$J,3,FALSE)) -> PRÓPRIA | D14: =UPPER(VLOOKUP($A14,'PLANILHA ORÇAMENTARIA'!$A:$J,4,FALSE)) -> CARGA, MANOBRA E DESCARGA DE MISTURA BETUMINOSA A QUENTE EM CAMINHÃO BASCULANTE DE 6 M³ - CARGA EM USINA DE ASFALTO 100/140 T/H E DESCARGA EM VIBROACABADORA | E14: =UPPER(VLOOKUP($A14,'PLANILHA ORÇAMENTARIA'!$A:$J,5,FALSE)) -> T | M14: =SUM(M15:M15) -> 23.852533
K15: =M10 -> 9.33636 | L15: 2.5548 | M15: =K15*L15 -> 23.852533
A18: ='PLANILHA ORÇAMENTARIA'!A59 -> 5.1.4 | B18: =UPPER(VLOOKUP($A18,'PLANILHA ORÇAMENTARIA'!$A:$J,2,FALSE)) -> 95878 | C18: =UPPER(VLOOKUP($A18,'PLANILHA ORÇAMENTARIA'!$A:$J,3,FALSE)) -> SINAPI | D18: =UPPER(VLOOKUP($A18,'PLANILHA ORÇAMENTARIA'!$A:$J,4,FALSE)) -> TRANSPORTE COM CAMINHÃO BASCULANTE DE 10 M³, EM VIA URBANA PAVIMENTADA, DMT ATÉ 30 KM (UNIDADE: TXKM). AF_07/2020 | E18: =UPPER(VLOOKUP($A18,'PLANILHA ORÇAMENTARIA'!$A:$J,5,FALSE)) -> T.KM | M18: =SUM(M19:M19) -> 715.57598
K19: =M14 -> 23.852533 | L19: 30 | M19: =K19*L19 -> 715.57598
A22: ='PLANILHA ORÇAMENTARIA'!A60 -> 5.1.5 | B22: =UPPER(VLOOKUP($A22,'PLANILHA ORÇAMENTARIA'!$A:$J,2,FALSE)) -> CP-14 | C22: =UPPER(VLOOKUP($A22,'PLANILHA ORÇAMENTARIA'!$A:$J,3,FALSE)) -> PRÓPRIA | D22: =UPPER(VLOOKUP($A22,'PLANILHA ORÇAMENTARIA'!$A:$J,4,FALSE)) -> EXECUÇÃO DE PINTURA DE LIGAÇÃO SEM EMULSÃO ASFÁLTICA RR-1C. AF_11/2019 | E22: =UPPER(VLOOKUP($A22,'PLANILHA ORÇAMENTARIA'!$A:$J,5,FALSE)) -> M² | M22: =SUM(M23:M24) -> 233.409
J23: =M7 -> 233.409 | M23: =J23 -> 233.409
A27: ='PLANILHA ORÇAMENTARIA'!A61 -> 5.1.6 | B27: =UPPER(VLOOKUP($A27,'PLANILHA ORÇAMENTARIA'!$A:$J,2,FALSE)) -> 96396 | C27: =UPPER(VLOOKUP($A27,'PLANILHA ORÇAMENTARIA'!$A:$J,3,FALSE)) -> SINAPI | D27: =UPPER(VLOOKUP($A27,'PLANILHA ORÇAMENTARIA'!$A:$J,4,FALSE)) -> EXECUÇÃO E COMPACTAÇÃO DE BASE E OU SUB BASE PARA PAVIMENTAÇÃO DE BRITA GRADUADA SIMPLES - EXCLUSIVE CARGA E TRANSPORTE. AF_11/2019 | E27: =UPPER(VLOOKUP($A27,'PLANILHA ORÇAMENTARIA'!$A:$J,5,FALSE)) -> M³ | M27: =SUM(M28:M29) -> 35.01135
I28: 0.15 | J28: =M7 -> 233.409 | M28: =I28*J28 -> 35.01135
A32: ='PLANILHA ORÇAMENTARIA'!A63 -> 5.2.1 | B32: =UPPER(VLOOKUP($A32,'PLANILHA ORÇAMENTARIA'!$A:$J,2,FALSE)) -> CP-15 | C32: =UPPER(VLOOKUP($A32,'PLANILHA ORÇAMENTARIA'!$A:$J,3,FALSE)) -> ANP | D32: =UPPER(VLOOKUP($A32,'PLANILHA ORÇAMENTARIA'!$A:$J,4,FALSE)) -> AQUISIÇÃO DE MATERIAL ASFÁLTICO - CM-30 | E32: =UPPER(VLOOKUP($A32,'PLANILHA ORÇAMENTARIA'!$A:$J,5,FALSE)) -> T | M32: =SUM(M33) -> 0.2800908
J33: =M7 -> 233.409 | L33: 0.0012 | M33: =J33*L33 -> 0.2800908
A37: ='PLANILHA ORÇAMENTARIA'!A64 -> 5.2.2 | B37: =UPPER(VLOOKUP($A37,'PLANILHA ORÇAMENTARIA'!$A:$J,2,FALSE)) -> CP-16 | C37: =UPPER(VLOOKUP($A37,'PLANILHA ORÇAMENTARIA'!$A:$J,3,FALSE)) -> ANP | D37: =UPPER(VLOOKUP($A37,'PLANILHA ORÇAMENTARIA'!$A:$J,4,FALSE)) -> AQUISIÇÃO DE MATERIAL ASFÁLTICO - RR 1C | E37: =UPPER(VLOOKUP($A37,'PLANILHA ORÇAMENTARIA'!$A:$J,5,FALSE)) -> T | M37: =SUM(M38) -> 0.10503405
J38: =M7 -> 233.409 | L38: 0.00045 | M38: =J38*L38 -> 0.10503405
A42: ='PLANILHA ORÇAMENTARIA'!A65 -> 5.2.3 | B42: =UPPER(VLOOKUP($A42,'PLANILHA ORÇAMENTARIA'!$A:$J,2,FALSE)) -> CP-17 | C42: =UPPER(VLOOKUP($A42,'PLANILHA ORÇAMENTARIA'!$A:$J,3,FALSE)) -> ANP | D42: =UPPER(VLOOKUP($A42,'PLANILHA ORÇAMENTARIA'!$A:$J,4,FALSE)) -> AQUISIÇÃO DE MATERIAL ASFÁLTICO - CAP-50/70 | E42: =UPPER(VLOOKUP($A42,'PLANILHA ORÇAMENTARIA'!$A:$J,5,FALSE)) -> T | M42: =SUM(M43) -> 1.3118893
K43: =M14 -> 23.852533 | L43: 0.055 | M43: =K43*L43 -> 1.3118893

Sheet MC 6-LAGOA
A1: PREFEITURA MUNICIPAL DE RIO LARGO - AL
A2: SECRETARIA MUNICIPAL DE INFRAESTRUTURA
A3: MACRODRENAGEM DO COMPLEXO BRASIL NOVO
A4: MEMÓRIA DE CÁLCULO 6 - LAGOA DE ACUMULAÇÃO
A5: Item | B5: Descrição dos serviços | C5: Un | D5: Qtd. | E5: Comp. | F5: Larg. | G5: Alt. | H5: Área (m²) | I5: Volume (m³) | J5: Peso ou taxa (t ou kg) / DMT | K5: TOTAL
A6: ='PLANILHA ORÇAMENTARIA'!A71 -> 6 | B6: =UPPER(VLOOKUP($A6,'PLANILHA ORÇAMENTARIA'!$A:$J,4,FALSE)) -> LAGOA DE DETENÇÃO
A7: ='PLANILHA ORÇAMENTARIA'!A73 -> 6.1.1 | B7: =UPPER(VLOOKUP($A7,'PLANILHA ORÇAMENTARIA'!$A:$J,4,FALSE)) -> LIMPEZA MECANIZADA DE CAMADA VEGETAL, VEGETAÇÃO E PEQUENAS ÁRVORES (DIÂMETRO DE TRONCO MENOR QUE 0,20 M), COM TRATOR DE ESTEIRAS.AF_05/2018 | C7: =UPPER(VLOOKUP($A7,'PLANILHA ORÇAMENTARIA'!$A:$J,5,FALSE)) -> M² | K7: =SUM(K8) -> 61600
E8: 280 | F8: 220 | K8: =E8*F8 -> 61600
A10: ='PLANILHA ORÇAMENTARIA'!A74 -> 6.1.2 | B10: =UPPER(VLOOKUP($A10,'PLANILHA ORÇAMENTARIA'!$A:$J,4,FALSE)) -> LOCAÇÃO DE SERVIÇOS DE TERRAPLENAGEM DE OBRAS CIVIS | C10: =UPPER(VLOOKUP($A10,'PLANILHA ORÇAMENTARIA'!$A:$J,5,FALSE)) -> M² | K10: =SUM(K11:K12) -> 61600 | N10: SEÇÃO | O10: 1 | P10: 2 | Q10: 3 | R10: 4 | S10: 5
E11: =E8 -> 280 | F11: =F8 -> 220 | K11: =E11*F11 -> 61600 | N11: ÁREA | O11: 744.85 | P11: 757.58 | Q11: 742.68 | R11: 735.05 | S11: 757.82
P12: =(O11+P11)/2 -> 751.215 | Q12: =(P11+Q11)/2 -> 750.13 | R12: =(Q11+R11)/2 -> 738.865 | S12: =(R11+S11)/2 -> 746.435
N13: DIST 40 | P13: =P12*40 -> 30048.6 | Q13: =Q12*40 -> 30005.2 | R13: =R12*40 -> 29554.6 | S13: =S12*40 -> 29857.4 | T13: =SUM(P13:S13) -> 119465.8
A15: ='PLANILHA ORÇAMENTARIA'!A76 -> 6.2.1 | B15: =UPPER(VLOOKUP($A15,'PLANILHA ORÇAMENTARIA'!$A:$J,4,FALSE)) -> ESCAVACAO MECANICA DE MATERIAL 1A. CATEGORIA, PROVENIENTE DE CORTE DE SUBLEITO (C/TRATOR ESTEIRAS 160HP) | C15: =UPPER(VLOOKUP($A15,'PLANILHA ORÇAMENTARIA'!$A:$J,5,FALSE)) -> M³ | K15: =SUM(K16:K17) -> 490144 | N15: SEÇÃO | O15: 6 | P15: 7 | Q15: 8 | R15: 9 | S15: 10
E16: COMP MÉD | F16: LARG MÉD | G16: ALT MÉD | O16: 1026.87 | P16: 894.39 | Q16: 809.05 | R16: 803.65 | S16: 813.62
E17: =(E11+E21)/2 -> 272 | F17: =(F11+F21)/2 -> 212 | G17: 8.5 | K17: =E17*F17*G17 -> 490144 | P17: =(O16+P16)/2 -> 960.63 | Q17: =(P16+Q16)/2 -> 851.72 | R17: =(Q16+R16)/2 -> 806.35 | S17: =(R16+S16)/2 -> 808.635
N18: DIST 35 | P18: =P17*35 -> 33622.05 | Q18: =Q17*35 -> 29810.2 | R18: =R17*35 -> 28222.25 | S18: =S17*35 -> 28302.225 | T18: =SUM(P18:S18) -> 119956.73
T19: =SUM(T13:T18)/2 -> 119711.26
A20: ='PLANILHA ORÇAMENTARIA'!A77 -> 6.2.2 | B20: =UPPER(VLOOKUP($A20,'PLANILHA ORÇAMENTARIA'!$A:$J,4,FALSE)) -> REGULARIZACAO DE SUPERFICIES EM TERRA COM MOTONIVELADORA | C20: =UPPER(VLOOKUP($A20,'PLANILHA ORÇAMENTARIA'!$A:$J,5,FALSE)) -> M² | K20: =SUM(K21:K22) -> 53856
B21: FUNDO DA LAGOA | E21: 264 | F21: 204 | K21: =E21*F21 -> 53856
A25: ='PLANILHA ORÇAMENTARIA'!A78 -> 6.2.3 | B25: =UPPER(VLOOKUP($A25,'PLANILHA ORÇAMENTARIA'!$A:$J,4,FALSE)) -> CARGA E DESCARGA MECANICA DE SOLO UTILIZANDO CAMINHAO BASCULANTE 6,0M3/16T E PA CARREGADEIRA SOBRE PNEUS 128 HP, CAPACIDADE DA CAÇAMBA 1,7 A 2,8 M3 | C25: =UPPER(VLOOKUP($A25,'PLANILHA ORÇAMENTARIA'!$A:$J,5,FALSE)) -> M³ | K25: =SUM(K26) -> 637187.2
B26: EMPOLAMENTO 1,3 | I26: =K15 -> 490144 | J26: 1.3 | K26: =I26*J26 -> 637187.2
A29: ='PLANILHA ORÇAMENTARIA'!A79 -> 6.2.4 | B29: =UPPER(VLOOKUP($A29,'PLANILHA ORÇAMENTARIA'!$A:$J,4,FALSE)) -> TRANSPORTE COM CAMINHÃO BASCULANTE DE 18 M3, EM VIA URBANA PAVIMENTADA DMT ATÉ 30 KM (UNIDADE: TXKM). | C29: =UPPER(VLOOKUP($A29,'PLANILHA ORÇAMENTARIA'!$A:$J,5,FALSE)) -> T.KM | K29: =SUM(K30) -> 3087907.2
B30: DENSIDADE 1,8; DMT = 2 KM | D30: 1.8 | I30: =I26 -> 490144 | J30: 3.5 | K30: =D30*I30*J30 -> 3087907.2
A33: ='PLANILHA ORÇAMENTARIA'!A81 -> 6.3.1 | B33: =UPPER(VLOOKUP($A33,'PLANILHA ORÇAMENTARIA'!$A:$J,4,FALSE)) -> CONCRETO FCK = 15MPA, TRAÇO 1:3,4:3,5 (CIMENTO/ AREIA MÉDIA/ BRITA 1) - PREPARO MECÂNICO COM BETONEIRA 600 L. AF_07/2016 (TALUDE) | C33: =UPPER(VLOOKUP($A33,'PLANILHA ORÇAMENTARIA'!$A:$J,5,FALSE)) -> M³ | K33: =SUM(K34:K35) -> 696.96
B34: ALTURA DO TALUDE COM INCLINAÇÃO 1:1 = 12,00m | E34: =E8 -> 280 | F34: =E21 -> 264 | G34: 12 | J34: 0.06 | K34: =((E34+F34)/2*G34)*2*J34 -> 391.68
B35: ESPESSURA DA PLACA DE CONCRETO = 0,06m | E35: =F8 -> 220 | F35: =F21 -> 204 | G35: 12 | J35: 0.06 | K35: =((E35+F35)/2*G35)*2*J35 -> 305.28
A37: ='PLANILHA ORÇAMENTARIA'!A82 -> 6.3.2 | B37: =UPPER(VLOOKUP($A37,'PLANILHA ORÇAMENTARIA'!$A:$J,4,FALSE)) -> TELA DE ACO SOLDADA NERVURADA, CA-60, Q-196, (3,11 KG/M2), DIAMETRO DO FIO = 5,0 MM, LARGURA = 2,45 M, ESPACAMENTO DA MALHA = 10 X 10 CM | C37: =UPPER(VLOOKUP($A37,'PLANILHA ORÇAMENTARIA'!$A:$J,5,FALSE)) -> M² | K37: =SUM(K38:K39) -> 11616
B38: ALTURA DO TALUDE COM INCLINAÇÃO 1:1 = 12,00m | E38: =E34 -> 280 | F38: =F34 -> 264 | G38: 12 | K38: =((E38+F38)/2*G38)*2 -> 6528
E39: =E35 -> 220 | F39: =F35 -> 204 | G39: 12 | K39: =((E39+F39)/2*G39)*2 -> 5088
A42: ='PLANILHA ORÇAMENTARIA'!A84 -> 6.4.1 | B42: =UPPER(VLOOKUP($A42,'PLANILHA ORÇAMENTARIA'!$A:$J,4,FALSE)) -> PLANTIO DE GRAMA EM PLACAS. AF_05/2018 (ENTORNO DA LAGOA) | C42: =UPPER(VLOOKUP($A42,'PLANILHA ORÇAMENTARIA'!$A:$J,5,FALSE)) -> M² | K42: =SUM(K43:K44) -> 5100
D43: 2 | E43: =E11 -> 280 | F43: 5 | H43: =D43*E43*F43 -> 2800 | K43: =H43 -> 2800
D44: 2 | E44: =F8+10 -> 230 | F44: 5 | H44: =D44*E44*F44 -> 2300 | K44: =H44 -> 2300
A46: ='PLANILHA ORÇAMENTARIA'!A85 -> 6.4.2 | B46: =UPPER(VLOOKUP($A46,'PLANILHA ORÇAMENTARIA'!$A:$J,4,FALSE)) -> CERCA COM MOURÕES DE CONCRETO, SEÇÃO "T" PONTA INCLINADA, 10X10CM, ESPAÇAMENTO DE 2,5M, CRAVADOS 0,5M, COM 11 FIOS DE ARAME MISTO - FORNECIMENTO E INSTALAÇÃO. AF_05/2020 | C46: =UPPER(VLOOKUP($A46,'PLANILHA ORÇAMENTARIA'!$A:$J,5,FALSE)) -> M | K46: =SUM(K47) -> 1040
E47: 290 | F47: 230 | K47: =(E47*2)+(F47*2) -> 1040
A50: ='PLANILHA ORÇAMENTARIA'!A86 -> 6.4.3 | B50: =UPPER(VLOOKUP($A50,'PLANILHA ORÇAMENTARIA'!$A:$J,4,FALSE)) -> PORTAO DE FERRO EM CHAPA GALVANIZADA PLANA 14 GSG | C50: =UPPER(VLOOKUP($A50,'PLANILHA ORÇAMENTARIA'!$A:$J,5,FALSE)) -> M² | K50: =SUM(K51) -> 8
D51: 1 | E51: 4 | F51: 2 | K51: =D51*E51*F51 -> 8
L56: QUADRO DE FERRO
L57: Nº | M57: Ø | N57: QUANT | O57: COMP. (cm) | P57: TOTAL (cm)
L58: 1 | M58: 8.0 | N58: 6 | O58: 430 | P58: =N58*O58 -> 2580 | Q58: 430
L59: 2 | M59: 8.0 | N59: 4 | O59: VAR | P59: =N59*Q59 -> 1320 | Q59: 330
L60: 3 | M60: 8.0 | N60: 6 | O60: 535 | P60: =N60*O60 -> 3210 | Q60: 535
L61: 4 | M61: 8.0 | N61: 4 | O61: VAR | P61: =N61*Q61 -> 1740 | Q61: 435
L62: 5 | M62: 6.3 | N62: 3 | O62: 1062 | P62: =N62*O62 -> 3186 | Q62: 1062
L63: 6 | M63: 6.3 | N63: 6 | O63: VAR | P63: =N63*Q63 -> 5100 | Q63: 850
L64: 7 | M64: 8.0 | N64: 2 | O64: 560 | P64: =N64*O64 -> 1120 | Q64: 560
L65: 8 | M65: 8.0 | N65: 6 | O65: VAR | P65: =N65*Q65 -> 1608 | Q65: 268
L66: 9 | M66: 8.0 | N66: 6 | O66: VAR | P66: =N66*Q66 -> 1608 | Q66: 268
L67: 10 | M67: 8.0 | N67: 2 | O67: 537 | P67: =N67*O67 -> 1074 | Q67: 537
L68: 11 | M68: 8.0 | N68: 5 | O68: VAR | P68: =N68*Q68 -> 1340 | Q68: 268
L69: 12 | M69: 8.0 | N69: 5 | O69: VAR | P69: =N69*Q69 -> 1340 | Q69: 268
L70: 13 | M70: 5.0 | N70: 7 | O70: VAR | P70: =N70*Q70 -> 3045 | Q70: 435
L71: 14 | M71: 5.0 | N71: 7 | O71: VAR | P71: =N71*Q71 -> 3080 | Q71: 440
L72: 15 | M72: 5.0 | N72: 7 | O72: VAR | P72: =N72*Q72 -> 3045 | Q72: 435
L73: 16 | M73: 5.0 | N73: 7 | O73: VAR | P73: =N73*Q73 -> 3080 | Q73: 440
L74: 17 | M74: 6.3 | N74: 2 | O74: 522 | P74: =N74*O74 -> 1044 | Q74: 523
L75: 18 | M75: 6.3 | N75: 2 | O75: 470 | P75: =N75*O75 -> 940 | Q75: 470
L76: 19 | M76: 6.3 | N76: 2 | O76: 522 | P76: =N76*O76 -> 1044 | Q76: 523
L77: 20 | M77: 6.3 | N77: 2 | O77: 470 | P77: =N77*O77 -> 940 | Q77: 470
L78: 21 | M78: 6.3 | N78: 6 | O78: VAR | P78: =N78*Q78 -> 2082 | Q78: 347
L79: 22 | M79: 6.3 | N79: 6 | O79: VAR | P79: =N79*Q79 -> 2340 | Q79: 390
L80: 23 | M80: 6.3 | N80: 6 | O80: VAR | P80: =N80*Q80 -> 2082 | Q80: 347
L81: 24 | M81: 6.3 | N81: 6 | O81: VAR | P81: =N81*Q81 -> 2340 | Q81: 390
L82: COMPROMENTO (cm) | P82: =SUM(P58:P81) -> 50288
L84: QUADRO RESUMO
L85: Ø | M85: COMP. (m) + 10% | O85: PESO (kg) | P85: AÇO
L86: 5.0 | M86: 135 | O86: =M86*0.154 -> 20.79 | P86: CA-60
L87: 6.3 | M87: 232 | O87: =M87*0.245 -> 56.84 | P87: CA-60
L88: 8.0 | M88: 186 | O88: =M88*0.395 -> 73.47 | P88: CA-60

Sheet COMPOSIÇÕES
B1: PREFEITURA MUNICIPAL DE RIO LARGO - AL
B2: SECRETARIA MUNICIPAL DE INFRAESTRUTURA
B3: MACRODRENAGEM DO COMPLEXO BRASIL NOVO
B4: COMPOSIÇÕES UNITÁRIAS
I5: SINAPI Set/2025
A6: ='PLANILHA ORÇAMENTARIA'!A13 -> 2.1 | B6: =VLOOKUP(A6,'PLANILHA ORÇAMENTARIA'!A:J,2,FALSE) -> CP-03 | C6: =VLOOKUP(A6,'PLANILHA ORÇAMENTARIA'!A:J,4,FALSE) -> ADMINISTRAÇÃO LOCAL | F6: UNID | G6: =VLOOKUP(A6,'PLANILHA ORÇAMENTARIA'!A:J,5,FALSE) -> mês | H6: Valor (R$) | I6: =SUM(I8:I24) -> 143112.56
B7: ITEM | C7: BANCO | D7: CÓDIGO | E7: DESCRIÇÃO DOS SERVIÇOS | F7: UNID | G7: QUANT. | H7: Preços Unit. sem BDI (R$) | I7: Valor (R$)
B8: 1 | C8: SINAPI | D8: 93568 | E8: ENGENHEIRO CIVIL DE OBRA SENIOR COM ENCARGOS COMPLEMENTARES | F8: mês | G8: 0.25 | H8: 26736.37 | I8: =G8*H8 -> 6684.0925
B9: 2 | C9: SINAPI | D9: 93565 | E9: ENGENHEIRO CIVIL DE OBRA JUNIOR COM ENCARGOS COMPLEMENTARES | F9: mês | G9: 1 | H9: 21421.47 | I9: =G9*H9 -> 21421.47
B10: 3 | C10: SINAPI | D10: 93567 | E10: ENGENHEIRO CIVIL DE OBRA PLENO COM ENCARGOS COMPLEMENTARES | F10: mês | G10: 0.5 | H10: 22465.04 | I10: =G10*H10 -> 11232.52
B11: 4 | C11: SINAPI | D11: 100321 | E11: TECNICO EM SEGURANCA DO TRABALHO (MENSALISTA) | F11: mês | G11: 1 | H11: 6486.99 | I11: =G11*H11 -> 6486.99
B12: 5 | C12: SINAPI | D12: 94295 | E12: MESTRE DE OBRAS (MENSALISTA) | F12: mês | G12: 1 | H12: 6827.15 | I12: =G12*H12 -> 6827.15
B13: 9 | C13: SINAPI | D13: 93563 | E13: ALMOXARIFE COM ENCARGOS COMPLEMENTARES | F13: mês | G13: 1 | H13: 5390.13 | I13: =G13*H13 -> 5390.13
B14: 10 | C14: SINAPI | D14: 93572 | E14: ENCARREGADO GERAL DE OBRAS (MENSALISTA) | F14: mês | G14: 1 | H14: 4570.66 | I14: =G14*H14 -> 4570.66
B15: 11 | C15: SINAPI | D15: 101385 | E15: AUXILIAR DE LABORATORISTA DE SOLOS E DE CONCRETO (MENSALISTA) | F15: mês | G15: 1 | H15: 6107.32 | I15: =G15*H15 -> 6107.32
B16: 13 | C16: SINAPI | D16: 94296 | E16: TOPOGRAFO COM ENCARGOS COMPLEMENTARES | F16: mês | G16: 1 | H16: 6594.69 | I16: =G16*H16 -> 6594.69
B17: 14 | C17: SINAPI | D17: 101389 | E17: AUXILIAR DE TOPOGRAFO (MENSALISTA) | F17: mês | G17: 2 | H17: 3206.95 | I17: =G17*H17 -> 6413.9
B18: 15 | C18: SINAPI | D18: 93564 | E18: APONTADOR OU APROPRIADOR DE MAO DE OBRA (MENSALISTA) | F18: mês | G18: 1 | H18: 5576.03 | I18: =G18*H18 -> 5576.03
B19: 16 | C19: SINAPI | D19: 93566 | E19: AUXILIAR DE ESCRITORIO (MENSALISTA) | F19: mês | G19: 1 | H19: 3877.01 | I19: =G19*H19 -> 3877.01
... B22: 19 | C22: SINAPI | D22: 101388 | E22: AUXILIAR DE SERVICOS GERAIS (MENSALISTA) | F22: mês | G22: 2 | H22: 3497.46 | I22: =G22*H22 -> 6994.92
B23: 20 | C23: ORSE | D23: 2789 | E23: Veículo leve - pick up (97kw) | F23: h | G23: 2880 | H23: 10.56 | I23: =G23*H23 -> 30412.8
B24: 21 | C24: ORSE | D24: 09810 | E24: Instrumental de Topografia - Fonte: Tabela de Preços de consultoria do DNIT - ref. 04/16 | F24: mês | G24: 1 | H24: 1902.34 | I24: =G24*H24 -> 1902.34
A26: ='PLANILHA ORÇAMENTARIA'!A24 -> 3.9 | B26: =VLOOKUP(A26,'PLANILHA ORÇAMENTARIA'!A:J,2,FALSE) -> CP-04 | C26: =VLOOKUP(A26,'PLANILHA ORÇAMENTARIA'!A:J,4,FALSE) -> TAPUME DE CHAPA DE MADEIRA COMPENSADA, E= 6MM, COM PINTURA A CAL E REAPROVEITAMENTO DE 2X | F26: UNID | G26: =VLOOKUP(A26,'PLANILHA ORÇAMENTARIA'!A:J,5,FALSE) -> m² | H26: Valor (R$) | I26: =ROUND(SUM(I29:I37),2) -> 72.56
B27: ITEM | C27: BANCO | D27: CÓDIGO | E27: DESCRIÇÃO DOS SERVIÇOS | F27: UNID | G27: QUANT. | H27: Preços Unit. sem BDI (R$) | I27: Valor (R$)
B28: MATERIAL
B29: 1 | C29: SINAPI | D29: 1106 | E29: CAL HIDRATADA CH-I PARA ARGAMASSAS | F29: Kg | G29: 0.6 | H29: 1.1 | I29: =G29*H29 -> 0.66
B30: 2 | C30: SINAPI | D30: 4491 | E30: PONTALETE *7,5 X 7,5* CM EM PINUS, MISTA OU EQUIVALENTE DA REGIAO - BRUTA | F30: m | G30: 1.58 | H30: 11.43 | I30: =G30*H30 -> 18.0594
B31: 3 | C31: SINAPI | D31: 5061 | E31: PREGO DE ACO POLIDO COM CABECA 18 X 27 (2 1/2 X 10) | F31: Kg | G31: 0.15 | H31: 23.76 | I31: =G31*H31 -> 3.564
B32: 4 | C32: ORSE | D32: 3126 | E32: Óleo de linhaça refinado (para Restauro) | F32: ml | G32: 0.22 | H32: 2.42 | I32: =G32*H32 -> 0.5324
B33: 5 | C33: ORSE | D33: 625 | E33: Compensado resinado 6mm - Madeirit ou similar | F33: m2 | G33: 0.227 | H33: 17.49 | I33: =G33*H33 -> 3.97023
B34: MÃO DE OBRA
B35: 1 | C35: SINAPI | D35: 88262 | E35: CARPINTEIRO DE FORMAS COM ENCARGOS COMPLEMENTARES | F35: H | G35: 0.8 | H35: 24.01 | I35: =G35*H35 -> 19.208
B36: 2 | C36: SINAPI | D36: 88310 | E36: PINTOR COM ENCARGOS COMPLEMENTARES | F36: H | G36: 0.3 | H36: 26.1 | I36: =G36*H36 -> 7.83
B37: 3 | C37: SINAPI | D37: 88316 | E37: SERVENTE COM ENCARGOS COMPLEMENTARES | F37: H | G37: 0.95 | H37: 19.72 | I37: =G37*H37 -> 18.734
A39: ='PLANILHA ORÇAMENTARIA'!A28 -> 4.1.1 | B39: =VLOOKUP(A39,'PLANILHA ORÇAMENTARIA'!A:J,2,FALSE) -> CP-05 | C39: =VLOOKUP(A39,'PLANILHA ORÇAMENTARIA'!A:J,4,FALSE) -> ISOLAMENTO DE OBRA COM TELA PLASTICA COM MALHA DE 5MM E ESTRUTURA DE MADEIRA PONTALETEADA COM REAPROVEITAMENTO 2X | F39: unid | G39: =VLOOKUP(A39,'PLANILHA ORÇAMENTARIA'!A:J,5,FALSE) -> m² | I39: =SUM(I42:I48) -> 13.1921
B40: ITEM | C40: BANCO | D40: CÓDIGO | E40: DESCRIÇÃO DOS SERVIÇOS | F40: UNID | G40: QUANT. | H40: Preços Unit. sem BDI (R$) | I40: Valor (R$)
B41: MATERIAL
B42: 1 | C42: SINAPI | D42: 4491 | E42: PONTALETE *7,5 X 7,5* CM EM PINUS, MISTA OU EQUIVALENTE DA REGIAO - BRUTA | F42: m | G42: 0.03 | H42: 11.43 | I42: =G42*H42 -> 0.3429
B43: 2 | C43: SINAPI | D43: 4509 | E43: SARRAFO *2,5 X 10* CM EM PINUS, MISTA OU EQUIVALENTE DA REGIAO - BRUTA | F43: m | G43: 0.1 | H43: 5.8 | I43: =G43*H43 -> 0.58
B44: 3 | C44: SINAPI | D44: 5061 | E44: PREGO DE ACO POLIDO COM CABECA 18 X 27 (2 1/2 X 10) | F44: Kg | G44: 0.005 | H44: 23.76 | I44: =G44*H44 -> 0.1188
B45: 4 | C45: SINAPI | D45: 7170 | E45: TELA FACHADEIRA EM POLIETILENO, ROLO DE 3 X 100 M (L X C), COR BRANCA, SEM LOGOMARCA - PARA PROTECAO DE OBRAS | F45: ml | G45: 0.55 | H45: 2.62 | I45: =G45*H45 -> 1.441
B46: MÃO DE OBRA
B47: 1 | C47: SINAPI | D47: 88262 | E47: CARPINTEIRO DE FORMAS COM ENCARGOS COMPLEMENTARES | F47: H | G47: 0.22 | H47: 24.01 | I47: =G47*H47 -> 5.2822
B48: 2 | C48: SINAPI | D48: 88239 | E48: AJUDANTE DE CARPINTEIRO COM ENCARGOS COMPLEMENTARES | F48: H | G48: 0.265 | H48: 20.48 | I48: =G48*H48 -> 5.4272
A50: ='PLANILHA ORÇAMENTARIA'!A30 -> 4.2.1 | B50: =VLOOKUP(A50,'[131]PLANILHA ORÇAMENTARIA'!A:H,2,FALSE) -> CP-06 | C50: =VLOOKUP(A50,'[131]PLANILHA ORÇAMENTARIA'!A:H,4,FALSE) -> DEMOLIÇÃO DE PAVIMENTAÇÃO ASFÁLTICA COM UTILIZAÇÃO DE MARTELO PERFURADOR, ESPESSURA ATÉ 15 CM, EXCLUSIVE CARGA E TRANSPORTE | F50: UNID | G50: =VLOOKUP(A50,'[131]PLANILHA ORÇAMENTARIA'!A:H,5,FALSE) -> m² | H50: Valor (R$) | I50: =SUM(I53:I56) -> 12.244
B51: ITEM | C51: BANCO | D51: CÓDIGO | E51: DESCRIÇÃO DOS SERVIÇOS | F51: UNID | G51: QUANT. | H51: Preços Unit. sem BDI (R$) | I51: Valor (R$)
B52: MATERIAL
B53: 1 | C53: SINAPI | D53: 90972 | E53: COMPRESSOR DE AR REBOCAVEL, VAZÃO 250 PCM, PRESSAO DE TRABALHO 102 PSI, MOTOR A DIESEL POTÊNCIA 81 CV - CHP DIURNO. AF_06/2015 | F53: chp | G53: 0.1 | H53: 77.2 | I53: =G53*H53 -> 7.72
B54: 2 | C54: SINAPI | D54: 92966 | E54: MARTELO PERFURADOR PNEUMÁTICO MANUAL, HASTE 25 X 75 MM, 21 KG - CHP DIURNO. AF_12/2015 | F54: chp | G54: 0.1 | H54: 25.52 | I54: =G54*H54 -> 2.552
B55: MÃO DE OBRA
B56: 1 | C56: SINAPI | D56: 88316 | E56: SERVENTE COM ENCARGOS COMPLEMENTARES | F56: H | G56: 0.1 | H56: 19.72 | I56: =G56*H56 -> 1.972
A58: ='PLANILHA ORÇAMENTARIA'!A45 -> 4.3.13 | B58: =VLOOKUP(A58,'PLANILHA ORÇAMENTARIA'!A:J,2,FALSE) -> CP-08 | C58: =VLOOKUP(A58,'PLANILHA ORÇAMENTARIA'!A:J,4,FALSE) -> Chaminé dos poços de visita - CPV 01 - areia e brita comerciais | F58: UNID | G58: =VLOOKUP(A58,'PLANILHA ORÇAMENTARIA'!A:J,5,FALSE) -> un | I58: =SUM(I60:I68) -> 866.10568
B59: ITEM | C59: BANCO | D59: CÓDIGO | E59: DESCRIÇÃO DOS SERVIÇOS | F59: UNID | G59: QUANT. | H59: Preços Unit. sem BDI (R$) | I59: Valor (R$)
B60: 1 | C60: SINAPI | D60: 87371 | E60: ARGAMASSA TRAÇO 1:3:12 (EM VOLUNE DE CIMENTO, CAL E AREIA MÉDIA ÚMIDA) PARA EMBOÇO/MASSA ÚNICA/ASSENTAMENTO DE ALVENARIA DE VEDAÇÃO, PREPARO MANUAL. AF_08/2019 | F60: m³ | G60: 0.06 | H60: 638.68 | I60: =G60*H60 -> 38.3208
B61: 2 | C61: SINAPI | D61: 89993 | E61: GRAUTEAMENTO VERTICAL EM ALVENARIA ESTRUTURAL. AF_09/2021 | F61: m³ | G61: 0.01634 | H61: 994.12 | I61: =G61*H61 -> 16.243921
B62: 3 | C62: ORSE | D62: 140 | E62: Aço CA - 50 Ø 6,3 a 12,5mm, inclusive corte, dobragem, montagem e colocacao de ferragens nas formas, para superestruturas e fundações-REV.01 (10/2021) | F62: Kg | G62: 5.4 | H62: 12.82 | I62: =G62*H62 -> 69.228
B63: 4 | C63: SINAPI | D63: 94971 | E63: CONCRETO FCK = 25MPA, TRAÇO 1:2,3:2,7 (EM MASSA SECA DE CIMENTO/ AREIA MÉDIA/ BRITA 1) - PREPARO MECÂNICO COM BETONEIRA 600 L. AF_05/2021 | F63: m³ | G63: 0.19 | H63: 491.59 | I63: =G63*H63 -> 93.4021
B64: 5 | C64: ORSE | D64: 86 | E64: Forma plana para fundações, em compensado plastificado 12mm, 05 usos | F64: m² | G64: 2.59 | H64: 83.67 | I64: =G64*H64 -> 216.7053
B65: 6 | C65: SINAPI | D65: 103320 | E65: ALVENARIA DE VEDAÇÃO DE BLOCOS VAZADOS DE CONCRETO DE 19X19X39 CM (ESPESSURA 19 CM) E ARGAMASSA DE ASSENTAMENTO COM PREPARO EM BETONEIRA. AF_12/2021 | F65: m² | G65: 3.9 | H65: 108.98 | I65: =G65*H65 -> 425.022
B66: 7 | C66: SINAPI | D66: 88316 | E66: SERVENTE COM ENCARGOS COMPLEMENTARES | F66: h | G66: 0.1 | H66: 19.72 | I66: =G66*H66 -> 1.972
B67: 8 | C67: SINAPI | D67: 88309 | E67: PEDREIRO COM ENCARGOS COMPLEMENTARES | F67: h | G67: 0.1 | H67: 24.41 | I67: =G67*H67 -> 2.441
B68: 9 | C68: SINAPI | D68: 101010 | E68: CARGA, MANOBRA E DESCARGA DE MATERIAIS DIVERSOS EM CAMINHÃO CARROCERIA COM GUINDAUTO (MUNCK) 11,7 TM. AF_07/2020 | F68: t | G68: 0.104 | H68: 26.64 | I68: =G68*H68 -> 2.77056
A70: ='PLANILHA ORÇAMENTARIA'!A46 -> 4.3.14 | B70: =VLOOKUP(A70,'PLANILHA ORÇAMENTARIA'!A:J,2,FALSE) -> CP--09 | C70: =VLOOKUP(A70,'PLANILHA ORÇAMENTARIA'!A:J,4,FALSE) -> Fornecimento e assentamento de tampão de ferro fundido TDA-600mm, 300kg/cm², para poço de visita e caixas de passagem | F70: UNID | G70: =VLOOKUP(A70,'PLANILHA ORÇAMENTARIA'!A:J,5,FALSE) -> un | I70: =SUM(I72:I76) -> 839.83177
B71: ITEM | C71: BANCO | D71: CÓDIGO | E71: DESCRIÇÃO DOS SERVIÇOS | F71: UNID | G71: QUANT. | H71: Preços Unit. sem BDI (R$) | I71: Valor (R$)
B72: 1 | C72: SINAPI | D72: 21090 | E72: Tampao fofo simples com base, classe d400 carga max 40 t, redondo, tampa 600 mm, rede pluvial/esgoto (com inscricao em relevo do tipo de rede) | F72: UN | G72: 1 | H72: 792.78 | I72: =G72*H72 -> 792.78 | J72: 648.77 | K72: 6240 ORSE/SINAPI
B73: 2 | C73: SINAPI | D73: 88316 | E73: SERVENTE COM ENCARGOS COMPLEMENTARES | F73: h | G73: 0.5 | H73: 19.72 | I73: =G73*H73 -> 9.86
B74: 3 | C74: SINAPI | D74: 88309 | E74: PEDREIRO COM ENCARGOS COMPLEMENTARES | F74: h | G74: 0.5 | H74: 24.41 | I74: =G74*H74 -> 12.205
B75: 4 | C75: SINAPI | D75: 101159 | E75: ALVENARIA EM TIJOLO CERAMICO MACICO 5X10X20CM 1/2 VEZ (ESPESSURA 10CM), ASSENTADO COM ARGAMASSA TRACO 1:2:8 (CIMENTO, CAL E AREIA) | F75: m³ | G75: 0.189 | H75: 129.52 | I75: =G75*H75 -> 24.47928
B76: 5 | C76: SINAPI | D76: 87296 | E76: ARGAMASSA TRAÇO 1:3:12 (EM VOLUNE DE CIMENTO, CAL E AREIA MÉDIA ÚMIDA) PARA EMBOÇO/MASSA ÚNICA/ASSENTAMENTO DE ALVENARIA DE VEDAÇÃO, PREPARO MECÂNICO COM BETONEIRA 600 L. AF_08/2019 | F76: m² | G76: 0.001 | H76: 507.49 | I76: =G76*H76 -> 0.50749
A78: ='PLANILHA ORÇAMENTARIA'!A47 -> 4.3.15 | B78: =VLOOKUP(A78,'PLANILHA ORÇAMENTARIA'!A:J,2,FALSE) -> CP-10 | C78: =VLOOKUP(A78,'PLANILHA ORÇAMENTARIA'!A:J,4,FALSE) -> CARGA E DESCARGA MECANIZADAS DE ENTULHO EM CAMINHÃO BASCULANTE 6 M³ (BOTA FORA) | F78: UNID | G78: =VLOOKUP(A78,'PLANILHA ORÇAMENTARIA'!A:J,5,FALSE) -> m³ | I78: =SUM(I80:I82) -> 4.62855
B79: ITEM | C79: BANCO | D79: CÓDIGO | E79: DESCRIÇÃO DOS SERVIÇOS | F79: UNID | G79: QUANT. | H79: Preços Unit. sem BDI (R$) | I79: Valor (R$)
B80: 1 | C80: SINAPI | D80: 5811 | E80: CAMINHÃO BASCULANTE 6 M3, PESO BRUTO TOTAL 16.000 KG, CARGA ÚTIL MÁXIMA 13.071 KG, DISTÂNCIA ENTRE EIXOS 4,80 M, POTÊNCIA 230 CV INCLUSIVE CAÇAMBA METÁLICA - CHP DIURNO. AF_06/2014 | F80: chp | G80: 0.007 | H80: 200.01 | I80: =G80*H80 -> 1.40007
B81: 2 | C81: SINAPI | D81: 5940 | E81: PÁ CARREGADEIRA SOBRE RODAS, POTÊNCIA LÍQUIDA 128 HP, CAPACIDADE DA CAÇAMBA 1,7 A 2,8 M3, PESO OPERACIONAL 11632 KG - CHP DIURNO. AF_06/2014 | F81: CHP | G81: 0.018 | H81: 159.64 | I81: =G81*H81 -> 2.87352
B82: 3 | C82: SINAPI | D82: 88316 | E82: SERVENTE COM ENCARGOS COMPLEMENTARES | F82: h | G82: 0.018 | H82: 19.72 | I82: =G82*H82 -> 0.35496
A84: ='PLANILHA ORÇAMENTARIA'!A56 -> 5.1.1 | B84: =VLOOKUP(A84,'PLANILHA ORÇAMENTARIA'!A:J,2,FALSE) -> CP-11 | C84: =VLOOKUP(A84,'PLANILHA ORÇAMENTARIA'!A:J,4,FALSE) -> EXECUÇÃO DE IMPRIMAÇÃO COM ASFALTO DILUÍDO CM-30. AF_09/2017 | F84: UNID | G84: =VLOOKUP(A84,'PLANILHA ORÇAMENTARIA'!A:J,5,FALSE) -> m² | I84: =SUM(I86:I93) -> 6.534996
B85: ITEM | C85: BANCO | D85: CÓDIGO | E85: DESCRIÇÃO DOS SERVIÇOS | F85: UNID | G85: QUANT. | H85: Preços Unit. sem BDI (R$) | I85: Valor (R$)
B86: 1 | C86: SINAPI | D86: 5839 | E86: VASSOURA MECÂNICA REBOCÁVEL COM ESCOVA CILÍNDRICA, LARGURA ÚTIL DE VARRIMENTO DE 2,44 M - CHP DIURNO. AF_06/2014 | F86: CHP | G86: 0.002 | H86: 9.33 | I86: =G86*H86 -> 0.01866
B87: 2 | C87: SINAPI | D87: 83362 | E87: ESPARGIDOR DE ASFALTO PRESSURIZADO, TANQUE 6 M3 COM ISOLAÇÃO TÉRMICA, AQUECIDO COM 2 MAÇARICOS, COM BARRA ESPARGIDORA 3,60 M, MONTADO SOBRE CAMINHÃO TOCO, PBT 14.300 KG, POTÊNCIA 185 CV - CHP DIURNO. AF_08/2015 | F87: CHP | G87: 0.001 | H87: 264.33 | I87: =G87*H87 -> 0.26433
B88: 3 | C88: SINAPI | D88: 88316 | E88: SERVENTE COM ENCARGOS COMPLEMENTARES | F88: h | G88: 0.0058 | H88: 19.72 | I88: =G88*H88 -> 0.114376
B89: 4 | C89: SINAPI | D89: 89035 | E89: TRATOR DE PNEUS, POTÊNCIA 85 CV, TRAÇÃO 4X4, PESO COM LASTRO DE 4.675 KG - CHP DIURNO. AF_06/2014 | F89: CHP | G89: 0.0017 | H89: 120.09 | I89: =G89*H89 -> 0.204153
B90: 5 | C90: SINAPI | D90: 89036 | E90: TRATOR DE PNEUS, POTÊNCIA 85 CV, TRAÇÃO 4X4, PESO COM LASTRO DE 4.675 KG - CHI DIURNO. AF_06/2014 | F90: CHI | G90: 0.0041 | H90: 38.82 | I90: =G90*H90 -> 0.159162
B91: 6 | C91: SINAPI | D91: 91486 | E91: ESPARGIDOR DE ASFALTO PRESSURIZADO, TANQUE 6 M3 COM ISOLAÇÃO TÉRMICA, AQUECIDO COM 2 MAÇARICOS, COM BARRA ESPARGIDORA 3,60 M, MONTADO SOBRE CAMINHÃO TOCO, PBT 14.300 KG, POTÊNCIA 185 CV - CHI DIURNO. AF_08/2015 | F91: CHI | G91: 0.0049 | H91: 67.15 | I91: =G91*H91 -> 0.329035
B92: 7 | C92: SINAPI | D92: 5841 | E92: VASSOURA MECÂNICA REBOCÁVEL COM ESCOVA CILÍNDRICA, LARGURA ÚTIL DE VARRIMENTO DE 2,44 M - CHI DIURNO. AF_06/2014 | F92: CHI | G92: 0.004 | H92: 4.69 | I92: =G92*H92 -> 0.01876
B93: 8 | C93: ANP | D93: PREÇO NE | E93: ASFALTO DILUIDO DE PETROLEO CM-30 | F93: Kg | G93: 1.2 | H93: ='COTAÇÃO - MAT. BET.'!C11 -> 4.5221 | I93: =G93*H93 -> 5.42652 | M93: =8.92*0.85 -> 7.582 | N93: Asfalto diluído de petróleo - adp - cm-30 (densidade = 0,85 Kg/l) ORSE 00227
A95: ='PLANILHA ORÇAMENTARIA'!A57 -> 5.1.2 | B95: =VLOOKUP(A95,'PLANILHA ORÇAMENTARIA'!A:J,2,FALSE) -> CP-12 | C95: =VLOOKUP(A95,'PLANILHA ORÇAMENTARIA'!A:J,4,FALSE) -> CONSTRUÇÃO DE PAVIMENTO COM APLICAÇÃO DE CONCRETO BETUMINOSO USINADO A QUENTE (CBUQ), CAMADA DE ROLAMENTO, COM ESPESSURA DE 3,0 CM - EXCLUSIVE TRANSPORTE. AF_03/2017 | F95: UNID | G95: =VLOOKUP(A95,'PLANILHA ORÇAMENTARIA'!A:J,5,FALSE) -> m³ | I95: =SUM(I97:I107) -> 1564.565
B96: ITEM | C96: BANCO | D96: CÓDIGO | E96: DESCRIÇÃO DOS SERVIÇOS | F96: UNID | G96: QUANT. | H96: Preços Unit. sem BDI (R$) | I96: Valor (R$)
B97: 1 | C97: SINAPI | D97: 1518 | E97: CONCRETO BETUNINOSO USINADO A QUENTE (CBUQ) PARA PAVIMENTACAO ASFALTICA, PADRAO DNIT, FAIXA C, COM CAP 50/70 - AQUISICAO POSTO USINA | F97: T | G97: 2.5548 | H97: 530 | I97: =G97*H97 -> 1354.044 | J97: 530 | K97: ORSE/SINAPI
B98: 2 | C98: SINAPI | D98: 5835 | E98: VIBROACABADORA DE ASFALTO SOBRE ESTEIRAS, LARGURA DE PAVIMENTAÇÃO 1,90 M A 5,30 M, POTÊNCIA 105 HP CAPACIDADE 450 T/H - CHP DIURNO. AF_11/2014 | F98: CHP | G98: 0.0773 | H98: 339.15 | I98: =G98*H98 -> 26.216295
B99: 3 | C99: SINAPI | D99: 5837 | E99: VIBROACABADORA DE ASFALTO SOBRE ESTEIRAS, LARGURA DE PAVIMENTAÇÃO 1,90 M A 5,30 M, POTÊNCIA 105 HP CAPACIDADE 450 T/H - CHI DIURNO. AF_11/2014 | F99: CHI | G99: 0.1581 | H99: 126.55 | I99: =G99*H99 -> 20.007555
B100: 4 | C100: SINAPI | D100: 88314 | E100: RASTELEIRO COM ENCARGOS COMPLEMENTARES | F100: H | G100: 1.88334 | H100: 22.93 | I100: =G100*H100 -> 43.184986
B101: 5 | C101: SINAPI | D101: 91386 | E101: CAMINHÃO BASCULANTE 10 M3, TRUCADO CABINE SIMPLES, PESO BRUTO TOTAL 23.000 KG, CARGA ÚTIL MÁXIMA 15.935 KG, DISTÂNCIA ENTRE EIXOS 4,80 M, POTÊNCIA 230 CV INCLUSIVE CAÇAMBA METÁLICA - CHP DIURNO. AF_06/2014 | F101: CHP | G101: 0.0773 | H101: 263.36 | I101: =G101*H101 -> 20.357728
B102: 6 | C102: SINAPI | D102: 95631 | E102: ROLO COMPACTADOR VIBRATORIO TANDEM, ACO LISO, POTENCIA 125 HP, PESO SEM/COM LASTRO 10,20/11,65 T, LARGURA DE TRABALHO 1,73 M - CHP DIURNO. AF_11/2016 | F102: CHP | G102: 0.1118 | H102: 230.54 | I102: =G102*H102 -> 25.774372
B103: 7 | C103: SINAPI | D103: 95632 | E103: ROLO COMPACTADOR VIBRATORIO TANDEM, ACO LISO, POTENCIA 125 HP, PESO SEM/COM LASTRO 10,20/11,65 T, LARGURA DE TRABALHO 1,73 M - CHI DIURNO. AF_11/2016 | F103: CHI | G103: 0.1236 | H103: 82.95 | I103: =G103*H103 -> 10.25262
B104: 8 | C104: SINAPI | D104: 96155 | E104: TRATOR DE PNEUS COM POTÊNCIA DE 85 CV, TRAÇÃO 4X4, COM VASSOURA MECÂNICA ACOPLADA - CHI DIURNO. AF_02/2017 | F104: CHI | G104: 0.1785 | H104: 43.29 | I104: =G104*H104 -> 7.727265
B105: 9 | C105: SINAPI | D105: 96157 | E105: TRATOR DE PNEUS COM POTÊNCIA DE 85 CV, TRAÇÃO 4X4, COM VASSOURA MECÂNICA ACOPLADA - CHP DIURNO. AF_03/2017 | F105: CHP | G105: 0.0569 | H105: 128.43 | I105: =G105*H105 -> 7.307667
B106: 10 | C106: SINAPI | D106: 96463 | E106: ROLO COMPACTADOR DE PNEUS, ESTATICO, PRESSAO VARIAVEL, POTENCIA 110 HP, PESO SEM/COM LASTRO 10,8/27 T, LARGURA DE ROLAGEM 2,30 M - CHP DIURNO. AF_06/2017 | F106: CHP | G106: 0.0582 | H106: 218.76 | I106: =G106*H106 -> 12.731832
B107: 11 | C107: SINAPI | D107: 96464 | E107: ROLO COMPACTADOR DE PNEUS, ESTATICO, PRESSAO VARIAVEL, POTENCIA 110 HP, PESO SEM/COM LASTRO 10,8/27 T, LARGURA DE ROLAGEM 2,30 M - CHI DIURNO. AF_06/2017 | F107: CHI | G107: 0.4126 | H107: 89.58 | I107: =G107*H107 -> 36.960708
A109: ='PLANILHA ORÇAMENTARIA'!A58 -> 5.1.3 | B109: =VLOOKUP(A109,'PLANILHA ORÇAMENTARIA'!A:J,2,FALSE) -> CP-13 | C109: =VLOOKUP(A109,'PLANILHA ORÇAMENTARIA'!A:J,4,FALSE) -> Carga, manobra e descarga de mistura betuminosa a quente em caminhão basculante de 6 m³ - carga em usina de asfalto 100/140 t/h e descarga em vibroacabadora | F109: UNID | G109: =VLOOKUP(A109,'PLANILHA ORÇAMENTARIA'!A:J,5,FALSE) -> t | I109: =SUM(I111:I112) -> 7.5817428
B110: ITEM | C110: BANCO | D110: CÓDIGO | E110: DESCRIÇÃO DOS SERVIÇOS | F110: UNID | G110: QUANT. | H110: Preços Unit. sem BDI (R$) | I110: Valor (R$)
B111: 1 | C111: SINAPI | D111: 91386 | E111: CAMINHÃO BASCULANTE 10 M3, TRUCADO CABINE SIMPLES, PESO BRUTO TOTAL 23.000 KG, CARGA ÚTIL MÁXIMA 15.935 KG, DISTÂNCIA ENTRE EIXOS 4,80 M, POTÊNCIA 230 CV INCLUSIVE CAÇAMBA METÁLICA - CHP DIURNO. AF_06/2014 | F111: CHP | G111: 0.0283 | H111: 263.36 | I111: =G111*H111 -> 7.453088
...

Sheet Mob e Desmob Equip
A1: PREFEITURA MUNICIPAL DE RIO LARGO - AL
A2: SECRETARIA MUNICIPAL DE INFRAESTRUTURA
A3: MACRODRENAGEM DO COMPLEXO BRASIL NOVO
A4: MOBILIZAÇÃO E DESMOBILIZAÇÃO - COMPOSIÇÕES DE CUSTO
A5: COMPOSIÇÃO 01 - MOBILIZAÇÃO DE EQUIPAMENTOS DE GRANDE PORTE - MACEIÓ / RIO LARGO
A6: SINAPI 09/2025 | B6: ITEM | C6: EQUIPAMENTOS - CAVALO MECÂNICO COM REBOQUE | D6: ORIGEM | E6: DESTINO | F6: DISTÂNCIA PAV.(DM) | G6: (V) N.Pav. (Km/h) | H6: IDA (K) | I6: QUANTIDADE (UND) | J6: FATORES DE UTILIZAÇÃO (FU) | K6: PREÇO TRANP. TERRESTRE (CH) | L6: PREÇO TOTAL (CMob)
A7: 89883 | B7: 1 | C7: Retroescavadeira de pneus - 58 kW | D7: MACEIO | E7: CANTEIRO | F7: 27.1 | G7: 50 | H7: 1 | I7: 1 | J7: 0.5 | K7: 359.08 | L7: =((F7*H7*J7)/G7)*K7*I7 -> 97.31068 | M7: 359.08
A8: 89883 | B8: 2 | C8: Rolo compactador pé de carneiro vibratório autopropelido de 11,6 t - 82 kW | D8: MACEIO | E8: CANTEIRO | F8: 27.3 | G8: ='[132]Tabelas Vol.09'!$K$5 -> 50 | H8: =H7 -> 1 | I8: 2 | J8: 0.5 | K8: 359.08 | L8: =((F8*H8*J8)/G8)*K8*I8 -> 196.05768 | M8: 359.08
A9: 89883 | B9: 3 | C9: Rolo compactador de pneus autopropelido de 27 t - 85 kW | D9: MACEIO | E9: CANTEIRO | F9: 27.3 | G9: ='[132]Tabelas Vol.09'!$K$5 -> 50 | H9: =H8 -> 1 | I9: 2 | J9: 1 | K9: 359.08 | L9: =((F9*H9*J9)/G9)*K9*I9 -> 392.11536 | M9: 359.08
A10: 89883 | B10: 4 | C10: Motoniveladora - 93 kW | D10: MACEIO | E10: CANTEIRO | F10: 27.3 | G10: ='[132]Tabelas Vol.09'!$K$5 -> 50 | H10: =H9 -> 1 | I10: 2 | J10: 1 | K10: 359.08 | L10: =((F10*H10*J10)/G10)*K10*I10 -> 392.11536 | M10: 359.08
A11: 89883 | B11: 5 | C11: Carregadeira de pneus com capacidade de 1,53 m³ - 106 kW | D11: MACEIO | E11: CANTEIRO | F11: 27.3 | G11: ='[132]Tabelas Vol.09'!$K$5 -> 50 | H11: =H10 -> 1 | I11: 1 | J11: 5 | K11: 359.08 | L11: =((F11*H11*J11)/G11)*K11*I11 -> 980.2884 | M11: 359.08
A12: 89883 | B12: 6 | C12: Escavadeira hidráulica de longo alcance sobre esteiras - 103 kW | D12: MACEIO | E12: CANTEIRO | F12: 27.3 | G12: ='[132]Tabelas Vol.09'!$K$5 -> 50 | H12: =H11 -> 1 | I12: 1 | J12: 1 | K12: 359.08 | L12: =((F12*H12*J12)/G12)*K12*I12 -> 196.05768 | M12: 359.08
A13: 89883 | B13: 7 | C13: Vibroacabadora de asfalto sobre esteiras - 82 kW | D13: MACEIO | E13: CANTEIRO | F13: 27.3 | G13: ='[132]Tabelas Vol.09'!$K$5 -> 50 | H13: =H12 -> 1 | I13: 2 | J13: 0.5 | K13: 359.08 | L13: =((F13*H13*J13)/G13)*K13*I13 -> 196.05768 | M13: 359.08
A14: 89882 | B14: 8 | C14: Cavalo mecânico sem reboque - 210 kW | D14: MACEIO | E14: CANTEIRO | F14: 27.3 | G14: ='[132]Tabelas Vol.09'!$K$5 -> 50 | H14: =H13 -> 1 | I14: 1 | J14: 1 | K14: 359.08 | L14: =((F14*H14*J14)/G14)*K14*I14 -> 196.05768 | M14: 359.08
K15: TOTAL MOBILIZAÇÃO DE EQUIPAMENTOS DE GRANDE PORTE | L15: =SUM(L7:L14) -> 2646.0605
A16: Observação: A metodologia aplicada para a mobilização e Desmobilização está seguindo as recomendações do Orgão federal DNIT, Por meio do seu Manual de Custos de Infraestrutura de Transportes, Volume 09 - Mobilização e Desmobilização
A18: MOBILIZAÇÃO DE EQUIPAMENTOS - MACEIÓ / RIO LARGO
A19: SINAPI 09/2025 | B19: ITEM | C19: EQUIPAMENTOS | D19: ORIGEM | E19: DESTINO | F19: DISTÂNCIA PAV.(DM) | G19: (V) N.Pav. (Km/h) | H19: IDA (K) | I19: QUANTIDADE | J19: FATORES DE UTILIZAÇÃO (FU) | K19: PREÇO UNIT.(CH) - SINAPI 53797 | L19: PREÇO TOTAL (CMob)
A20: 53797 | B20: 1 | C20: MÁQUINA PARA PINTURA : SHUL : MSV-15 NAP - COMPRES. DE AR | D20: MACEIO | E20: CANTEIRO | F20: 27.3 | G20: 50 | H20: ='[132]PLANILHA DE MOBILIZAÇÃO'!$G$11 -> 1 | I20: 1 | J20: 0.2 | K20: 114.28 | L20: =((F20*H20*J20)/G20)*K20*I20 -> 12.479376 | M20: 114.28
A21: 53797 | B21: 2 | C21: BETONEIRA : PENEDO : 320 L | D21: MACEIO | E21: CANTEIRO | F21: 27.3 | G21: ='[132]Tabelas Vol.09'!$K$5 -> 50 | H21: ='[132]PLANILHA DE MOBILIZAÇÃO'!$G$11 -> 1 | I21: 2 | J21: 0.2 | K21: 114.28 | L21: =((F21*H21*J21)/G21)*K21*I21 -> 24.958752 | M21: 114.28
A22: 53797 | B22: 3 | C22: BETONEIRA : PENEDO : 400 L | D22: MACEIO | E22: CANTEIRO | F22: 27.3 | G22: ='[132]Tabelas Vol.09'!$K$5 -> 50 | H22: ='[132]PLANILHA DE MOBILIZAÇÃO'!$G$11 -> 1 | I22: 2 | J22: 0.2 | K22: 114.28 | L22: =((F22*H22*J22)/G22)*K22*I22 -> 24.958752 | M22: 114.28
A23: 53797 | B23: 4 | C23: BETONEIRA : PENEDO : 600 L | D23: MACEIO | E23: CANTEIRO | F23: 27.3 | G23: ='[132]Tabelas Vol.09'!$K$5 -> 50 | H23: ='[132]PLANILHA DE MOBILIZAÇÃO'!$G$11 -> 1 | I23: 2 | J23: 0.2 | K23: 114.28 | L23: =((F23*H23*J23)/G23)*K23*I23 -> 24.958752 | M23: 114.28
A24: 53797 | B24: 5 | C24: TRANSPORTADOR MANUAL : LAGUNA CARRINHO DE MÃO 80 I | D24: MACEIO | E24: CANTEIRO | F24: 27.3 | G24: ='[132]Tabelas Vol.09'!$K$5 -> 50 | H24: ='[132]PLANILHA DE MOBILIZAÇÃO'!$G$11 -> 1 | I24: 10 | J24: 0.2 | K24: 114.28 | L24: =((F24*H24*J24)/G24)*K24*I24 -> 124.79376 | M24: 114.28
A25: 53797 | B25: 6 | C25: VIBRADOR DE CONCRETO : WACKER VIP45/MT2 - DE IMERSÃO | D25: MACEIO | E25: CANTEIRO | F25: 27.3 | G25: ='[132]Tabelas Vol.09'!$K$5 -> 50 | H25: ='[132]PLANILHA DE MOBILIZAÇÃO'!$G$11 -> 1 | I25: 6 | J25: 0.1 | K25: 114.28 | L25: =((F25*H25*J25)/G25)*K25*I25 -> 37.438128 | M25: 114.28
A26: 53797 | B26: 7 | C26: MÁQUINA DE BANCADA : COPERCORTE : SERRA CIRCULAR DE 12" | D26: MACEIO | E26: CANTEIRO | F26: 27.3 | G26: ='[132]Tabelas Vol.09'!$K$5 -> 50 | H26: ='[132]PLANILHA DE MOBILIZAÇÃO'!$G$11 -> 1 | I26: 6 | J26: 0.2 | K26: 114.28 | L26: =((F26*H26*J26)/G26)*K26*I26 -> 74.876256 | M26: 114.28
A27: 53797 | B27: 8 | C27: COMPACTADOR MANUAL : WACKER : ES600 - SOQUETE VIBRATÓRIO | D27: MACEIO | E27: CANTEIRO | F27: 27.3 | G27: ='[132]Tabelas Vol.09'!$K$5 -> 50 | H27: ='[132]PLANILHA DE MOBILIZAÇÃO'!$G$11 -> 1 | I27: 10 | J27: 0.1 | K27: 114.28 | L27: =((F27*H27*J27)/G27)*K27*I27 -> 62.39688 | M27: 114.28
A28: 53797 | B28: 9 | C28: COMPACTADOR MANUAL : WACKER : VPY-1750 - PLACA VIBRATÓRIA | D28: MACEIO | E28: CANTEIRO | F28: 27.3 | G28: ='[132]Tabelas Vol.09'!$K$5 -> 50 | H28: ='[132]PLANILHA DE MOBILIZAÇÃO'!$G$11 -> 1 | I28: 10 | J28: 0.1 | K28: 114.28 | L28: =((F28*H28*J28)/G28)*K28*I28 -> 62.39688 | M28: 114.28
A29: TOTAL MOBILIZAÇÃO DE EQUIPAMENTOS DE PEQUENO PORTE - CONFORME A TABELA 02 DO VOLUME 09 OS EQUIPAMENTOS MENORES TRANSPORTADOS COM CAMINHÃO GUINDAUTO NO MANUAL CONSIDERA-SE 0,20 DE FATOR DE UTILIZAÇÃO, CONSIDERAMOS A MESMA SITUAÇÃO OU A MENOR PARA OS EQUIPAMENTOS DE PEQUENO PORTE | L29: =SUM(L20:L28) -> 449.25754
A30: MOBILIZAÇÃO DE EQUIPAMENTOS AUTOPROPELIDOS
A31: SINAPI 09/2025 | B31: CÓDIGO | C31: EQUIPAMENTOS | D31: ORIGEM | E31: DESTINO | F31: DISTÂNCIA PAV.(DM) | G31: (V) N.Pav. (Km/h) | H31: IDA (K) | I31: QUANTIDADE (UND) | J31: FATORES DE UTILIZAÇÃO (FU) | K31: PREÇO UNIT.(CH) | L31: PREÇO TOTAL (CMob)
A32: 7061 | B32: 1 | C32: Caminhão basculante com capacidade de 6 m³ - 136 kW | D32: MACEIO | E32: CANTEIRO | F32: 27.3 | G32: ='[132]Tabelas Vol.09'!$K$5 -> 50 | H32: ='[132]PLANILHA DE MOBILIZAÇÃO'!$G$11 -> 1 | I32: 5 | J32: 1 | K32: 79.94 | L32: =((F32*H32*J32)/G32)*K32*I32 -> 218.2362 | M32: 79.94
A33: 91384 | B33: 2 | C33: Caminhão basculante com capacidade de 10 m³ - 210 kW | D33: MACEIO | E33: CANTEIRO | F33: 27.3 | G33: ='[132]Tabelas Vol.09'!$K$5 -> 50 | H33: ='[132]PLANILHA DE MOBILIZAÇÃO'!$G$11 -> 1 | I33: 5 | J33: 1 | K33: 139.11 | L33: =((F33*H33*J33)/G33)*K33*I33 -> 379.7703 | M33: 139.11
A34: 5747 | B34: 3 | C34: Caminhão tanque com capacidade de 6.000 l - 136 kW | D34: MACEIO | E34: CANTEIRO | F34: 27.3 | G34: ='[132]Tabelas Vol.09'!$K$5 -> 50 | H34: ='[132]PLANILHA DE MOBILIZAÇÃO'!$G$11 -> 1 | I34: 2 | J34: 1 | K34: 155.14 | L34: =((F34*H34*J34)/G34)*K34*I34 -> 169.41288 | M34: 155.14
A35: 73340 | B35: 4 | C35: Caminhão carroceria com capacidade de 4 t - 115 kW | D35: MACEIO | E35: CANTEIRO | F35: 27.3 | G35: ='[132]Tabelas Vol.09'!$K$5 -> 50 | H35: ='[132]PLANILHA DE MOBILIZAÇÃO'!$G$11 -> 1 | I35: 2 | J35: 1 | K35: 151.85 | L35: =((F35*H35*J35)/G35)*K35*I35 -> 165.8202 | M35: 151.85
A36: 92137 | B36: 5 | C36: Veículo leve Pick Up 4 x 4 - 147 kW | D36: MACEIO | E36: CANTEIRO | F36: 27.3 | G36: ='[132]Tabelas Vol.09'!$K$5 -> 50 | H36: ='[132]PLANILHA DE MOBILIZAÇÃO'!$G$11 -> 1 | I36: 2 | J36: 1 | K36: 34.57 | L36: =((F36*H36*J36)/G36)*K36*I36 -> 37.75044 | M36: 34.57
A37: 73340 | B37: 6 | C37: Caminhão carroceria com guindauto e capacidade de 6 t - 136 kW | D37: MACEIO | E37: CANTEIRO | F37: 27.3 | G37: ='[132]Tabelas Vol.09'!$K$5 -> 50 | H37: ='[132]PLANILHA DE MOBILIZAÇÃO'!$G$11 -> 1 | I37: 2 | J37: 1 | K37: 151.85 | L37: =((F37*H37*J37)/G37)*K37*I37 -> 165.8202 | M37: 151.85
A38: 92241 | B38: 7 | C38: Caminhão tanque distribuidor de asfalto com capacidade de 6.000 l - 136 kW | D38: MACEIO | E38: CANTEIRO | F38: 27.3 | G38: ='[132]Tabelas Vol.09'!$K$5 -> 50 | H38: ='[132]PLANILHA DE MOBILIZAÇÃO'!$G$11 -> 1 | I38: 2 | J38: 1 | K38: 270.9 | L38: =((F38*H38*J38)/G38)*K38*I38 -> 295.8228 | M38: 270.9
K39: TOTAL MOBILIZAÇÃO DE EQUIPAMENTOS AUTOPROPELIDOS | L39: =SUM(L32:L38) -> 1432.633
K40: TOTAL MOBILIZAÇÃO DE EQUIPAMENTOS DE GRANDE PORTE | L40: =L15 -> 2646.0605
K41: TOTAL MOBILIZAÇÃO DE VEÍCULOS + EQUIPAMENTOS MÉDIO PORTE + MOBILIZAÇÃO DE EQUIPAMENTOS DE GRANDE PORTE | L41: =L40+L39+L29 -> 4527.9511
A42: Observação: A metodologia aplicada para a mobilização e Desmobilização está seguindo as recomendações do Orgão federal DNIT, Por meio do seu Manual de Custos de Infraestrutura de Transportes, Volume 09 - Mobilização e Desmobilização
A45: COMPOSIÇÃO 02 - DESMOBILIZAÇÃO DE EQUIPAMENTOS DE GRANDE PORTE - RIO LARGO / MACEIÓRIO LARGO
A46: SINAPI 09/2025 | B46: ITEM | C46: EQUIPAMENTOS - CAVALO MECÂNICO COM REBOQUE | D46: ORIGEM | E46: DESTINO | F46: DISTÂNCIA PAV.(DM) | G46: (V) N.Pav. (Km/h) | H46: IDA (K) | I46: QUANTIDADE (UND) | J46: FATORES DE UTILIZAÇÃO (FU) | K46: PREÇO TRANP. TERRESTRE (CH) | L46: PREÇO TOTAL (CMob)
A47: 89883 | B47: 1 | C47: Retroescavadeira de pneus - 58 kW | D47: CANTEIRO | E47: MACEIÓ | F47: 27.1 | G47: 50 | H47: 1 | I47: 1 | J47: 0.5 | K47: 359.08 | L47: =((F47*H47*J47)/G47)*K47*I47 -> 97.31068 | M47: 359.08
A48: 89883 | B48: 2 | C48: Rolo compactador pé de carneiro vibratório autopropelido de 11,6 t - 82 kW | D48: CANTEIRO | E48: MACEIÓ | F48: 27.3 | G48: ='[132]Tabelas Vol.09'!$K$5 -> 50 | H48: =H47 -> 1 | I48: 2 | J48: 0.5 | K48: 359.08 | L48: =((F48*H48*J48)/G48)*K48*I48 -> 196.05768 | M48: 359.08
A49: 89883 | B49: 3 | C49: Rolo compactador de pneus autopropelido de 27 t - 85 kW | D49: CANTEIRO | E49: MACEIÓ | F49: 27.3 | G49: ='[132]Tabelas Vol.09'!$K$5 -> 50 | H49: =H48 -> 1 | I49: 2 | J49: 1 | K49: 359.08 | L49: =((F49*H49*J49)/G49)*K49*I49 -> 392.11536 | M49: 359.08
A50: 89883 | B50: 4 | C50: Motoniveladora - 93 kW | D50: CANTEIRO | E50: MACEIÓ | F50: 27.3 | G50: ='[132]Tabelas Vol.09'!$K$5 -> 50 | H50: =H49 -> 1 | I50: 2 | J50: 1 | K50: 359.08 | L50: =((F50*H50*J50)/G50)*K50*I50 -> 392.11536 | M50: 359.08
A51: 89883 | B51: 5 | C51: Carregadeira de pneus com capacidade de 1,53 m³ - 106 kW | D51: CANTEIRO | E51: MACEIÓ | F51: 27.3 | G51: ='[132]Tabelas Vol.09'!$K$5 -> 50 | H51: =H50 -> 1 | I51: 1 | J51: 5 | K51: 359.08 | L51: =((F51*H51*J51)/G51)*K51*I51 -> 980.2884 | M51: 359.08
A52: 89883 | B52: 6 | C52: Escavadeira hidráulica de longo alcance sobre esteiras - 103 kW | D52: CANTEIRO | E52: MACEIÓ | F52: 27.3 | G52: ='[132]Tabelas Vol.09'!$K$5 -> 50 | H52: =H51 -> 1 | I52: 1 | J52: 1 | K52: 359.08 | L52: =((F52*H52*J52)/G52)*K52*I52 -> 196.05768 | M52: 359.08
A53: 89883 | B53: 7 | C53: Vibroacabadora de asfalto sobre esteiras - 82 kW | D53: CANTEIRO | E53: MACEIÓ | F53: 27.3 | G53: ='[132]Tabelas Vol.09'!$K$5 -> 50 | H53: =H52 -> 1 | I53: 2 | J53: 0.5 | K53: 359.08 | L53: =((F53*H53*J53)/G53)*K53*I53 -> 196.05768 | M53: 359.08
A54: 89882 | B54: 8 | C54: Cavalo mecânico sem reboque - 210 kW | D54: CANTEIRO | E54: MACEIÓ | F54: 27.3 | G54: ='[132]Tabelas Vol.09'!$K$5 -> 50 | H54: =H53 -> 1 | I54: 1 | J54: 1 | K54: 359.08 | L54: =((F54*H54*J54)/G54)*K54*I54 -> 196.05768 | M54: 359.08
K55: TOTAL MOBILIZAÇÃO DE EQUIPAMENTOS DE GRANDE PORTE | L55: =SUM(L47:L54) -> 2646.0605
A56: Observação: A metodologia aplicada para a mobilização e Desmobilização está seguindo as recomendações do Orgão federal DNIT, Por meio do seu Manual de Custos de Infraestrutura de Transportes, Volume 09 - Mobilização e Desmobilização
A58: DESMOBILIZAÇÃO DE EQUIPAMENTOS - RIO LARGO / MACEIÓ
A59: SINAPI 09/2025 | B59: ITEM | C59: EQUIPAMENTOS | D59: ORIGEM | E59: DESTINO | F59: DISTÂNCIA PAV.(DM) | G59: (V) N.Pav. (Km/h) | H59: IDA (K) | I59: QUANTIDADE | J59: FATORES DE UTILIZAÇÃO (FU) | K59: PREÇO UNIT.(CH) - SINAPI 53797 | L59: PREÇO TOTAL (CMob)
A60: 53797 | B60: 1 | C60: MÁQUINA PARA PINTURA : SHUL : MSV-15 NAP - COMPRES. DE AR | D60: CANTEIRO | E60: MACEIÓ | F60: 27.3 | G60: 50 | H60: ='[132]PLANILHA DE MOBILIZAÇÃO'!$G$11 -> 1 | I60: 1 | J60: 0.2 | K60: 114.28 | L60: =((F60*H60*J60)/G60)*K60*I60 -> 12.479376 | M60: 114.28
A61: 53797 | B61: 2 | C61: BETONEIRA : PENEDO : 320 L | D61: CANTEIRO | E61: MACEIÓ | F61: 27.3 | G61: ='[132]Tabelas Vol.09'!$K$5 -> 50 | H61: ='[132]PLANILHA DE MOBILIZAÇÃO'!$G$11 -> 1 | I61: 2 | J61: 0.2 | K61: 114.28 | L61: =((F61*H61*J61)/G61)*K61*I61 -> 24.958752 | M61: 114.28
A62: 53797 | B62: 3 | C62: BETONEIRA : PENEDO : 400 L | D62: CANTEIRO | E62: MACEIÓ | F62: 27.3 | G62: ='[132]Tabelas Vol.09'!$K$5 -> 50 | H62: ='[132]PLANILHA DE MOBILIZAÇÃO'!$G$11 -> 1 | I62: 2 | J62: 0.2 | K62: 114.28 | L62: =((F62*H62*J62)/G62)*K62*I62 -> 24.958752 | M62: 114.28
A63: 53797 | B63: 4 | C63: BETONEIRA : PENEDO : 600 L | D63: CANTEIRO | E63: MACEIÓ | F63: 27.3 | G63: ='[132]Tabelas Vol.09'!$K$5 -> 50 | H63: ='[132]PLANILHA DE MOBILIZAÇÃO'!$G$11 -> 1 | I63: 2 | J63: 0.2 | K63: 114.28 | L63: =((F63*H63*J63)/G63)*K63*I63 -> 24.958752 | M63: 114.28
A64: 53797 | B64: 5 | C64: TRANSPORTADOR MANUAL : LAGUNA CARRINHO DE MÃO 80 I | D64: CANTEIRO | E64: MACEIÓ | F64: 27.3 | G64: ='[132]Tabelas Vol.09'!$K$5 -> 50 | H64: ='[132]PLANILHA DE MOBILIZAÇÃO'!$G$11 -> 1 | I64: 10 | J64: 0.2 | K64: 114.28 | L64: =((F64*H64*J64)/G64)*K64*I64 -> 124.79376 | M64: 114.28
A65: 53797 | B65: 6 | C65: VIBRADOR DE CONCRETO : WACKER VIP45/MT2 - DE IMERSÃO | D65: CANTEIRO | E65: MACEIÓ | F65: 27.3 | G65: ='[132]Tabelas Vol.09'!$K$5 -> 50 | H65: ='[132]PLANILHA DE MOBILIZAÇÃO'!$G$11 -> 1 | I65: 6 | J65: 0.1 | K65: 114.28 | L65: =((F65*H65*J65)/G65)*K65*I65 -> 37.438128 | M65: 114.28
A66: 53797 | B66: 7 | C66: MÁQUINA DE BANCADA : COPERCORTE : SERRA CIRCULAR DE 12" | D66: CANTEIRO | E66: MACEIÓ | F66: 27.3 | G66: ='[132]Tabelas Vol.09'!$K$5 -> 50 | H66: ='[132]PLANILHA DE MOBILIZAÇÃO'!$G$11 -> 1 | I66: 6 | J66: 0.2 | K66: 114.28 | L66: =((F66*H66*J66)/G66)*K66*I66 -> 74.876256 | M66: 114.28
A67: 53797 | B67: 8 | C67: COMPACTADOR MANUAL : WACKER : ES600 - SOQUETE VIBRATÓRIO | D67: CANTEIRO | E67: MACEIÓ | F67: 27.3 | G67: ='[132]Tabelas Vol.09'!$K$5 -> 50 | H67: ='[132]PLANILHA DE MOBILIZAÇÃO'!$G$11 -> 1 | I67: 10 | J67: 0.1 | K67: 114.28 | L67: =((F67*H67*J67)/G67)*K67*I67 -> 62.39688 | M67: 114.28
A68: 53797 | B68: 9 | C68: COMPACTADOR MANUAL : WACKER : VPY-1750 - PLACA VIBRATÓRIA | D68: CANTEIRO | E68: MACEIÓ | F68: 27.3 | G68: ='[132]Tabelas Vol.09'!$K$5 -> 50 | H68: ='[132]PLANILHA DE MOBILIZAÇÃO'!$G$11 -> 1 | I68: 10 | J68: 0.1 | K68: 114.28 | L68: =((F68*H68*J68)/G68)*K68*I68 -> 62.39688 | M68: 114.28
A69: TOTAL DESMOBILIZAÇÃO DE EQUIPAMENTOS DE PEQUENO PORTE - CONFORME A TABELA 02 DO VOLUME 09 OS EQUIPAMENTOS MENORES TRANSPORTADOS COM CAMINHÃO GUINDAUTO NO MANUAL CONSIDERA-SE 0,20 DE FATOR DE UTILIZAÇÃO, CONSIDERAMOS A MESMA SITUAÇÃO OU A MENOR PARA OS EQUIPAMENTOS DE PEQUENO PORTE | L69: =SUM(L60:L68) -> 449.25754
A70: DESMOBILIZAÇÃO DE EQUIPAMENTOS AUTOPROPELIDOS
A71: SINAPI 09/2025 | B71: CÓDIGO | C71: EQUIPAMENTOS | D71: ORIGEM | E71: DESTINO | F71: DISTÂNCIA PAV.(DM) | G71: (V) N.Pav. (Km/h) | H71: IDA (K) | I71: QUANTIDADE (UND) | J71: FATORES DE UTILIZAÇÃO (FU) | K71: PREÇO UNIT.(CH) | L71: PREÇO TOTAL (CMob)
A72: 7061 | B72: 1 | C72: Caminhão basculante com capacidade de 6 m³ - 136 kW | D72: CANTEIRO | E72: MACEIÓ | F72: 27.3 | G72: ='[132]Tabelas Vol.09'!$K$5 -> 50 | H72: ='[132]PLANILHA DE MOBILIZAÇÃO'!$G$11 -> 1 | I72: 5 | J72: 1 | K72: 79.94 | L72: =((F72*H72*J72)/G72)*K72*I72 -> 218.2362 | M72: 79.94
A73: 91384 | B73: 2 | C73: Caminhão basculante com capacidade de 10 m³ - 210 kW | D73: CANTEIRO | E73: MACEIÓ | F73: 27.3 | G73: ='[132]Tabelas Vol.09'!$K$5 -> 50 | H73: ='[132]PLANILHA DE MOBILIZAÇÃO'!$G$11 -> 1 | I73: 5 | J73: 1 | K73: 139.11 | L73: =((F73*H73*J73)/G73)*K73*I73 -> 379.7703 | M73: 139.11
A74: 5747 | B74: 3 | C74: Caminhão tanque com capacidade de 6.000 l - 136 kW | D74: CANTEIRO | E74: MACEIÓ | F74: 27.3 | G74: ='[132]Tabelas Vol.09'!$K$5 -> 50 | H74: ='[132]PLANILHA DE MOBILIZAÇÃO'!$G$11 -> 1 | I74: 2 | J74: 1 | K74: 155.14 | L74: =((F74*H74*J74)/G74)*K74*I74 -> 169.41288 | M74: 155.14
A75: 73340 | B75: 4 | C75: Caminhão carroceria com capacidade de 4 t - 115 kW | D75: CANTEIRO | E75: MACEIÓ | F75: 27.3 | G75: ='[132]Tabelas Vol.09'!$K$5 -> 50 | H75: ='[132]PLANILHA DE MOBILIZAÇÃO'!$G$11 -> 1 | I75: 2 | J75: 1 | K75: 151.85 | L75: =((F75*H75*J75)/G75)*K75*I75 -> 165.8202 | M75: 151.85
A76: 92137 | B76: 5 | C76: Veículo leve Pick Up 4 x 4 - 147 kW | D76: CANTEIRO | E76: MACEIÓ | F76: 27.3 | G76: ='[132]Tabelas Vol.09'!$K$5 -> 50 | H76: ='[132]PLANILHA DE MOBILIZAÇÃO'!$G$11 -> 1 | I76: 2 | J76: 1 | K76: 34.57 | L76: =((F76*H76*J76)/G76)*K76*I76 -> 37.75044 | M76: 34.57
A77: 73340 | B77: 6 | C77: Caminhão carroceria com guindauto e capacidade de 6 t - 136 kW | D77: CANTEIRO | E77: MACEIÓ | F77: 27.3 | G77: ='[132]Tabelas Vol.09'!$K$5 -> 50 | H77: ='[132]PLANILHA DE MOBILIZAÇÃO'!$G$11 -> 1 | I77: 2 | J77: 1 | K77: 151.85 | L77: =((F77*H77*J77)/G77)*K77*I77 -> 165.8202 | M77: 151.85
A78: 92241 | B78: 7 | C78: Caminhão tanque distribuidor de asfalto com capacidade de 6.000 l - 136 kW | D78: CANTEIRO | E78: MACEIÓ | F78: 27.3 | G78: ='[132]Tabelas Vol.09'!$K$5 -> 50 | H78: ='[132]PLANILHA DE MOBILIZAÇÃO'!$G$11 -> 1 | I78: 2 | J78: 1 | K78: 270.9 | L78: =((F78*H78*J78)/G78)*K78*I78 -> 295.8228 | M78: 270.9
K79: TOTAL DESMOBILIZAÇÃO DE EQUIPAMENTOS AUTOPROPELIDOS | L79: =SUM(L72:L78) -> 1432.633
K80: TOTAL DESMOBILIZAÇÃO DE EQUIPAMENTOS DE GRANDE PORTE | L80: =L55 -> 2646.0605
K81: TOTAL DESMOBILIZAÇÃO DE VEÍCULOS + EQUIPAMENTOS MÉDIO PORTE + DESMOBILIZAÇÃO DE EQUIPAMENTOS DE GRANDE PORTE | L81: =L80+L79+L69 -> 4527.9511

Sheet BDI desonerado
B7: COMPOSIÇÃO O BDI - OBRAS E SERVIÇOS
B8: A - Lucro | C8: 0.068
B9: B - Administração Central | C9: 0.0401
B10: C - Despesas Financeiras | C10: 0.0111
B11: D - ISS | C11: 0.025
B12: E - COFINS | C12: 0.03
B13: F - PIS | C13: 0.0065
B14: G - Seguro + Garantia | C14: 0.0038
B15: H- Risco | C15: 0.0056
B16: I- CPRB | C16: 0.045
B17: Itens e fórmulas extrídos do Acordão 2.622/2013 - TCU
B18: BDI = (((1 + B + G + H) x (1 + C) x (1 + A)) - 1) x 100
B19: (1 - D - E - F - I)
B20: =(((((1+C9+C14+C15)*(1+C10)*(1+C8))/100)/(1-C11-C12-C13-C16))*100)-1 -> 0.26839128
B21: ="BDI = "&ROUND(B20*100,2)&"% (β)" -> BDI = 26,84% (β)

Sheet COTAÇÃO - MAT. BET.
A1: PREFEITURA MUNICIPAL DE RIO LARGO - AL
A2: SECRETARIA MUNICIPAL DE INFRAESTRUTURA
A3: MACRODRENAGEM DO COMPLEXO BRASIL NOVO
A4: COTAÇÃO MATERIAL BETUMINOSO
A6: Agência Nacional do Petróleo, Gás Natural e Biocombustíveis
A7: Superintendência de Defesa da Concorrência, Estudos e Regulação Econômica
A8: PREÇO MÉDIO MENSAL PONDERADO PRATICADO PELOS DISTRIBUIDORES DE PRODUTOS ASFÁLTICOS (R$/KG) - REGIÃO NORDETE
A10: Produto | B10: Mês | C10: Nordeste(R$/Kg) | D10: Tonelada | E10: ICMS 18% | F10: R$ FINAL
A11: ASFALTOS DILUÍDOS CM-30 | B11: 45870 | C11: =C31 -> 4.5221 | D11: =C11*1000 -> 4522.1 | E11: =F11*0.18 -> 992.6561 | F11: =D11/(1-0.18) -> 5514.7561
A12: EMULSÕES ASFÁLTICAS RR-1C | B12: 45870 | C12: =C32 -> 3.09629 | D12: =C12*1000 -> 3096.29 | E12: =F12*0.18 -> 679.67341 | F12: =D12/(1-0.18) -> 3775.9634
A13: CIMENTOS ASFÁLTICOS CAP-50-70 | B13: 45870 | C13: =C33 -> 3.48313 | D13: =C13*1000 -> 3483.13 | E13: =F13*0.18 -> 764.58951 | F13: =D13/(1-0.18) -> 4247.7195
A30: Produto | B30: Mês | C30: Nordeste
A31: ASFALTOS DILUÍDOS CM-30 | B31: 45870 | C31: 4.5221
A32: EMULSÕES ASFÁLTICAS RR-1C | B32: 45870 | C32: 3.09629
A33: CIMENTOS ASFÁLTICOS CAP-50-70 | B33: 45870 | C33: 3.48313

Sheet CÁLC TRANSP BETUMINOSO
B5: TARIFA DE TRANSPORTE DE MATERIAL BETUMINOSO
B6: Conforme I.S. nº 02 de 18/01/2011, publicada D.O.U. de 20/01/2011
B7: Frete Material Betuminoso (Y):
E8: Y = (b + a.D) / t
B10: Equação tarifária para custo transporte de material betuminoso, referente ao mês base julho de 2014:
E12: Y = | F12: 26.939 | G12: + | H12: 0.253 | I12: D
B14: Onde D representa a distância de transporte definida para a obra e o custo do transporte em tonelada
B16: Determinação do coeficiente de reajustamento:
B17: Índice de Pavimentação - Jul/2014* | F17: 270.237
B18: Índice de Pavimentação - Set/2025* | F18: 589.91
B19: Coeficiente de atualização: | F19: =F18/F17 -> 2.1829357
B21: Reajustamento para o mês de setembro/2024
D23: =F12 -> 26.939 | F23: =F19 -> 2.1829357 | H23: =D23*F23 -> 58.806105 | J23: Atualização do coeficiente b
D24: =H12 -> 0.253 | E24: x | F24: =F19 -> 2.1829357 | H24: =ROUND(D24*F24,3) -> 0.552 | J24: Atualização do coeficiente a
B25: Fórmula atualizada:
E27: Y = | F27: =H23 -> 58.806105 | G27: + | H27: =H24 &" D" -> 0,552 D
B29: Distância estimada origem/usina (km): | F29: 570
B30: Valor do ICMS na origem: | F30: 0.17
B31: Custo de transporte = custo direto do transporte / (1 - ICMS/100)
B33: Valor para outubro/2019 | E33: Y = | F33: =F27 -> 58.806105 | G33: + | H33: =H24 -> 0.552 | I33: x | J33: =F29 -> 570 | K33: = | L33: =F33+(H33*J33) -> 373.44611
F34: 1 | G34: - | H34: ( 17 | I34: / | J34: 100 ) | L34: =1-(17/100) -> 0.83
E36: Y = | F36: =L33/L34 -> 449.93507 | G36: t
B38: * Fonte de índices de pavimentação:
B39: < www.dnit.gov.br/custos-e-pagamentos/indices-de-reajustamentos-de-obras/indices-de-reajustamentos-de-obras-rodoviario>
